Workbook

Sheet Смета по ФСНБ 421+557прРИМ
A1: Наименование редакции сметных нормативов | F1: =IF(Source!CQ12 <> "", Source!CQ12, "") -> Приказ Минстроя России от 30.12.2021 г. № 1046/пр; Приказ Минстроя России от 04.08.2020 г. № 421/пр; Приказ Минстроя России от 21.12.2020 г. № 812/пр; Приказ Минстроя России от 11.12.2020 г. № 774/пр | CO1: =IF(Source!CQ12 <> "", Source!CQ12, "") -> Приказ Минстроя России от 30.12.2021 г. № 1046/пр; Приказ Минстроя России от 04.08.2020 г. № 421/пр; Приказ Минстроя России от 21.12.2020 г. № 812/пр; Приказ Минстроя России от 11.12.2020 г. № 774/пр
A3: Реквизиты приказа Минстроя России об утверждении дополнений и изменений к сметным нормативам | F3: =IF(Source!CV12 <> "", Source!CV12, "") -> Приказ Минстроя России от 18.05.2022 г. № 378/пр; Приказ Минстроя России от 26.08.2022 г. № 703/пр; Приказ Минстроя России от 26.10.2022 г. № 905/пр; Приказ Минстроя России от 27.12.2022 г. № 1133/пр; Приказ Минстроя России от 10.02.2023 г. № 84/пр; Приказ Минстроя России от 11.05.2023 г. № 335/пр; Приказ Минстроя России от 02.08.2023 г. № 551/пр; Приказ Минстроя России от 14.11.2023 г. № 817/пр; Приказ Минстроя России от 16.02.2024 г. № 102/пр; Приказ Минстроя России от 13.05.2024 г. № 323/пр; Приказ Минстроя России от 09.08.2024 г. № 524/пр; Приказ Минстроя России от 07.11.2024 г. № 747/пр; Приказ Минстроя России от 07.02.2025 г. № 69/пр; Приказ Минстроя России от 19.05.2025 г. № 299/пр; Приказ Минстроя России от 14.08.2025 г. № 490/пр; Приказ Минстроя России от 12.11.2025 г. № 696/пр; Приказ Минстроя России от 17.02.2026 г. № 91/пр; Приказ Минстроя России от 15.05.2026 г. № 301/пр; Приказ Минстроя России от 12.08.2026 г. № 527/пр; Приказ Минстроя России от 07.07.2022 г. № 557/пр; Приказ Минстроя России от 30.01.2024 г. № 55/пр; Приказ Минстроя России от 23.01.2025 г. № 30/пр; Приказ Минстроя России от 02.09.2021 г. № 636/пр; Приказ Минстроя России от 26.07.2022 г. № 611/пр; Приказ Минстроя России от 22.04.2022 г. № 317/пр | CO3: =IF(Source!CV12 <> "", Source!CV12, "") -> Приказ Минстроя России от 18.05.2022 г. № 378/пр; Приказ Минстроя России от 26.08.2022 г. № 703/пр; Приказ Минстроя России от 26.10.2022 г. № 905/пр; Приказ Минстроя России от 27.12.2022 г. № 1133/пр; Приказ Минстроя России от 10.02.2023 г. № 84/пр; Приказ Минстроя России от 11.05.2023 г. № 335/пр; Приказ Минстроя России от 02.08.2023 г. № 551/пр; Приказ Минстроя России от 14.11.2023 г. № 817/пр; Приказ Минстроя России от 16.02.2024 г. № 102/пр; Приказ Минстроя России от 13.05.2024 г. № 323/пр; Приказ Минстроя России от 09.08.2024 г. № 524/пр; Приказ Минстроя России от 07.11.2024 г. № 747/пр; Приказ Минстроя России от 07.02.2025 г. № 69/пр; Приказ Минстроя России от 19.05.2025 г. № 299/пр; Приказ Минстроя России от 14.08.2025 г. № 490/пр; Приказ Минстроя России от 12.11.2025 г. № 696/пр; Приказ Минстроя России от 17.02.2026 г. № 91/пр; Приказ Минстроя России от 15.05.2026 г. № 301/пр; Приказ Минстроя России от 12.08.2026 г. № 527/пр; Приказ Минстроя России от 07.07.2022 г. № 557/пр; Приказ Минстроя России от 30.01.2024 г. № 55/пр; Приказ Минстроя России от 23.01.2025 г. № 30/пр; Приказ Минстроя России от 02.09.2021 г. № 636/пр; Приказ Минстроя России от 26.07.2022 г. № 611/пр; Приказ Минстроя России от 22.04.2022 г. № 317/пр
A5: Реквизиты письма Минстроя России об индексах изменения сметной стоимости строительства, включаемые в федеральный реестр сметных нормативов и размещаемые в федеральной государственной информационной системе ценообразования в строительстве, подготовленного в соответствии с пунктом 85 Методики расчета индексов изменения сметной стоимости строительства, утвержденной приказом Министерства строительства и жилищно-коммунального хозяйства Российской Федерации от 5 июня 2019 г. N 326/пр | F5: Письмо Минстроя России от 24.08.2026 № 52419-ИФ/09
A7: Реквизиты нормативного правового акта об утверждении оплаты труда, утверждаемый в соответствии с пунктом 22(1) Правилами мониторинга цен, утвержденными постановлением Правительства Российской Федерации от 23 декабря 2016 г. N 1452 | F7: Приказ Министерства градостроительства и архитектуры Пензенской области от 06.03.2026 г. № 250/оп
A9: Обоснование принятых текущих цен на строительные ресурсы | F9: ФГИС ЦС, конъюнктурный анализ
A11: Наименование субъекта Российской Федерации | F11: Пензенская область
A12: Наименование зоны субъекта Российской Федерации | F12: Пензенская область
A14: Газопровод низкого давления к нежилому помещению,расположенному по адресу: Пензенская область,г.Кузнецк,ул.Кирова,155А/1
A15: (наименование стройки)
A17: =IF(Source!G12<>"Новый объект", Source!G12, "") -> Газопровод низкого давления к нежилому помещению,расположенному по адресу: Пензенская область,г.Кузнецк,ул.Кирова,155А/1 | CN17: =IF(Source!G12<>"Новый объект", Source!G12, "") -> Газопровод низкого давления к нежилому помещению,расположенному по адресу: Пензенская область,г.Кузнецк,ул.Кирова,155А/1
A18: (наименование объекта капитального строительства)
A20: ЛОКАЛЬНАЯ СМЕТА № ЛС-01-01-01
A21: =IF(Source!G20<>"Новая локальная смета", Source!G20, "") -> Газопровод низкого давления
A22: (наименование работ и затрат)
A23: Составлен | C23: Ресурсно-индексным | D23: методом
A25: Основание | C25: проект шифр 2139-26-П-ГСН.С
C26: (проектная и (или) иная техническая документация)
A27: Составлен(а) в текущем уровне цен на сентябрь 2026 года
A28: Сметная стоимость | C28: =C31+C32+C33+C34 -> 328.52 | E28: тыс. руб.
G29: Средства на оплату труда рабочих | K29: =ROUND(SUM(AR41:AR987)/1000, 2) -> 55.94 | L29: тыс. руб.
B30: в том числе: | G30: Средства на оплату труда машинистов | K30: =ROUND(SUM(AT41:AT987)/1000, 2) -> 14.7 | L30: тыс. руб.
B31: строительных работ | C31: =ROUND((Source!F255)/1000, 2) -> 314.28 | E31: тыс. руб. | G31: Нормативные затраты труда рабочих | K31: =Source!F260 -> 150.46113 | L31: чел.-ч.
B32: монтажных работ | C32: =ROUND((Source!F256)/1000, 2) -> 14.24 | E32: тыс. руб. | G32: Нормативные затраты труда машинистов | K32: =Source!F261 -> 30.978374 | L32: чел.-ч.
B33: оборудования | C33: =ROUND((Source!F247)/1000, 2) -> 0 | E33: тыс. руб.
B34: прочих затрат | C34: =ROUND((Source!F257)/1000, 2) -> 0 | E34: тыс. руб.
A35: № п/п | B35: Обоснование | C35: Наименование работ и затрат | D35: Единица измерения | E35: Количество | H35: Сметная стоимость, руб.
E39: на единицу измерения | F39: коэффициенты | G39: всего с учетом коэффициентов | H39: на единицу измерения в базисном уровне цен | I39: индекс | J39: на единицу измерения в текущем уровне цен | K39: коэффициенты | L39: всего в текущем уровне цен
A40: 1 | B40: 2 | C40: 3 | D40: 4 | E40: 5 | F40: 6 | G40: 7 | H40: 8 | I40: 9 | J40: 10 | K40: 11 | L40: 12
A42: Раздел: Земляные работы
A43: 1 | B43: ГЭСН 01-01-009-14 | C43: =Source!G28 -> Разработка грунта в траншеях экскаватором «обратная лопата» с ковшом вместимостью 0,5 (0,5-0,63) м3, в отвал группа грунтов: 2 | D43: =Source!H28 -> 1000 м3 | E43: =Source!K28 -> 0.113 | G43: =Source!I28 -> 0.113
C44: ="Объем: "&Source!I28&"=113/"&"1000" -> Объем: 0,113=113/1000
B45: 2 | C45: ЭМ | L45: =SUM(L46:L48)-SUMIF(CE46:CE48, 1, L46:L48) -> 4130.57
C46: ОТм(ЗТм) | D46: чел.-ч. | G46: =Source!V28 -> 2.8815 | L46: =SUMIF(CE47:CE48, 1, L47:L48) -> 1549.21 | CE46: 1
B47: 91.01.05-085 | C47: Экскаваторы одноковшовые дизельные на гусеничном ходу, объем ковша 0,5 м3 | D47: маш.-ч | E47: 25.5 | G47: =SmtRes!CX2 -> 2.8815 | H47: =SmtRes!CZ2 -> 1054.03 | I47: =SmtRes!AJ2 -> 1.36 | J47: =ROUND(H47*I47, 2) -> 1433.48 | L47: =SmtRes!DG2 -> 4130.57
B48: 4-100-060 | C48: ОТм(ЗТм) Средний разряд машинистов 6 | D48: чел.-ч. | E48: =SmtRes!DO2*SmtRes!AT2 -> 25.5 | G48: =ROUND(E48*G43, 7) -> 2.8815 | J48: =ROUND(SmtRes!AG2/SmtRes!DO2, 2) -> 537.64 | L48: =SmtRes!DH2 -> 1549.21 | CE48: 1
C49: Итого прямые затраты | L49: =L45+L46 -> 5679.78
C50: ФОТ | L50: =SUM(AR43:AR53)+SUM(AS43:AS53)+SUM(AT43:AT53)+SUM(AU43:AU53)+SUM(AV43:AV53) -> 1549.21
B51: Пр/812-001.1-1 | C51: НР Земляные работы, выполняемые: механизированным способом | D51: % | E51: =Source!BZ28 -> 92 | G51: =Source!AT28 -> 92 | L51: =SUM(AZ43:AZ53) -> 1425.27
B52: Пр/774-001.1 | C52: СП Земляные работы, выполняемые: механизированным способом | D52: % | E52: =Source!CA28 -> 46 | G52: =Source!AU28 -> 46 | L52: =SUM(BA43:BA53) -> 712.64
C53: Всего по позиции | I53: =IF(E43<>0,K53/E43, 0) -> 69183.097 | K53: =L45+L51+L52+L46 -> 7817.69 | AD53: =ROUND((Source!AT28/100)*((ROUND(SUMIF(SmtRes!AQ1:'SmtRes'!AQ2,"=1",SmtRes!AD1:'SmtRes'!AD2)*Source!I28, 2)+ROUND(SUMIF(SmtRes!AQ1:'SmtRes'!AQ2,"=1",SmtRes!AC1:'SmtRes'!AC2)*Source!I28, 2))), 2) -> 55.89 | AE53: =ROUND((Source!AU28/100)*((ROUND(SUMIF(SmtRes!AQ1:'SmtRes'!AQ2,"=1",SmtRes!AD1:'SmtRes'!AD2)*Source!I28, 2)+ROUND(SUMIF(SmtRes!AQ1:'SmtRes'!AQ2,"=1",SmtRes!AC1:'SmtRes'!AC2)*Source!I28, 2))), 2) -> 27.95 | AN53: =L45+L51+L52+L46 -> 7817.69 | AO53: =L45 -> 4130.57 | AQ53: = | AR53: =0 -> 0 | AT53: =L46 -> 1549.21 | AV53: = | AW53: =0 -> 0 | AZ53: =Source!X28 -> 1425.27 | BA53: =Source!Y28 -> 712.64 | CD53: 1
A54: 2 | B54: ГЭСН 01-02-057-02 | C54: =Source!G29 -> Разработка грунта вручную в траншеях глубиной до 2 м без креплений с откосами, группа грунтов: 2 | D54: =Source!H29 -> 100 м3 | E54: =Source!K29 -> 0.27 | G54: =Source!I29 -> 0.27
C55: ="Объем: "&Source!I29&"=27/"&"100" -> Объем: 0,27=27/100
B56: 1 | C56: ОТ (ЗТ) | D56: чел.-ч. | G56: =Source!U29 -> 41.58 | L56: =SUM(L57:L57)-SUMIF(CE57:CE57, 1, L57:L57) -> 13537.2
B57: 1-100-20 | C57: Средний разряд работы 2,0 | D57: чел.-ч. | E57: 154 | G57: =SmtRes!CX3 -> 41.58 | J57: =SmtRes!CZ3 -> 325.57 | L57: =SmtRes!DI3 -> 13537.2
C58: Итого прямые затраты | L58: =L56 -> 13537.2
C59: ФОТ | L59: =SUM(AR54:AR62)+SUM(AS54:AS62)+SUM(AT54:AT62)+SUM(AU54:AU62)+SUM(AV54:AV62) -> 13537.2
B60: Пр/812-001.2-1 | C60: НР Земляные работы, выполняемые: ручным способом | D60: % | E60: =Source!BZ29 -> 89 | G60: =Source!AT29 -> 89 | L60: =SUM(AZ54:AZ62) -> 12048.11
B61: Пр/774-001.2 | C61: СП Земляные работы, выполняемые: ручным способом | D61: % | E61: =Source!CA29 -> 40 | G61: =Source!AU29 -> 40 | L61: =SUM(BA54:BA62) -> 5414.88
C62: Всего по позиции | I62: =IF(E54<>0,K62/E54, 0) -> 114815.52 | K62: =L56+L60+L61 -> 31000.19 | AD62: =ROUND((Source!AT29/100)*((ROUND(SUMIF(SmtRes!AQ3:'SmtRes'!AQ3,"=1",SmtRes!AD3:'SmtRes'!AD3)*Source!I29, 2)+ROUND(SUMIF(SmtRes!AQ3:'SmtRes'!AQ3,"=1",SmtRes!AC3:'SmtRes'!AC3)*Source!I29, 2))), 2) -> 78.23 | AE62: =ROUND((Source!AU29/100)*((ROUND(SUMIF(SmtRes!AQ3:'SmtRes'!AQ3,"=1",SmtRes!AD3:'SmtRes'!AD3)*Source!I29, 2)+ROUND(SUMIF(SmtRes!AQ3:'SmtRes'!AQ3,"=1",SmtRes!AC3:'SmtRes'!AC3)*Source!I29, 2))), 2) -> 35.16 | AN62: =L56+L60+L61 -> 31000.19 | AO62: =0 -> 0 | AQ62: = | AR62: =L56 -> 13537.2 | AT62: =0 -> 0 | AV62: = | AW62: =0 -> 0 | AZ62: =Source!X29 -> 12048.11 | BA62: =Source!Y29 -> 5414.88 | CD62: 1
A63: 3 | B63: ГЭСН 23-01-001-01 | C63: =Source!G30 -> Устройство основания под трубопроводы: песчаного | D63: =Source!H30 -> 10 м3 | E63: =Source!K30 -> 2.03 | G63: =Source!I30 -> 2.03
C64: ="Объем: "&Source!I30&"=20,3/"&"10" -> Объем: 2,03=20,3/10
B65: 1 | C65: ОТ (ЗТ) | D65: чел.-ч. | G65: =Source!U30 -> 20.706 | L65: =SUM(L66:L66)-SUMIF(CE66:CE66, 1, L66:L66) -> 7050.6
B66: 1-100-25 | C66: Средний разряд работы 2,5 | D66: чел.-ч. | E66: 10.2 | G66: =SmtRes!CX4 -> 20.706 | J66: =SmtRes!CZ4 -> 340.51 | L66: =SmtRes!DI4 -> 7050.6
B67: 2 | C67: ЭМ | L67: =SUM(L68:L70)-SUMIF(CE68:CE70, 1, L68:L70) -> 1092.51
C68: ОТм(ЗТм) | D68: чел.-ч. | G68: =Source!V30 -> 0.6496 | L68: =SUMIF(CE69:CE70, 1, L69:L70) -> 298.8 | CE68: 1
B69: 91.06.05-011 | C69: Погрузчики одноковшовые универсальные фронтальные пневмоколесные, номинальная вместимость основного ковша 2,6 м3, грузоподъемность 5 т | D69: маш.-ч | E69: 0.32 | G69: =SmtRes!CX6 -> 0.6496 | J69: =SmtRes!CZ6 -> 1681.82 | L69: =SmtRes!DG6 -> 1092.51
B70: 4-100-050 | C70: ОТм(ЗТм) Средний разряд машинистов 5 | D70: чел.-ч. | E70: =SmtRes!DO6*SmtRes!AT6 -> 0.32 | G70: =ROUND(E70*G63, 7) -> 0.6496 | J70: =ROUND(SmtRes!AG6/SmtRes!DO6, 2) -> 459.98 | L70: =SmtRes!DH6 -> 298.8 | CE70: 1
C72: Итого прямые затраты | L72: =L65+L67+L68 -> 8441.91
C73: ФОТ | L73: =SUM(AR63:AR76)+SUM(AS63:AS76)+SUM(AT63:AT76)+SUM(AU63:AU76)+SUM(AV63:AV76) -> 7349.4
B74: Пр/812-018.0-1 | C74: НР Наружные сети водопровода, канализации, теплоснабжения, газопроводы | D74: % | E74: =Source!BZ30 -> 117 | G74: =Source!AT30 -> 117 | L74: =SUM(AZ63:AZ76) -> 8598.8
B75: Пр/774-018.0 | C75: СП Наружные сети водопровода, канализации, теплоснабжения, газопроводы | D75: % | E75: =Source!CA30 -> 74 | G75: =Source!AU30 -> 74 | L75: =SUM(BA63:BA76) -> 5438.56
C76: Всего по позиции | I76: =IF(E63<>0,K76/E63, 0) -> 11073.532 | K76: =L65+L67+L74+L75+L68 -> 22479.27 | AD76: =ROUND((Source!AT30/100)*((ROUND(SUMIF(SmtRes!AQ4:'SmtRes'!AQ6,"=1",SmtRes!AD4:'SmtRes'!AD6)*Source!I30, 2)+ROUND(SUMIF(SmtRes!AQ4:'SmtRes'!AQ6,"=1",SmtRes!AC4:'SmtRes'!AC6)*Source!I30, 2))), 2) -> 1901.25 | AE76: =ROUND((Source!AU30/100)*((ROUND(SUMIF(SmtRes!AQ4:'SmtRes'!AQ6,"=1",SmtRes!AD4:'SmtRes'!AD6)*Source!I30, 2)+ROUND(SUMIF(SmtRes!AQ4:'SmtRes'!AQ6,"=1",SmtRes!AC4:'SmtRes'!AC6)*Source!I30, 2))), 2) -> 1202.5 | AN76: =L65+L67+L74+L75+L68 -> 22479.27 | AO76: =L67 -> 1092.51 | AQ76: = | AR76: =L65 -> 7050.6 | AT76: =L68 -> 298.8 | AV76: = | AW76: =0 -> 0 | AZ76: =Source!X30 -> 8598.8 | BA76: =Source!Y30 -> 5438.56 | CD76: 1
A77: 4 | B77: =Source!F31 -> 02.1.01.02-0003 | C77: =Source!G31 -> Грунт песчаный (пескогрунт) | D77: =Source!H31 -> м3 | E77: =Source!K31 -> 20.3 | G77: =Source!I31 -> 20.3 | H77: =Source!AL31 -> 514.19 | I77: =IF(Source!BC31<> 0, Source!BC31, 1) -> 1.06 | J77: =ROUND(H77*I77, 2) -> 545.04 | L77: =Source!P31 -> 11064.31
C78: Всего по позиции | I78: =IF(E77<>0,K78/E77, 0) -> 545.0399 | K78: =L77 -> 11064.31 | AD78: =ROUND((Source!AT31/100)*((ROUND(ROUND(Source!AO31,2)*Source!I31, 2)+ROUND(ROUND(Source!AN31,2)*Source!I31, 2))), 2) -> 0 | AE78: =ROUND((Source!AU31/100)*((ROUND(ROUND(Source!AO31,2)*Source!I31, 2)+ROUND(ROUND(Source!AN31,2)*Source!I31, 2))), 2) -> 0 | AN78: =L77 -> 11064.31 | AO78: =0 -> 0 | AQ78: = | AR78: =0 -> 0 | AT78: =0 -> 0 | AV78: = | AW78: =L77 -> 11064.31 | AZ78: =Source!X31 -> 0 | BA78: =Source!Y31 -> 0 | CD78: 1
A79: 5 | B79: ГЭСН 01-01-033-02 | C79: =Source!G32 -> Засыпка траншей и котлованов с перемещением грунта до 5 м бульдозерами мощностью: 59 кВт (80 л.с.), группа грунтов 2 | D79: =Source!H32 -> 1000 м3 | E79: =Source!K32 -> 0.116 | G79: =Source!I32 -> 0.116
C80: ="Объем: "&Source!I32&"=116/"&"1000" -> Объем: 0,116=116/1000
B81: 2 | C81: ЭМ | L81: =SUM(L82:L84)-SUMIF(CE82:CE84, 1, L82:L84) -> 1091.76
C82: ОТм(ЗТм) | D82: чел.-ч. | G82: =Source!V32 -> 0.93496 | L82: =SUMIF(CE83:CE84, 1, L83:L84) -> 430.06 | CE82: 1
B83: 91.01.01-034 | C83: Бульдозеры, мощность 59 кВт (80 л.с.) | D83: маш.-ч | E83: 8.06 | G83: =SmtRes!CX8 -> 0.93496 | H83: =SmtRes!CZ8 -> 828.16 | I83: =SmtRes!AJ8 -> 1.41 | J83: =ROUND(H83*I83, 2) -> 1167.71 | L83: =SmtRes!DG8 -> 1091.76
B84: 4-100-050 | C84: ОТм(ЗТм) Средний разряд машинистов 5 | D84: чел.-ч. | E84: =SmtRes!DO8*SmtRes!AT8 -> 8.06 | G84: =ROUND(E84*G79, 7) -> 0.93496 | J84: =ROUND(SmtRes!AG8/SmtRes!DO8, 2) -> 459.98 | L84: =SmtRes!DH8 -> 430.06 | CE84: 1
C85: Итого прямые затраты | L85: =L81+L82 -> 1521.82
C86: ФОТ | L86: =SUM(AR79:AR89)+SUM(AS79:AS89)+SUM(AT79:AT89)+SUM(AU79:AU89)+SUM(AV79:AV89) -> 430.06
B87: Пр/812-001.1-1 | C87: НР Земляные работы, выполняемые: механизированным способом | D87: % | E87: =Source!BZ32 -> 92 | G87: =Source!AT32 -> 92 | L87: =SUM(AZ79:AZ89) -> 395.66
B88: Пр/774-001.1 | C88: СП Земляные работы, выполняемые: механизированным способом | D88: % | E88: =Source!CA32 -> 46 | G88: =Source!AU32 -> 46 | L88: =SUM(BA79:BA89) -> 197.83
C89: Всего по позиции | I89: =IF(E79<>0,K89/E79, 0) -> 18235.431 | K89: =L81+L87+L88+L82 -> 2115.31 | AD89: =ROUND((Source!AT32/100)*((ROUND(SUMIF(SmtRes!AQ7:'SmtRes'!AQ8,"=1",SmtRes!AD7:'SmtRes'!AD8)*Source!I32, 2)+ROUND(SUMIF(SmtRes!AQ7:'SmtRes'!AQ8,"=1",SmtRes!AC7:'SmtRes'!AC8)*Source!I32, 2))), 2) -> 49.09 | AE89: =ROUND((Source!AU32/100)*((ROUND(SUMIF(SmtRes!AQ7:'SmtRes'!AQ8,"=1",SmtRes!AD7:'SmtRes'!AD8)*Source!I32, 2)+ROUND(SUMIF(SmtRes!AQ7:'SmtRes'!AQ8,"=1",SmtRes!AC7:'SmtRes'!AC8)*Source!I32, 2))), 2) -> 24.55 | AN89: =L81+L87+L88+L82 -> 2115.31 | AO89: =L81 -> 1091.76 | AQ89: = | AR89: =0 -> 0 | AT89: =L82 -> 430.06 | AV89: = | AW89: =0 -> 0 | AZ89: =Source!X32 -> 395.66 | BA89: =Source!Y32 -> 197.83 | CD89: 1
A90: 6 | B90: ГЭСН 01-02-061-02 | C90: =Source!G33 -> Засыпка вручную траншей, пазух котлованов и ям, группа грунтов: 2 | D90: =Source!H33 -> 100 м3 | E90: =Source!K33 -> 0.1 | G90: =Source!I33 -> 0.1
C91: ="Объем: "&Source!I33&"=10/"&"100" -> Объем: 0,1=10/100
B92: 1 | C92: ОТ (ЗТ) | D92: чел.-ч. | G92: =Source!U33 -> 9.72 | L92: =SUM(L93:L93)-SUMIF(CE93:CE93, 1, L93:L93) -> 3033.9
B93: 1-100-15 | C93: Средний разряд работы 1,5 | D93: чел.-ч. | E93: 97.2 | G93: =SmtRes!CX9 -> 9.72 | J93: =SmtRes!CZ9 -> 312.13 | L93: =SmtRes!DI9 -> 3033.9
C94: Итого прямые затраты | L94: =L92 -> 3033.9
C95: ФОТ | L95: =SUM(AR90:AR98)+SUM(AS90:AS98)+SUM(AT90:AT98)+SUM(AU90:AU98)+SUM(AV90:AV98) -> 3033.9
B96: Пр/812-001.2-1 | C96: НР Земляные работы, выполняемые: ручным способом | D96: % | E96: =Source!BZ33 -> 89 | G96: =Source!AT33 -> 89 | L96: =SUM(AZ90:AZ98) -> 2700.17
B97: Пр/774-001.2 | C97: СП Земляные работы, выполняемые: ручным способом | D97: % | E97: =Source!CA33 -> 40 | G97: =Source!AU33 -> 40 | L97: =SUM(BA90:BA98) -> 1213.56
C98: Всего по позиции | I98: =IF(E90<>0,K98/E90, 0) -> 69476.3 | K98: =L92+L96+L97 -> 6947.63 | AD98: =ROUND((Source!AT33/100)*((ROUND(SUMIF(SmtRes!AQ9:'SmtRes'!AQ9,"=1",SmtRes!AD9:'SmtRes'!AD9)*Source!I33, 2)+ROUND(SUMIF(SmtRes!AQ9:'SmtRes'!AQ9,"=1",SmtRes!AC9:'SmtRes'!AC9)*Source!I33, 2))), 2) -> 27.78 | AE98: =ROUND((Source!AU33/100)*((ROUND(SUMIF(SmtRes!AQ9:'SmtRes'!AQ9,"=1",SmtRes!AD9:'SmtRes'!AD9)*Source!I33, 2)+ROUND(SUMIF(SmtRes!AQ9:'SmtRes'!AQ9,"=1",SmtRes!AC9:'SmtRes'!AC9)*Source!I33, 2))), 2) -> 12.48 | AN98: =L92+L96+L97 -> 6947.63 | AO98: =0 -> 0 | AQ98: = | AR98: =L92 -> 3033.9 | AT98: =0 -> 0 | AV98: = | AW98: =0 -> 0 | AZ98: =Source!X33 -> 2700.17 | BA98: =Source!Y33 -> 1213.56 | CD98: 1
C100: Итого прямые затраты по разделу | L100: =L102+L103+L109+L113 -> 43278.92
C101: в том числе
C102: оплата труда | L102: =SUM(AR42:AR98) -> 23621.7
C103: эксплуатация машин и механизмов | L103: =L105+L108+L107 -> 8592.91
C104: в том числе
C105: эксплуатация машин и механизмов | L105: =SUM(AO42:AO98) -> 6314.84
C106: в том числе
C107: оплата труда машинистов (ОТм) | L107: =SUM(AT42:AT98) -> 2278.07
C108: доплаты к оплате труда машинистов | L108: =SUM(AV42:AV98) -> 0
C109: материальные ресурсы | L109: =L111+L112 -> 11064.31
C110: в том числе
C111: материальные ресурсы без учета дополнительной перевозки | L111: =SUM(AW42:AW98)-SUM(BK42:BK98) -> 11064.31
C112: дополнительная перевозка материальных ресурсов | L112: =SUM(BC42:BC98) -> 0
C113: перевозка | L113: =SUM(BB42:BB98) -> 0
C114: Всего ФОТ (справочно) | L114: =SUM(AR42:AR98)+SUM(AT42:AT98)+SUM(AV42:AV98) -> 25899.77
C115: Всего накладные расходы | L115: =SUM(AZ42:AZ98) -> 25168.01
...

Sheet Конъюнктурный анализ
A2: Сводная таблица результатов конъюнктурного анализа
A4: По объекту: Газопровод низкого давления к нежилому помещению,расположенному по адресу: Пензенская область,г.Кузнецк,ул.Кирова,155А/1
A5: (наименование объекта капитального строительства)
U7: Уровень цен составления сметной документации
U8: Наименование субъекта Российской Федерации
U9: Ценовая зона субъекта Российской Федерации
U10: Отраслевая организация
A12: Номер по порядку | B12: Код строительного ресурса | C12: Наименование ресурса, затрат в соответствии с проектной документацией | D12: Полное наименование ресурса, затрат в обосновывающем документе | E12: Единица измерения ресурса, затрат в соответствии с проектной документацией | F12: Единица измерения ресурса, затрат в обосновывающем документе | G12: Текущая отпускная цена за единицу измерения в обосновывающем документе с учетом НДС, рублей | H12: Текущая отпускная цена за единицу измерения в обосновывающем документе без учета НДС, рублей / Сметная цена строительного ресурса в базисном или в текущем уровне цен, размещенная в ФГИС ЦС, применяемая при РИМ, рублей | I12: Месяц и год составления обосновывающего документа / Квартал (для сметных цен строительных ресурсов в текущем уровне цен и индексов по ГОСР, размещенных в ФГИС, приметяемых при РИМ) | J12: Индекс фактической инфляции / Индекс по ГОСР | K12: Коэффициент пересчета в единицу измерения в соответствии с графой 5 | L12: Текущая отпускная цена за единицу измерения без учета НДС, рублей в соответствии с графой 5 в уровне цен составления сметной документации | M12: Затраты на перевозку | O12: Заготовительно-складские расходы | Q12: Дополнительные затраты, предусмотренные пунктами 88, 117, 119–121 Методики | T12: Сметная цена без учета НДС, рублей за единицу измерения в соответствии с графой 5 | U12: Полное и (или) сокращенное (при наличии) наименования производителя (поставщика) | V12: Страна производителя оборудования, производственного и хозяйственного инвентаря | W12: КПП организации | X12: ИНН организации | Y12: Наименование обосновывающего документа | Z12: Населенный пункт расположения склада производителя (поставщика) | AA12: Статус организации (Производитель (1) ; Поставщик (2) | AB12: Номер страницы
M16: % | N16: рублей за единицу измерения в соответствии с графой 5 без учета НДС | O16: % | P16: рублей | Q16: Наименование затрат | R16: % | S16: рублей
A19: 1 | B19: 2 | C19: 3 | D19: 4 | E19: 5 | F19: 6 | G19: 7 | H19: 8 | I19: 9 | J19: 10 | K19: 11 | L19: 12 | M19: 13 | N19: 14 | O19: 15 | P19: 16 | Q19: 17 | R19: 18 | S19: 19 | T19: 20 | U19: 21 | V19: 22 | W19: 23 | X19: 24 | Y19: 25 | Z19: 26 | AA19: 27 | AB19: 29
A20: =SrcKA!E14 -> Конъюнктурный анализ
A21: 5.1 | B21: =SrcKA!D15 -> ТЦ_21.00.00.00_64_6454104668_30.09.2026_01_5.1 | C21: =IF((SrcKA!AI15<>""), SrcKA!AI15,"") -> Провод-спутник медно-стальной П-274М | D21: =IF((SrcKA!E15<>""), SrcKA!E15,"") -> Провод П-274М | E21: =IF((SrcKA!AH15<>""), SrcKA!AH15,"") -> м | F21: =IF((SrcKA!G15<>""), SrcKA!G15,"") -> м | G21: =IF((SrcKA!I15<>""), SrcKA!I15,"") -> 55.12 | H21: =IF((SrcKA!H15<>""), SrcKA!H15,"") -> 45.18 | I21: 30.09.2026 | K21: =IF((SrcKA!AB15<>""), SrcKA!AB15,"") | L21: =IF((SrcKA!AC15<>""), SrcKA!AC15,"") -> 45.18 | M21: =IF((SrcKA!AA15<>""), SrcKA!AA15,"") -> 0 | N21: =IF((SrcKA!J15<>""), SrcKA!J15,"") -> 0 | O21: =IF((SrcKA!U15<>""), SrcKA!U15,"") -> 0 | P21: =IF((SrcKA!V15<>""), SrcKA!V15,"") -> 0 | S21: =IF((SrcKA!AE15<>""), SrcKA!AE15,"") -> 0 | T21: =IF((SrcKA!K15<>""), SrcKA!K15,"") -> 45.18 | U21: =IF((SrcKA!O15<>""), SrcKA!O15,"") -> ООО "ГК ГАЗГАРАНТ" | V21: =IF((SrcKA!Z15<>""), SrcKA!Z15,"") -> Россия | W21: =IF((SrcKA!R15<>""), SrcKA!R15,"") -> 645401001 | X21: =IF((SrcKA!Q15<>""), SrcKA!Q15,"") -> 6454104668 | Y21: Счет №391 от 30.09.2026 | Z21: =IF((SrcKA!P15<>""), SrcKA!P15,"") -> г.Саратов | AA21: =IF((SrcKA!N15<>""), SrcKA!N15,"") -> 2 | AB21: =IF((SrcKA!AV15<>""), SrcKA!AV15,"")
A22: 5.2 | B22: =SrcKA!D16 -> ТЦ_21.00.00.00_64_6453135060_30.09.2026_01_5.2 | C22: =IF((SrcKA!AI16<>""), SrcKA!AI16,"") -> Провод-спутник медно-стальной П-274М | D22: =IF((SrcKA!E16<>""), SrcKA!E16,"") -> Провод П-274М | E22: =IF((SrcKA!AH16<>""), SrcKA!AH16,"") -> м | F22: =IF((SrcKA!G16<>""), SrcKA!G16,"") -> м | G22: =IF((SrcKA!I16<>""), SrcKA!I16,"") -> 57.88 | H22: =IF((SrcKA!H16<>""), SrcKA!H16,"") -> 47.44 | I22: 30.09.2026 | K22: =IF((SrcKA!AB16<>""), SrcKA!AB16,"") | L22: =IF((SrcKA!AC16<>""), SrcKA!AC16,"") -> 47.44 | M22: =IF((SrcKA!AA16<>""), SrcKA!AA16,"") -> 0 | N22: =IF((SrcKA!J16<>""), SrcKA!J16,"") -> 0 | O22: =IF((SrcKA!U16<>""), SrcKA!U16,"") -> 0 | P22: =IF((SrcKA!V16<>""), SrcKA!V16,"") -> 0 | S22: =IF((SrcKA!AE16<>""), SrcKA!AE16,"") -> 0 | T22: =IF((SrcKA!K16<>""), SrcKA!K16,"") -> 47.44 | U22: =IF((SrcKA!O16<>""), SrcKA!O16,"") -> ПТК "ГАЗГАРАНТ" | V22: =IF((SrcKA!Z16<>""), SrcKA!Z16,"") -> Россия | W22: =IF((SrcKA!R16<>""), SrcKA!R16,"") -> 645401001 | X22: =IF((SrcKA!Q16<>""), SrcKA!Q16,"") -> 6453135060 | Y22: коммерческое предложение б/н от 30.09.2026 | Z22: =IF((SrcKA!P16<>""), SrcKA!P16,"") -> г.Саратов | AA22: =IF((SrcKA!N16<>""), SrcKA!N16,"") -> 2 | AB22: =IF((SrcKA!AV16<>""), SrcKA!AV16,"")
A23: 5.3 | B23: =SrcKA!D17 -> ТЦ_21.00.00.00_64_6455068074_30.09.2026_01_5.3 | C23: =IF((SrcKA!AI17<>""), SrcKA!AI17,"") -> Провод-спутник медно-стальной П-274М | D23: =IF((SrcKA!E17<>""), SrcKA!E17,"") -> Провод П-274М | E23: =IF((SrcKA!AH17<>""), SrcKA!AH17,"") -> м | F23: =IF((SrcKA!G17<>""), SrcKA!G17,"") -> м | G23: =IF((SrcKA!I17<>""), SrcKA!I17,"") -> 59.62 | H23: =IF((SrcKA!H17<>""), SrcKA!H17,"") -> 48.87 | I23: 30.09.2026 | K23: =IF((SrcKA!AB17<>""), SrcKA!AB17,"") | L23: =IF((SrcKA!AC17<>""), SrcKA!AC17,"") -> 48.87 | M23: =IF((SrcKA!AA17<>""), SrcKA!AA17,"") -> 0 | N23: =IF((SrcKA!J17<>""), SrcKA!J17,"") -> 0 | O23: =IF((SrcKA!U17<>""), SrcKA!U17,"") -> 0 | P23: =IF((SrcKA!V17<>""), SrcKA!V17,"") -> 0 | S23: =IF((SrcKA!AE17<>""), SrcKA!AE17,"") -> 0 | T23: =IF((SrcKA!K17<>""), SrcKA!K17,"") -> 48.87 | U23: =IF((SrcKA!O17<>""), SrcKA!O17,"") -> ООО "Континент-Газ" | V23: =IF((SrcKA!Z17<>""), SrcKA!Z17,"") -> Россия | W23: =IF((SrcKA!R17<>""), SrcKA!R17,"") -> 645501001 | X23: =IF((SrcKA!Q17<>""), SrcKA!Q17,"") -> 6455068074 | Y23: коммерческое предложение б/н от 30.09.2026 | Z23: =IF((SrcKA!P17<>""), SrcKA!P17,"") -> г.саратов | AA23: =IF((SrcKA!N17<>""), SrcKA!N17,"") -> 2 | AB23: =IF((SrcKA!AV17<>""), SrcKA!AV17,"")
D26: Составил
E27: [должность,подпись(инициалы,фамилия)]
D29: Проверил
E30: [должность,подпись(инициалы,фамилия)]

Sheet Source
A1: 0 | B1: Smeta.RU (495) 974-1589 | D1: _PS_ | F1: 0 | G1: 0 | H1: 0 | I1: Smeta.RU | K1: 1 | L1: 28180 | M1: 10 | N1: 12 | O1: 1 | P1: 0 | Q1: 5
A12: 1 | B12: 333 | C12: 0 | D12: =ROW(A268) -> 268 | E12: 0 | F12: Новый объект_(Копия)_(Копия)_(Копия)_(Копия)_(Копия) | G12: Газопровод низкого давления к нежилому помещению,расположенному по адресу: Пензенская область,г.Кузнецк,ул.Кирова,155А/1 | I12: 0 | K12: 0 | L12: 0 | M12: 523 | O12: 0 | P12: 0 | Q12: 7 | R12: 0 | T12: 4 | V12: 0 | BB12: 0 | BH12: Сметные нормы списания | BI12: Коды ценников | BJ12: 1 | BK12: 1 | BL12: 0 | BM12: 0 | BN12: 1 | BO12: 0 | BP12: 6 | BQ12: 2 | BR12: 1 | BS12: 1 | BT12: 0 | BU12: 0 | BV12: 0 | BW12: 0 | BX12: 0 | BY12: ФСНБ-2022_И19 | BZ12: Версия 1.19.0 для ФСНБ-2022 И19 | CA12: ФСНБ-2022 - Изменения И19 | CB12: ФСНБ-2022 - Изменения И19 | CC12: ФСНБ-2022 - Изменения И19 | CD12: ФСНБ-2022 - Изменения И19 | CE12: Поправки для ФСНБ-2022 от 21.08.2026 г И19 (55/пр) Строительство | CF12: 0 | CG12: 0 | CH12: 487096328 | CK12: 19 | CQ12: Приказ Минстроя России от 30.12.2021 г. № 1046/пр; Приказ Минстроя России от 04.08.2020 г. № 421/пр; Приказ Минстроя России от 21.12.2020 г. № 812/пр; Приказ Минстроя России от 11.12.2020 г. № 774/пр | CR12: ГСН | CS12: 46248 | CT12: 570 | CU12: 19 | CV12: Приказ Минстроя России от 18.05.2022 г. № 378/пр; Приказ Минстроя России от 26.08.2022 г. № 703/пр; Приказ Минстроя России от 26.10.2022 г. № 905/пр; Приказ Минстроя России от 27.12.2022 г. № 1133/пр; Приказ Минстроя России от 10.02.2023 г. № 84/пр; Приказ Минстроя России от 11.05.2023 г. № 335/пр; Приказ Минстроя России от 02.08.2023 г. № 551/пр; Приказ Минстроя России от 14.11.2023 г. № 817/пр; Приказ Минстроя России от 16.02.2024 г. № 102/пр; Приказ Минстроя России от 13.05.2024 г. № 323/пр; Приказ Минстроя России от 09.08.2024 г. № 524/пр; Приказ Минстроя России от 07.11.2024 г. № 747/пр; Приказ Минстроя России от 07.02.2025 г. № 69/пр; Приказ Минстроя России от 19.05.2025 г. № 299/пр; Приказ Минстроя России от 14.08.2025 г. № 490/пр; Приказ Минстроя России от 12.11.2025 г. № 696/пр; Приказ Минстроя России от 17.02.2026 г. № 91/пр; Приказ Минстроя России от 15.05.2026 г. № 301/пр; Приказ Минстроя России от 12.08.2026 г. № 527/пр; Приказ Минстроя России от 07.07.2022 г. № 557/пр; Приказ Минстроя России от 30.01.2024 г. № 55/пр; Приказ Минстроя России от 23.01.2025 г. № 30/пр; Приказ Минстроя России от 02.09.2021 г. № 636/пр; Приказ Минстроя России от 26.07.2022 г. № 611/пр; Приказ Минстроя России от 22.04.2022 г. № 317/пр | CY12: 0 | EC12: 0
A15: 15 | B15: 1
A18: 52 | B18: =B268 -> 333 | C18: =C268 -> 1 | D18: =D268 -> 12 | E18: =E268 -> 0 | F18: =F268 -> Новый объект_(Копия)_(Копия)_(Копия)_(Копия)_(Копия) | G18: =G268 -> Газопровод низкого давления к нежилому помещению,расположенному по адресу: Пензенская область,г.Кузнецк,ул.Кирова,155А/1 | O18: =O268 -> 210262.06 | P18: =P268 -> 96642.05 | Q18: =Q268 -> 42984.01 | R18: =R268 -> 14698.73 | S18: =S268 -> 55937.27 | T18: =T268 -> 0 | U18: =U268 -> 150.46113 | V18: =V268 -> 30.978374 | ... GX18: =GX268 -> 0
A20: 3 | B20: 1 | D20: =ROW(A238) -> 238 | F20: Новая локальная смета | G20: Газопровод низкого давления | I20: 0 | K20: -1 | L20: Новая локальная смета | S20: 0 | V20: 0 | BX20: 0 | CF20: 0 | CG20: 0
A22: 52 | B22: =B238 -> 1 | C22: =C238 -> 3 | D22: =D238 -> 20 | E22: =E238 -> 0 | F22: =F238 -> Новая локальная смета | G22: =G238 -> Газопровод низкого давления | O22: =O238 -> 210262.06 | P22: =P238 -> 96642.05 | Q22: =Q238 -> 42984.01 | R22: =R238 -> 14698.73 | S22: =S238 -> 55937.27 | T22: =T238 -> 0 | U22: =U238 -> 150.46113 | V22: =V238 -> 30.978374 | ... GX22: =GX238 -> 0
A24: 4 | B24: 1 | D24: =ROW(A35) -> 35 | F24: Новый раздел | G24: Земляные работы | I24: 0 | K24: 0 | S24: 0 | V24: 0 | BX24: 0 | CJ24: 0
A26: 52 | B26: =B35 -> 1 | C26: =C35 -> 4 | D26: =D35 -> 24 | E26: =E35 -> 0 | F26: =F35 -> Новый раздел | G26: =G35 -> Земляные работы | O26: =O35 -> 43278.92 | P26: =P35 -> 11064.31 | Q26: =Q35 -> 6314.84 | R26: =R35 -> 2278.07 | S26: =S35 -> 23621.7 | T26: =T35 -> 0 | U26: =U35 -> 72.006 | V26: =V35 -> 4.46606 | ... GX26: =GX35 -> 0
A28: 17 | B28: 1 | C28: =ROW(SmtRes!A2) -> 2 | D28: =ROW(EtalonRes!A2) -> 2 | E28: 1 | F28: 01-01-009-14 | G28: Разработка грунта в траншеях экскаватором «обратная лопата» с ковшом вместимостью 0,5 (0,5-0,63) м3, в отвал группа грунтов: 2 | H28: 1000 м3 | I28: =ROUND(113/1000,7) -> 0.113 | J28: 0 | K28: =ROUND(113/1000,7) -> 0.113 | O28: =ROUND(CP28,2) -> 5679.78 | P28: =SUMIF(SmtRes!AQ1:'SmtRes'!AQ2,"=1",SmtRes!DF1:'SmtRes'!DF2) -> 0 | Q28: =SUMIF(SmtRes!AQ1:'SmtRes'!AQ2,"=1",SmtRes!DG1:'SmtRes'!DG2) -> 4130.57 | R28: =SUMIF(SmtRes!AQ1:'SmtRes'!AQ2,"=1",SmtRes!DH1:'SmtRes'!DH2) -> 1549.21 | S28: =SUMIF(SmtRes!AQ1:'SmtRes'!AQ2,"=1",SmtRes!DI1:'SmtRes'!DI2) -> 0 | T28: =ROUND(CU28*I28,2) -> 0 | U28: =SUMIF(SmtRes!AQ1:'SmtRes'!AQ2,"=1",SmtRes!CV1:'SmtRes'!CV2) -> 0 | V28: =SUMIF(SmtRes!AQ1:'SmtRes'!AQ2,"=1",SmtRes!CW1:'SmtRes'!CW2) -> 2.8815 | W28: =ROUND(CX28*I28,2) -> 0 | X28: =ROUND(CY28,2) -> 1425.27 | Y28: =ROUND(CZ28,2) -> 712.64 | AA28: 74014550 | AB28: =ROUND((AC28+AD28+AF28),6) -> 26877.765 | AC28: =ROUND((0),6) -> 0 | AD28: =ROUND((((SUM(SmtRes!BR1:'SmtRes'!BR2))-(SUM(SmtRes!BS1:'SmtRes'!BS2)))+AE28),6) -> 26877.765 | AE28: =ROUND((SUM(SmtRes!BS1:'SmtRes'!BS2)),6) -> 13709.82 | AF28: =ROUND((0),6) -> 0 | AG28: =ROUND((AP28),6) -> 0 | AH28: =(0) -> 0 | AI28: =(SUM(SmtRes!BV1:'SmtRes'!BV2)) -> 25.5 | AJ28: =(AS28) -> 0 | AK28: 40587.585 | AL28: 0 | AM28: 26877.765 | AN28: 13709.82 | AO28: 0 | AP28: 0 | AQ28: 0 | AR28: 25.5 | AS28: 0 | AT28: 92 | AU28: 46 | AV28: 1 | AW28: 1 | AZ28: 1 | BA28: 1 | BB28: 1 | BC28: 1 | BH28: 0 | BI28: 1 | BJ28: ГЭСН-2022, 01-01-009-14, приказ Минстроя России от 18.05.2022 г. № 378/пр | BM28: 1001 | BN28: 0 | BP28: 0 | BQ28: 2 | BR28: 0 | BS28: 1 | BT28: 1 | BU28: 1 | BV28: 1 | BW28: 1 | BX28: 1 | BZ28: 92 | CA28: 46 | CE28: 0 | CF28: 0 | CG28: 0 | CM28: 0 | CO28: 0 | CP28: =(P28+Q28+S28+R28) -> 5679.78 | CQ28: =SUMIF(SmtRes!AQ1:'SmtRes'!AQ2,"=1",SmtRes!AA1:'SmtRes'!AA2) -> 0 | CR28: =SUMIF(SmtRes!AQ1:'SmtRes'!AQ2,"=1",SmtRes!AB1:'SmtRes'!AB2) -> 1433.48 | CS28: =SUMIF(SmtRes!AQ1:'SmtRes'!AQ2,"=1",SmtRes!AC1:'SmtRes'!AC2) -> 537.64 | CT28: =SUMIF(SmtRes!AQ1:'SmtRes'!AQ2,"=1",SmtRes!AD1:'SmtRes'!AD2) -> 0 | CU28: =AG28 -> 0 | CV28: =SUMIF(SmtRes!AQ1:'SmtRes'!AQ2,"=1",SmtRes!BU1:'SmtRes'!BU2) -> 0 | CW28: =SUMIF(SmtRes!AQ1:'SmtRes'!AQ2,"=1",SmtRes!BV1:'SmtRes'!BV2) -> 25.5 | CX28: =AJ28 -> 0 | CY28: =(((S28+R28)*AT28)/100) -> 1425.2732 | CZ28: =(((S28+R28)*AU28)/100) -> 712.6366 | DN28: 0 | DO28: 0 | DP28: 1 | DQ28: 1 | DU28: 1007 | DV28: 1000 м3 | DW28: 1000 м3 | DX28: 1000 | EE28: 72340571 | EF28: 2 | EG28: Общестроительные работы | EH28: 1 | EI28: Земляные работы | EJ28: 1 | EK28: 1001 | EL28: Земляные работы, выполняемые: механизированным способом | EM28: ФЕР-01 | EQ28: 0 | ER28: 0 | ES28: 0 | ET28: 0 | EU28: 0 | EV28: 0 | EW28: 0 | EX28: 25.5 | EY28: 0 | FQ28: 0 | FR28: 0 | FS28: 0 | FX28: 92 | FY28: 46 | GD28: 1 | GF28: 493304699 | GG28: 2 | GH28: 1 | GI28: -2 | GJ28: 0 | GK28: 0 | GL28: =ROUND(IF(AND(BH28=3,BI28=3,FS28<>0),P28,0),2) -> 0 | GM28: =ROUND(O28+X28+Y28,2)+GX28 -> 7817.69 | GN28: =IF(OR(BI28=0,BI28=1),GM28-GX28,0) -> 7817.69 | GO28: =IF(BI28=2,GM28-GX28,0) -> 0 | GP28: =IF(BI28=4,GM28-GX28,0) -> 0 | GR28: 0 | GS28: 0 | GT28: 0 | GV28: =ROUND((GT28),6) -> 0 | GW28: 1 | GX28: =ROUND(HC28*I28,2) -> 0 | HA28: 0 | HB28: 0 | HC28: =GV28*GW28 -> 0 | HN28: Пр/812-001.1-1 | HO28: Пр/774-001.1 | HP28: Земляные работы, выполняемые: механизированным способом | HQ28: Земляные работы, выполняемые: механизированным способом | HS28: 0 | IK28: 0
A29: 17 | B29: 1 | C29: =ROW(SmtRes!A3) -> 3 | D29: =ROW(EtalonRes!A3) -> 3 | E29: 2 | F29: 01-02-057-02 | G29: Разработка грунта вручную в траншеях глубиной до 2 м без креплений с откосами, группа грунтов: 2 | H29: 100 м3 | I29: =ROUND(27/100,7) -> 0.27 | J29: 0 | K29: =ROUND(27/100,7) -> 0.27 | O29: =ROUND(CP29,2) -> 13537.2 | P29: =SUMIF(SmtRes!AQ3:'SmtRes'!AQ3,"=1",SmtRes!DF3:'SmtRes'!DF3) -> 0 | Q29: =SUMIF(SmtRes!AQ3:'SmtRes'!AQ3,"=1",SmtRes!DG3:'SmtRes'!DG3) -> 0 | R29: =SUMIF(SmtRes!AQ3:'SmtRes'!AQ3,"=1",SmtRes!DH3:'SmtRes'!DH3) -> 0 | S29: =SUMIF(SmtRes!AQ3:'SmtRes'!AQ3,"=1",SmtRes!DI3:'SmtRes'!DI3) -> 13537.2 | T29: =ROUND(CU29*I29,2) -> 0 | U29: =SUMIF(SmtRes!AQ3:'SmtRes'!AQ3,"=1",SmtRes!CV3:'SmtRes'!CV3) -> 41.58 | V29: =SUMIF(SmtRes!AQ3:'SmtRes'!AQ3,"=1",SmtRes!CW3:'SmtRes'!CW3) -> 0 | W29: =ROUND(CX29*I29,2) -> 0 | X29: =ROUND(CY29,2) -> 12048.11 | Y29: =ROUND(CZ29,2) -> 5414.88 | AA29: 74014550 | AB29: =ROUND((AC29+AD29+AF29),6) -> 50137.78 | AC29: =ROUND((0),6) -> 0 | AD29: =ROUND((((0)-(0))+AE29),6) -> 0 | AE29: =ROUND((0),6) -> 0 | AF29: =ROUND((SUM(SmtRes!BT3:'SmtRes'!BT3)),6) -> 50137.78 | AG29: =ROUND((AP29),6) -> 0 | AH29: =(SUM(SmtRes!BU3:'SmtRes'!BU3)) -> 154 | AI29: =(0) -> 0 | AJ29: =(AS29) -> 0 | AK29: 50137.78 | AL29: 0 | AM29: 0 | AN29: 0 | AO29: 50137.78 | AP29: 0 | AQ29: 154 | AR29: 0 | AS29: 0 | AT29: 89 | AU29: 40 | AV29: 1 | AW29: 1 | AZ29: 1 | BA29: 1 | BB29: 1 | BC29: 1 | BH29: 0 | BI29: 1 | BJ29: ГЭСН-2022, 01-02-057-02, приказ Минстроя России от 18.05.2022 г. № 378/пр | BM29: 1003 | BN29: 0 | BP29: 0 | BQ29: 2 | BR29: 0 | BS29: 1 | BT29: 1 | BU29: 1 | BV29: 1 | BW29: 1 | BX29: 1 | BZ29: 89 | CA29: 40 | CE29: 0 | CF29: 0 | CG29: 0 | CM29: 0 | CO29: 0 | CP29: =(P29+Q29+S29+R29) -> 13537.2 | CQ29: =SUMIF(SmtRes!AQ3:'SmtRes'!AQ3,"=1",SmtRes!AA3:'SmtRes'!AA3) -> 0 | CR29: =SUMIF(SmtRes!AQ3:'SmtRes'!AQ3,"=1",SmtRes!AB3:'SmtRes'!AB3) -> 0 | CS29: =SUMIF(SmtRes!AQ3:'SmtRes'!AQ3,"=1",SmtRes!AC3:'SmtRes'!AC3) -> 0 | CT29: =SUMIF(SmtRes!AQ3:'SmtRes'!AQ3,"=1",SmtRes!AD3:'SmtRes'!AD3) -> 325.57 | CU29: =AG29 -> 0 | CV29: =SUMIF(SmtRes!AQ3:'SmtRes'!AQ3,"=1",SmtRes!BU3:'SmtRes'!BU3) -> 154 | CW29: =SUMIF(SmtRes!AQ3:'SmtRes'!AQ3,"=1",SmtRes!BV3:'SmtRes'!BV3) -> 0 | CX29: =AJ29 -> 0 | CY29: =(((S29+R29)*AT29)/100) -> 12048.108 | CZ29: =(((S29+R29)*AU29)/100) -> 5414.88 | DN29: 0 | DO29: 0 | DP29: 1 | DQ29: 1 | DU29: 1007 | DV29: 100 м3 | DW29: 100 м3 | DX29: 100 | EE29: 72340573 | EF29: 2 | EG29: Общестроительные работы | EH29: 1 | EI29: Земляные работы | EJ29: 1 | EK29: 1003 | EL29: Земляные работы, выполняемые: ручным способом | EM29: ФЕР-01 | EQ29: 0 | ER29: 0 | ES29: 0 | ET29: 0 | EU29: 0 | EV29: 0 | EW29: 154 | EX29: 0 | EY29: 0 | FQ29: 0 | FR29: 0 | FS29: 0 | FX29: 89 | FY29: 40 | GD29: 1 | GF29: 1511680203 | GG29: 2 | GH29: 1 | GI29: -2 | GJ29: 0 | GK29: 0 | GL29: =ROUND(IF(AND(BH29=3,BI29=3,FS29<>0),P29,0),2) -> 0 | GM29: =ROUND(O29+X29+Y29,2)+GX29 -> 31000.19 | GN29: =IF(OR(BI29=0,BI29=1),GM29-GX29,0) -> 31000.19 | GO29: =IF(BI29=2,GM29-GX29,0) -> 0 | GP29: =IF(BI29=4,GM29-GX29,0) -> 0 | GR29: 0 | GS29: 3 | GT29: 0 | GV29: =ROUND((GT29),6) -> 0 | GW29: 1 | GX29: =ROUND(HC29*I29,2) -> 0 | HA29: 0 | HB29: 0 | HC29: =GV29*GW29 -> 0 | HN29: Пр/812-001.2-1 | HO29: Пр/774-001.2 | HP29: Земляные работы, выполняемые: ручным способом | HQ29: Земляные работы, выполняемые: ручным способом | HS29: 0 | IK29: 0
A30: 17 | B30: 1 | C30: =ROW(SmtRes!A6) -> 6 | D30: =ROW(EtalonRes!A7) -> 7 | E30: 3 | F30: 23-01-001-01 | G30: Устройство основания под трубопроводы: песчаного | H30: 10 м3 | I30: =ROUND(20.3/10,7) -> 2.03 | J30: 0 | K30: =ROUND(20.3/10,7) -> 2.03 | O30: =ROUND(CP30,2) -> 8441.91 | P30: =SUMIF(SmtRes!AQ4:'SmtRes'!AQ6,"=1",SmtRes!DF4:'SmtRes'!DF6) -> 0 | Q30: =SUMIF(SmtRes!AQ4:'SmtRes'!AQ6,"=1",SmtRes!DG4:'SmtRes'!DG6) -> 1092.51 | R30: =SUMIF(SmtRes!AQ4:'SmtRes'!AQ6,"=1",SmtRes!DH4:'SmtRes'!DH6) -> 298.8 | S30: =SUMIF(SmtRes!AQ4:'SmtRes'!AQ6,"=1",SmtRes!DI4:'SmtRes'!DI6) -> 7050.6 | T30: =ROUND(CU30*I30,2) -> 0 | U30: =SUMIF(SmtRes!AQ4:'SmtRes'!AQ6,"=1",SmtRes!CV4:'SmtRes'!CV6) -> 20.706 | V30: =SUMIF(SmtRes!AQ4:'SmtRes'!AQ6,"=1",SmtRes!CW4:'SmtRes'!CW6) -> 0.6496 | W30: =ROUND(CX30*I30,2) -> 0 | X30: =ROUND(CY30,2) -> 8598.8 | Y30: =ROUND(CZ30,2) -> 5438.56 | AA30: 74014550 | AB30: =ROUND((AC30+AD30+AF30),6) -> 4011.3844 | AC30: =ROUND((0),6) -> 0 | AD30: =ROUND((((SUM(SmtRes!BR4:'SmtRes'!BR6))-(SUM(SmtRes!BS4:'SmtRes'!BS6)))+AE30),6) -> 538.1824 | AE30: =ROUND((SUM(SmtRes!BS4:'SmtRes'!BS6)),6) -> 147.1936 | AF30: =ROUND((SUM(SmtRes!BT4:'SmtRes'!BT6)),6) -> 3473.202 | AG30: =ROUND((AP30),6) -> 0 | AH30: =(SUM(SmtRes!BU4:'SmtRes'!BU6)) -> 10.2 | AI30: =(SUM(SmtRes!BV4:'SmtRes'!BV6)) -> 0.32 | AJ30: =(AS30) -> 0 | AK30: 4158.578 | AL30: 0 | AM30: 538.1824 | AN30: 147.1936 | AO30: 3473.202 | AP30: 0 | AQ30: 10.2 | AR30: 0.32 | AS30: 0 | AT30: 117 | AU30: 74 | AV30: 1 | AW30: 1 | AZ30: 1 | BA30: 1 | BB30: 1 | BC30: 1 | BH30: 0 | BI30: 1 | BJ30: ГЭСН-2022 доп.18, 23-01-001-01, приказ Минстроя России от 15.05.2026 г. № 301/пр | BM30: 23001 | BN30: 0 | BP30: 0 | BQ30: 2 | BR30: 0 | BS30: 1 | BT30: 1 | BU30: 1 | BV30: 1 | BW30: 1 | BX30: 1 | BZ30: 117 | CA30: 74 | CE30: 0 | CF30: 0 | CG30: 0 | CM30: 0 | CO30: 0 | CP30: =(P30+Q30+S30+R30) -> 8441.91 | CQ30: =SUMIF(SmtRes!AQ4:'SmtRes'!AQ6,"=1",SmtRes!AA4:'SmtRes'!AA6) -> 0 | CR30: =SUMIF(SmtRes!AQ4:'SmtRes'!AQ6,"=1",SmtRes!AB4:'SmtRes'!AB6) -> 1681.82 | CS30: =SUMIF(SmtRes!AQ4:'SmtRes'!AQ6,"=1",SmtRes!AC4:'SmtRes'!AC6) -> 459.98 | CT30: =SUMIF(SmtRes!AQ4:'SmtRes'!AQ6,"=1",SmtRes!AD4:'SmtRes'!AD6) -> 340.51 | CU30: =AG30 -> 0 | CV30: =SUMIF(SmtRes!AQ4:'SmtRes'!AQ6,"=1",SmtRes!BU4:'SmtRes'!BU6) -> 10.2 | CW30: =SUMIF(SmtRes!AQ4:'SmtRes'!AQ6,"=1",SmtRes!BV4:'SmtRes'!BV6) -> 0.32 | CX30: =AJ30 -> 0 | CY30: =(((S30+R30)*AT30)/100) -> 8598.798 | CZ30: =(((S30+R30)*AU30)/100) -> 5438.556 | DN30: 0 | DO30: 0 | DP30: 1 | DQ30: 1 | DU30: 1007 | DV30: 10 м3 | DW30: 10 м3 | DX30: 10 | EE30: 72340631 | EF30: 2 | EG30: Общестроительные работы | EH30: 18 | EI30: Наружные сети водопровода, канализации, теплоснабжения, газопроводы | EJ30: 1 | EK30: 23001 | EL30: Наружные сети водопровода, канализации, теплоснабжения, газопроводы | EM30: ФЕР-23 | EQ30: 0 | ER30: 0 | ES30: 0 | ET30: 0 | EU30: 0 | EV30: 0 | EW30: 10.2 | EX30: 0.32 | EY30: 0 | FQ30: 0 | FR30: 0 | FS30: 0 | FX30: 117 | FY30: 74 | GD30: 1 | GF30: 1295446289 | GG30: 2 | GH30: 1 | GI30: -2 | GJ30: 0 | GK30: 0 | GL30: =ROUND(IF(AND(BH30=3,BI30=3,FS30<>0),P30,0),2) -> 0 | GM30: =ROUND(O30+X30+Y30,2)+GX30 -> 22479.27 | GN30: =IF(OR(BI30=0,BI30=1),GM30-GX30,0) -> 22479.27 | GO30: =IF(BI30=2,GM30-GX30,0) -> 0 | GP30: =IF(BI30=4,GM30-GX30,0) -> 0 | GR30: 0 | GS30: 3 | GT30: 0 | GV30: =ROUND((GT30),6) -> 0 | GW30: 1 | GX30: =ROUND(HC30*I30,2) -> 0 | HA30: 0 | HB30: 0 | HC30: =GV30*GW30 -> 0 | HN30: Пр/812-018.0-1 | HO30: Пр/774-018.0 | HP30: Наружные сети водопровода, канализации, теплоснабжения, газопроводы | HQ30: Наружные сети водопровода, канализации, теплоснабжения, газопроводы | HS30: 0 | IK30: 0
A31: 17 | B31: 1 | E31: 4 | F31: 02.1.01.02-0003 | G31: Грунт песчаный (пескогрунт) | H31: м3 | I31: 20.3 | J31: 0 | K31: 20.3 | O31: =ROUND(CP31,2) -> 11064.31 | P31: =ROUND(CQ31*I31,2) -> 11064.31 | Q31: =ROUND(CR31*I31,2) -> 0 | R31: =ROUND(CS31*I31,2) -> 0 | S31: =ROUND(CT31*I31,2) -> 0 | T31: =ROUND(CU31*I31,2) -> 0 | U31: =ROUND(CV31*I31,7) -> 0 | V31: =ROUND(CW31*I31,7) -> 0 | W31: =ROUND(CX31*I31,2) -> 0 | X31: =ROUND(CY31,2) -> 0 | Y31: =ROUND(CZ31,2) -> 0 | AA31: 74014550 | AB31: =ROUND((AC31+AD31+AF31),6) -> 514.19 | AC31: =ROUND((ES31),6) -> 514.19 | AD31: =ROUND((((ET31)-(EU31))+AE31),6) -> 0 | AE31: =ROUND((EU31),6) -> 0 | AF31: =ROUND((EV31),6) -> 0 | AG31: =ROUND((AP31),6) -> 0 | AH31: =(EW31) -> 0 | AI31: =(EX31) -> 0 | AJ31: =(AS31) -> 0 | AK31: 514.19 | AL31: 514.19 | AM31: 0 | AN31: 0 | AO31: 0 | AP31: 0 | AQ31: 0 | AR31: 0 | AS31: 0 | AT31: 0 | AU31: 0 | AV31: 1 | AW31: 1 | AZ31: 1 | BA31: 1 | BB31: 1 | BC31: 1.06 | BH31: 3 | BI31: 1 | BJ31: ФСБЦ-2022, 02.1.01.02-0003, приказ Минстроя России от 18.05.2022 г. № 378/пр | BM31: 500001 | BN31: 0 | BO31: 02.1.01.02-0003 | BP31: 1 | BQ31: 8 | BR31: 0 | BS31: 1 | BT31: 1 | BU31: 1 | BV31: 1 | BW31: 1 | BX31: 1 | BZ31: 0 | CA31: 0 | CE31: 0 | CF31: 0 | CG31: 0 | CM31: 0 | CO31: 0 | CP31: =(P31+Q31+S31+R31) -> 11064.31 | CQ31: =ROUND(AL31*BC31,2) -> 545.04 | CR31: =ROUND(AM31*BB31,2) -> 0 | CS31: =ROUND(AN31*BS31,2) -> 0 | CT31: =ROUND(AO31*BA31,2) -> 0 | CU31: =AG31 -> 0 | CV31: =AH31 -> 0 | CW31: =AI31 -> 0 | CX31: =AJ31 -> 0 | CY31: =0 -> 0 | CZ31: =0 -> 0 | DN31: 0 | DO31: 0 | DP31: 1 | DQ31: 1 | DU31: 1007 | DV31: м3 | DW31: м3 | DX31: 1 | EE31: 72340530 | EF31: 8 | EG31: Материалы строительные | EH31: 0 | EJ31: 1 | EK31: 500001 | EL31: Материалы и конструкции ( строительные ) по ценникам и каталогом | EM31: ФССЦст | EQ31: 0 | ER31: 514.19 | ES31: 514.19 | ET31: 0 | EU31: 0 | EV31: 0 | EW31: 0 | EX31: 0 | EY31: 0 | FQ31: 0 | FR31: 0 | FS31: 0 | FX31: 0 | FY31: 0 | GD31: 1 | GF31: 860101986 | GG31: 2 | GH31: 1 | GI31: 2 | GJ31: 0 | GK31: 0 | GL31: =ROUND(IF(AND(BH31=3,BI31=3,FS31<>0),P31,0),2) -> 0 | GM31: =ROUND(O31+X31+Y31,2)+GX31 -> 11064.31 | GN31: =IF(OR(BI31=0,BI31=1),GM31-GX31,0) -> 11064.31 | GO31: =IF(BI31=2,GM31-GX31,0) -> 0 | GP31: =IF(BI31=4,GM31-GX31,0) -> 0 | GR31: 0 | GS31: 3 | GT31: 0 | GV31: =ROUND((GT31),6) -> 0 | GW31: 1 | GX31: =ROUND(HC31*I31,2) -> 0 | HA31: 0 | HB31: 0 | HC31: =GV31*GW31 -> 0 | HS31: 0 | IK31: 0
A32: 17 | B32: 1 | C32: =ROW(SmtRes!A8) -> 8 | D32: =ROW(EtalonRes!A9) -> 9 | E32: 5 | F32: 01-01-033-02 | G32: Засыпка траншей и котлованов с перемещением грунта до 5 м бульдозерами мощностью: 59 кВт (80 л.с.), группа грунтов 2 | H32: 1000 м3 | I32: =ROUND(116/1000,7) -> 0.116 | J32: 0 | K32: =ROUND(116/1000,7) -> 0.116 | O32: =ROUND(CP32,2) -> 1521.82 | P32: =SUMIF(SmtRes!AQ7:'SmtRes'!AQ8,"=1",SmtRes!DF7:'SmtRes'!DF8) -> 0 | Q32: =SUMIF(SmtRes!AQ7:'SmtRes'!AQ8,"=1",SmtRes!DG7:'SmtRes'!DG8) -> 1091.76 | R32: =SUMIF(SmtRes!AQ7:'SmtRes'!AQ8,"=1",SmtRes!DH7:'SmtRes'!DH8) -> 430.06 | S32: =SUMIF(SmtRes!AQ7:'SmtRes'!AQ8,"=1",SmtRes!DI7:'SmtRes'!DI8) -> 0 | T32: =ROUND(CU32*I32,2) -> 0 | U32: =SUMIF(SmtRes!AQ7:'SmtRes'!AQ8,"=1",SmtRes!CV7:'SmtRes'!CV8) -> 0 | V32: =SUMIF(SmtRes!AQ7:'SmtRes'!AQ8,"=1",SmtRes!CW7:'SmtRes'!CW8) -> 0.93496 | W32: =ROUND(CX32*I32,2) -> 0 | X32: =ROUND(CY32,2) -> 395.66 | Y32: =ROUND(CZ32,2) -> 197.83 | AA32: 74014550 | AB32: =ROUND((AC32+AD32+AF32),6) -> 6674.9696 | AC32: =ROUND((0),6) -> 0 | AD32: =ROUND((((SUM(SmtRes!BR7:'SmtRes'!BR8))-(SUM(SmtRes!BS7:'SmtRes'!BS8)))+AE32),6) -> 6674.9696 | AE32: =ROUND((SUM(SmtRes!BS7:'SmtRes'!BS8)),6) -> 3707.4388 | AF32: =ROUND((0),6) -> 0 | AG32: =ROUND((AP32),6) -> 0 | AH32: =(0) -> 0 | AI32: =(SUM(SmtRes!BV7:'SmtRes'!BV8)) -> 8.06 | AJ32: =(AS32) -> 0 | AK32: 10382.408 | AL32: 0 | AM32: 6674.9696 | AN32: 3707.4388 | AO32: 0 | AP32: 0 | AQ32: 0 | AR32: 8.06 | AS32: 0 | AT32: 92 | AU32: 46 | AV32: 1 | AW32: 1 | AZ32: 1 | BA32: 1 | BB32: 1 | BC32: 1 | BH32: 0 | BI32: 1 | BJ32: ГЭСН-2022, 01-01-033-02, приказ Минстроя России от 18.05.2022 г. № 378/пр | BM32: 1001 | BN32: 0 | BP32: 0 | BQ32: 2 | BR32: 0 | BS32: 1 | BT32: 1 | BU32: 1 | BV32: 1 | BW32: 1 | BX32: 1 | BZ32: 92 | CA32: 46 | CE32: 0 | CF32: 0 | CG32: 0 | CM32: 0 | CO32: 0 | CP32: =(P32+Q32+S32+R32) -> 1521.82 | CQ32: =SUMIF(SmtRes!AQ7:'SmtRes'!AQ8,"=1",SmtRes!AA7:'SmtRes'!AA8) -> 0 | CR32: =SUMIF(SmtRes!AQ7:'SmtRes'!AQ8,"=1",SmtRes!AB7:'SmtRes'!AB8) -> 1167.71 | CS32: =SUMIF(SmtRes!AQ7:'SmtRes'!AQ8,"=1",SmtRes!AC7:'SmtRes'!AC8) -> 459.98 | CT32: =SUMIF(SmtRes!AQ7:'SmtRes'!AQ8,"=1",SmtRes!AD7:'SmtRes'!AD8) -> 0 | CU32: =AG32 -> 0 | CV32: =SUMIF(SmtRes!AQ7:'SmtRes'!AQ8,"=1",SmtRes!BU7:'SmtRes'!BU8) -> 0 | CW32: =SUMIF(SmtRes!AQ7:'SmtRes'!AQ8,"=1",SmtRes!BV7:'SmtRes'!BV8) -> 8.06 | CX32: =AJ32 -> 0 | CY32: =(((S32+R32)*AT32)/100) -> 395.6552 | CZ32: =(((S32+R32)*AU32)/100) -> 197.8276 | DN32: 0 | DO32: 0 | DP32: 1 | DQ32: 1 | DU32: 1007 | DV32: 1000 м3 | DW32: 1000 м3 | DX32: 1000 | EE32: 72340571 | EF32: 2 | EG32: Общестроительные работы | EH32: 1 | EI32: Земляные работы | EJ32: 1 | EK32: 1001 | EL32: Земляные работы, выполняемые: механизированным способом | EM32: ФЕР-01 | EQ32: 0 | ER32: 0 | ES32: 0 | ET32: 0 | EU32: 0 | EV32: 0 | EW32: 0 | EX32: 8.06 | EY32: 0 | FQ32: 0 | FR32: 0 | FS32: 0 | FX32: 92 | FY32: 46 | GD32: 1 | GF32: 1607513880 | GG32: 2 | GH32: 1 | GI32: -2 | GJ32: 0 | GK32: 0 | GL32: =ROUND(IF(AND(BH32=3,BI32=3,FS32<>0),P32,0),2) -> 0 | GM32: =ROUND(O32+X32+Y32,2)+GX32 -> 2115.31 | GN32: =IF(OR(BI32=0,BI32=1),GM32-GX32,0) -> 2115.31 | GO32: =IF(BI32=2,GM32-GX32,0) -> 0 | GP32: =IF(BI32=4,GM32-GX32,0) -> 0 | GR32: 0 | GS32: 0 | GT32: 0 | GV32: =ROUND((GT32),6) -> 0 | GW32: 1 | GX32: =ROUND(HC32*I32,2) -> 0 | HA32: 0 | HB32: 0 | HC32: =GV32*GW32 -> 0 | HN32: Пр/812-001.1-1 | HO32: Пр/774-001.1 | HP32: Земляные работы, выполняемые: механизированным способом | HQ32: Земляные работы, выполняемые: механизированным способом | HS32: 0 | IK32: 0
A33: 17 | B33: 1 | C33: =ROW(SmtRes!A9) -> 9 | D33: =ROW(EtalonRes!A10) -> 10 | E33: 6 | F33: 01-02-061-02 | G33: Засыпка вручную траншей, пазух котлованов и ям, группа грунтов: 2 | H33: 100 м3 | I33: =ROUND(10/100,7) -> 0.1 | J33: 0 | K33: =ROUND(10/100,7) -> 0.1 | O33: =ROUND(CP33,2) -> 3033.9 | P33: =SUMIF(SmtRes!AQ9:'SmtRes'!AQ9,"=1",SmtRes!DF9:'SmtRes'!DF9) -> 0 | Q33: =SUMIF(SmtRes!AQ9:'SmtRes'!AQ9,"=1",SmtRes!DG9:'SmtRes'!DG9) -> 0 | R33: =SUMIF(SmtRes!AQ9:'SmtRes'!AQ9,"=1",SmtRes!DH9:'SmtRes'!DH9) -> 0 | S33: =SUMIF(SmtRes!AQ9:'SmtRes'!AQ9,"=1",SmtRes!DI9:'SmtRes'!DI9) -> 3033.9 | T33: =ROUND(CU33*I33,2) -> 0 | U33: =SUMIF(SmtRes!AQ9:'SmtRes'!AQ9,"=1",SmtRes!CV9:'SmtRes'!CV9) -> 9.72 | V33: =SUMIF(SmtRes!AQ9:'SmtRes'!AQ9,"=1",SmtRes!CW9:'SmtRes'!CW9) -> 0 | W33: =ROUND(CX33*I33,2) -> 0 | X33: =ROUND(CY33,2) -> 2700.17 | Y33: =ROUND(CZ33,2) -> 1213.56 | AA33: 74014550 | AB33: =ROUND((AC33+AD33+AF33),6) -> 30339.036 | AC33: =ROUND((0),6) -> 0 | AD33: =ROUND((((0)-(0))+AE33),6) -> 0 | AE33: =ROUND((0),6) -> 0 | AF33: =ROUND((SUM(SmtRes!BT9:'SmtRes'!BT9)),6) -> 30339.036 | AG33: =ROUND((AP33),6) -> 0 | AH33: =(SUM(SmtRes!BU9:'SmtRes'!BU9)) -> 97.2 | AI33: =(0) -> 0 | AJ33: =(AS33) -> 0 | AK33: 30339.036 | AL33: 0 | AM33: 0 | AN33: 0 | AO33: 30339.036 | AP33: 0 | AQ33: 97.2 | AR33: 0 | AS33: 0 | AT33: 89 | AU33: 40 | AV33: 1 | AW33: 1 | AZ33: 1 | BA33: 1 | BB33: 1 | BC33: 1 | BH33: 0 | BI33: 1 | BJ33: ГЭСН-2022, 01-02-061-02, приказ Минстроя России от 18.05.2022 г. № 378/пр | BM33: 1003 | BN33: 0 | BP33: 0 | BQ33: 2 | BR33: 0 | BS33: 1 | BT33: 1 | BU33: 1 | BV33: 1 | BW33: 1 | BX33: 1 | BZ33: 89 | CA33: 40 | CE33: 0 | CF33: 0 | CG33: 0 | CM33: 0 | CO33: 0 | CP33: =(P33+Q33+S33+R33) -> 3033.9 | CQ33: =SUMIF(SmtRes!AQ9:'SmtRes'!AQ9,"=1",SmtRes!AA9:'SmtRes'!AA9) -> 0 | CR33: =SUMIF(SmtRes!AQ9:'SmtRes'!AQ9,"=1",SmtRes!AB9:'SmtRes'!AB9) -> 0 | CS33: =SUMIF(SmtRes!AQ9:'SmtRes'!AQ9,"=1",SmtRes!AC9:'SmtRes'!AC9) -> 0 | CT33: =SUMIF(SmtRes!AQ9:'SmtRes'!AQ9,"=1",SmtRes!AD9:'SmtRes'!AD9) -> 312.13 | CU33: =AG33 -> 0 | CV33: =SUMIF(SmtRes!AQ9:'SmtRes'!AQ9,"=1",SmtRes!BU9:'SmtRes'!BU9) -> 97.2 | CW33: =SUMIF(SmtRes!AQ9:'SmtRes'!AQ9,"=1",SmtRes!BV9:'SmtRes'!BV9) -> 0 | CX33: =AJ33 -> 0 | CY33: =(((S33+R33)*AT33)/100) -> 2700.171 | CZ33: =(((S33+R33)*AU33)/100) -> 1213.56 | DN33: 0 | DO33: 0 | DP33: 1 | DQ33: 1 | DU33: 1007 | DV33: 100 м3 | DW33: 100 м3 | DX33: 100 | EE33: 72340573 | EF33: 2 | EG33: Общестроительные работы | EH33: 1 | EI33: Земляные работы | EJ33: 1 | EK33: 1003 | EL33: Земляные работы, выполняемые: ручным способом | EM33: ФЕР-01 | EQ33: 0 | ER33: 0 | ES33: 0 | ET33: 0 | EU33: 0 | EV33: 0 | EW33: 97.2 | EX33: 0 | EY33: 0 | FQ33: 0 | FR33: 0 | FS33: 0 | FX33: 89 | FY33: 40 | GD33: 1 | GF33: -1673785635 | GG33: 2 | GH33: 1 | GI33: -2 | GJ33: 0 | GK33: 0 | GL33: =ROUND(IF(AND(BH33=3,BI33=3,FS33<>0),P33,0),2) -> 0 | GM33: =ROUND(O33+X33+Y33,2)+GX33 -> 6947.63 | GN33: =IF(OR(BI33=0,BI33=1),GM33-GX33,0) -> 6947.63 | GO33: =IF(BI33=2,GM33-GX33,0) -> 0 | GP33: =IF(BI33=4,GM33-GX33,0) -> 0 | GR33: 0 | GS33: 0 | GT33: 0 | GV33: =ROUND((GT33),6) -> 0 | GW33: 1 | GX33: =ROUND(HC33*I33,2) -> 0 | HA33: 0 | HB33: 0 | HC33: =GV33*GW33 -> 0 | HN33: Пр/812-001.2-1 | HO33: Пр/774-001.2 | HP33: Земляные работы, выполняемые: ручным способом | HQ33: Земляные работы, выполняемые: ручным способом | HS33: 0 | IK33: 0
A35: 51 | B35: =B24 -> 1 | C35: =A24 -> 4 | D35: =ROW(A24) -> 24 | F35: =IF(F24<>"",F24,"") -> Новый раздел | G35: =IF(G24<>"",G24,"") -> Земляные работы | H35: 0 | O35: =ROUND(AB35,2) -> 43278.92 | P35: =ROUND(AC35,2) -> 11064.31 | Q35: =ROUND(AD35,2) -> 6314.84 | R35: =ROUND(AE35,2) -> 2278.07 | S35: =ROUND(AF35,2) -> 23621.7 | T35: =ROUND(AG35,2) -> 0 | U35: =AH35 -> 72.006 | V35: =AI35 -> 4.46606 | W35: =ROUND(AJ35,2) -> 0 | X35: =ROUND(AK35,2) -> 25168.01 | Y35: =ROUND(AL35,2) -> 12977.47 | AB35: =ROUND(SUMIF(AA28:AA33,"=74014550",O28:O33),2) -> 43278.92 | AC35: =ROUND(SUMIF(AA28:AA33,"=74014550",P28:P33),2) -> 11064.31 | AD35: =ROUND(SUMIF(AA28:AA33,"=74014550",Q28:Q33),2) -> 6314.84 | AE35: =ROUND(SUMIF(AA28:AA33,"=74014550",R28:R33),2) -> 2278.07 | AF35: =ROUND(SUMIF(AA28:AA33,"=74014550",S28:S33),2) -> 23621.7 | AG35: =ROUND(SUMIF(AA28:AA33,"=74014550",T28:T33),2) -> 0 | AH35: =SUMIF(AA28:AA33,"=74014550",U28:U33) -> 72.006 | AI35: =SUMIF(AA28:AA33,"=74014550",V28:V33) -> 4.46606 | AJ35: =ROUND(SUMIF(AA28:AA33,"=74014550",W28:W33),2) -> 0 | AK35: =ROUND(SUMIF(AA28:AA33,"=74014550",X28:X33),2) -> 25168.01 | AL35: =ROUND(SUMIF(AA28:AA33,"=74014550",Y28:Y33),2) -> 12977.47 | AO35: =ROUND(BX35,2) -> 0 | AP35: =ROUND(BY35,2) -> 0 | AQ35: =ROUND(BZ35,2) -> 0 | AR35: =ROUND(CA35,2) -> 81424.4 | AS35: =ROUND(CB35,2) -> 81424.4 | AT35: =ROUND(CC35,2) -> 0 | AU35: =ROUND(CD35,2) -> 0 | AV35: =ROUND(CE35,2) -> 11064.31 | ... BD35: =ROUND(CM35,2) -> 0 | BX35: =ROUND(SUMIF(AA28:AA33,"=74014550",FQ28:FQ33),2) -> 0 | BY35: =ROUND(SUMIF(AA28:AA33,"=74014550",FR28:FR33),2) -> 0 | BZ35: =ROUND(SUMIF(AA28:AA33,"=74014550",GL28:GL33),2) -> 0 | CA35: =ROUND(SUMIF(AA28:AA33,"=74014550",GM28:GM33),2) -> 81424.4 | CB35: =ROUND(SUMIF(AA28:AA33,"=74014550",GN28:GN33),2) -> 81424.4 | CC35: =ROUND(SUMIF(AA28:AA33,"=74014550",GO28:GO33),2) -> 0 | CD35: =ROUND(SUMIF(AA28:AA33,"=74014550",GP28:GP33),2) -> 0 | CE35: =AC35-BX35 -> 11064.31 | CF35: =AC35-BY35 -> 11064.31 | CG35: =BX35-BZ35 -> 0 | CH35: =AC35-BX35-BY35+BZ35 -> 11064.31 | CI35: =BY35-BZ35 -> 0 | CJ35: =ROUND(SUMIF(AA28:AA33,"=74014550",GX28:GX33),2) -> 0 | CK35: =ROUND(SUMIF(AA28:AA33,"=74014550",GY28:GY33),2) -> 0 | CL35: =ROUND(SUMIF(AA28:AA33,"=74014550",GZ28:GZ33),2) -> 0 | CM35: =ROUND(SUMIF(AA28:AA33,"=74014550",HD28:HD33),2) -> 0 | GX35: 0
A37: 50 | B37: 0 | C37: 0 | D37: 1 | E37: 201 | F37: =ROUND(Source!O35,O37) -> 43278.92 | G37: ПЗ | H37: Прямые затраты | K37: 201 | L37: 1 | M37: 3 | O37: 2 | W37: 43278.92 | X37: 1 | Y37: 43278.92
A38: 50 | B38: 0 | C38: 0 | D38: 1 | E38: 202 | F38: =ROUND(Source!P35,O38) -> 11064.31 | G38: СтМатОб | H38: Стоимость материальных ресурсов (всего) | K38: 202 | L38: 2 | M38: 3 | O38: 2 | W38: 11064.31 | X38: 1 | Y38: 11064.31
A39: 50 | B39: 0 | C39: 0 | D39: 1 | E39: 222 | F39: =ROUND(Source!AO35,O39) -> 0 | G39: СтМатОбЗак | H39: Стоимость материалов и оборудования заказчика | K39: 222 | L39: 3 | M39: 3 | O39: 2 | W39: 0 | X39: 1 | Y39: 0
A40: 50 | B40: 0 | C40: 0 | D40: 1 | E40: 225 | F40: =ROUND(Source!AV35,O40) -> 11064.31 | G40: СтМатОбПод | H40: Стоимость материалов и оборудования подрядчика | K40: 225 | L40: 4 | M40: 3 | O40: 2 | W40: 11064.31 | X40: 1 | Y40: 11064.31
A41: 50 | B41: 0 | C41: 0 | D41: 1 | E41: 226 | F41: =ROUND(Source!AW35,O41) -> 11064.31 | G41: СтМат | H41: Стоимость материалов (всего) | K41: 226 | L41: 5 | M41: 3 | O41: 2 | W41: 11064.31 | X41: 1 | Y41: 11064.31
A42: 50 | B42: 0 | C42: 0 | D42: 1 | E42: 227 | F42: =ROUND(Source!AX35,O42) -> 0 | G42: СтМатЗак | H42: Стоимость материалов заказчика | K42: 227 | L42: 6 | M42: 3 | O42: 2 | W42: 0 | X42: 1 | Y42: 0
A43: 50 | B43: 0 | C43: 0 | D43: 1 | E43: 228 | F43: =ROUND(Source!AY35,O43) -> 11064.31 | G43: СтМатПод | H43: Стоимость материалов подрядчика | K43: 228 | L43: 7 | M43: 3 | O43: 2 | W43: 11064.31 | X43: 1 | Y43: 11064.31
A44: 50 | B44: 0 | C44: 0 | D44: 1 | E44: 216 | F44: =ROUND(Source!AP35,O44) -> 0 | G44: Оборуд | H44: Стоимость оборудования (всего) | K44: 216 | L44: 8 | M44: 3 | O44: 2 | W44: 0 | X44: 1 | Y44: 0
A45: 50 | B45: 0 | C45: 0 | D45: 1 | E45: 223 | F45: =ROUND(Source!AQ35,O45) -> 0 | G45: ОборудЗак | H45: Стоимость оборудования заказчика | K45: 223 | L45: 9 | M45: 3 | O45: 2 | W45: 0 | X45: 1 | Y45: 0
A46: 50 | B46: 0 | C46: 0 | D46: 1 | E46: 229 | F46: =ROUND(Source!AZ35,O46) -> 0 | G46: ОборудПод | H46: Стоимость оборудования подрядчика | K46: 229 | L46: 10 | M46: 3 | O46: 2 | W46: 0 | X46: 1 | Y46: 0
A47: 50 | B47: 0 | C47: 0 | D47: 1 | E47: 203 | F47: =ROUND(Source!Q35,O47) -> 6314.84 | G47: ЭММ | H47: Эксплуатация машин | K47: 203 | L47: 11 | M47: 3 | O47: 2 | W47: 6314.84 | X47: 1 | Y47: 6314.84
A48: 50 | B48: 0 | C48: 0 | D48: 1 | E48: 231 | F48: =ROUND(Source!BB35,O48) -> 0 | G48: ЭММсНРиСП | H48: Эксплуатация машин по ТСН-2001.16 | K48: 231 | L48: 12 | M48: 3 | O48: 2 | W48: 0 | X48: 1 | Y48: 0
A49: 50 | B49: 0 | C49: 0 | D49: 1 | E49: 204 | F49: =ROUND(Source!R35,O49) -> 2278.07 | G49: ЗПМ | H49: ЗП машинистов | K49: 204 | L49: 13 | M49: 3 | O49: 2 | W49: 2278.07 | X49: 1 | Y49: 2278.07
A50: 50 | B50: 0 | C50: 0 | D50: 1 | E50: 205 | F50: =ROUND(Source!S35,O50) -> 23621.7 | G50: ОЗП | H50: Основная ЗП рабочих | K50: 205 | L50: 14 | M50: 3 | O50: 2 | W50: 23621.7 | X50: 1 | Y50: 23621.7
A51: 50 | B51: 0 | C51: 0 | D51: 1 | E51: 232 | F51: =ROUND(Source!BC35,O51) -> 0 | G51: ОЗПсНРиСП | H51: Основная ЗП рабочих по ТСН-2001.16 | K51: 232 | L51: 15 | M51: 3 | O51: 2 | W51: 0 | X51: 1 | Y51: 0
A52: 50 | B52: 0 | C52: 0 | D52: 1 | E52: 214 | F52: =ROUND(Source!AS35,O52) -> 81424.4 | G52: Строит | H52: Строительные работы с НР и СП | K52: 214 | L52: 16 | M52: 3 | O52: 2 | W52: 81424.4 | X52: 1 | Y52: 81424.4
A53: 50 | B53: 0 | C53: 0 | D53: 1 | E53: 215 | F53: =ROUND(Source!AT35,O53) -> 0 | G53: Монтаж | H53: Монтажные работы с НР и СП | K53: 215 | L53: 17 | M53: 3 | O53: 2 | W53: 0 | X53: 1 | Y53: 0
A54: 50 | B54: 0 | C54: 0 | D54: 1 | E54: 217 | F54: =ROUND(Source!AU35,O54) -> 0 | G54: Прочие | H54: Прочие работы с НР и СП | K54: 217 | L54: 18 | M54: 3 | O54: 2 | W54: 0 | X54: 1 | Y54: 0
A55: 50 | B55: 0 | C55: 0 | D55: 1 | E55: 230 | F55: =ROUND(Source!BA35,O55) -> 0 | G55: ПрочиеЗатр | H55: Прочие затраты по ТСН-2001.16 | K55: 230 | L55: 19 | M55: 3 | O55: 2 | W55: 0 | X55: 1 | Y55: 0
A56: 50 | B56: 0 | C56: 0 | D56: 1 | E56: 206 | F56: =ROUND(Source!T35,O56) -> 0 | G56: ВозврМат | H56: Возврат материалов | K56: 206 | L56: 20 | M56: 3 | O56: 2 | W56: 0 | X56: 1 | Y56: 0
A57: 50 | B57: 0 | C57: 0 | D57: 1 | E57: 207 | F57: =ROUND(Source!U35,O57) -> 72.006 | G57: ТрудСтр | H57: Трудозатраты строителей | K57: 207 | L57: 21 | M57: 3 | O57: 7 | W57: 72.006 | X57: 1 | Y57: 72.006
A58: 50 | B58: 0 | C58: 0 | D58: 1 | E58: 208 | F58: =ROUND(Source!V35,O58) -> 4.46606 | G58: ТрудМаш | H58: Трудозатраты машинистов | K58: 208 | L58: 22 | M58: 3 | O58: 7 | W58: 4.46606 | X58: 1 | Y58: 4.46606
A59: 50 | B59: 0 | C59: 0 | D59: 1 | E59: 209 | F59: =ROUND(Source!W35,O59) -> 0 | G59: ТранспМат | H59: Транспорт материалов | K59: 209 | L59: 23 | M59: 3 | O59: 2 | W59: 0 | X59: 1 | Y59: 0
A60: 50 | B60: 0 | C60: 0 | D60: 1 | E60: 233 | F60: =ROUND(Source!BD35,O60) -> 0 | G60: Перевозка | H60: Перевозка грузов | K60: 233 | L60: 24 | M60: 3 | O60: 2 | W60: 0 | X60: 1 | Y60: 0
A61: 50 | B61: 0 | C61: 0 | D61: 1 | E61: 210 | F61: =ROUND(Source!X35,O61) -> 25168.01 | G61: НР | H61: Накладные расходы | K61: 210 | L61: 25 | M61: 3 | O61: 2 | W61: 25168.01 | X61: 1 | Y61: 25168.01
A62: 50 | B62: 0 | C62: 0 | D62: 1 | E62: 211 | F62: =ROUND(Source!Y35,O62) -> 12977.47 | G62: СмПриб | H62: Сметная прибыль | K62: 211 | L62: 26 | M62: 3 | O62: 2 | W62: 12977.47 | X62: 1 | Y62: 12977.47
A63: 50 | B63: 0 | C63: 0 | D63: 1 | E63: 224 | F63: =ROUND(Source!AR35,O63) -> 81424.4 | G63: Всего | H63: Всего с НР и СП | K63: 224 | L63: 27 | M63: 3 | O63: 2 | W63: 81424.4 | X63: 1 | Y63: 81424.4
A65: 4 | B65: 1 | D65: =ROW(A102) -> 102 | F65: Новый раздел | G65: Укладка трубы | I65: 0 | K65: 0 | S65: 0 | V65: 0 | BX65: 0 | CJ65: 0
A67: 52 | B67: =B102 -> 1 | C67: =C102 -> 4 | D67: =D102 -> 65 | E67: =E102 -> 0 | F67: =F102 -> Новый раздел | G67: =G102 -> Укладка трубы | O67: =O102 -> 85339.24 | P67: =P102 -> 51670.62 | Q67: =Q102 -> 10296.78 | R67: =R102 -> 5206.43 | S67: =S102 -> 18165.41 | T67: =T102 -> 0 | U67: =U102 -> 44.6997 | V67: =V102 -> 11.789585 | ... GX67: =GX102 -> 0
A69: 17 | B69: 1 | C69: =ROW(SmtRes!A24) -> 24 | D69: =ROW(EtalonRes!A25) -> 25 | E69: 7 | F69: 24-02-041-01 | G69: Надземная прокладка стальных газопроводов, диаметр газопровода: 50 мм | H69: 100 м | I69: =ROUND(2/100,7) -> 0.02 | J69: 0 | K69: =ROUND(2/100,7) -> 0.02 | O69: =ROUND(CP69,2) -> 575.61 | P69: =SUMIF(SmtRes!AQ10:'SmtRes'!AQ24,"=1",SmtRes!DF10:'SmtRes'!DF24) -> 38.46 | Q69: =SUMIF(SmtRes!AQ10:'SmtRes'!AQ24,"=1",SmtRes!DG10:'SmtRes'!DG24) -> 274.6 | R69: =SUMIF(SmtRes!AQ10:'SmtRes'!AQ24,"=1",SmtRes!DH10:'SmtRes'!DH24) -> 109.4 | S69: =SUMIF(SmtRes!AQ10:'SmtRes'!AQ24,"=1",SmtRes!DI10:'SmtRes'!DI24) -> 153.15 | T69: =ROUND(CU69*I69,2) -> 0 | U69: =SUMIF(SmtRes!AQ10:'SmtRes'!AQ24,"=1",SmtRes!CV10:'SmtRes'!CV24) -> 0.4102 | V69: =SUMIF(SmtRes!AQ10:'SmtRes'!AQ24,"=1",SmtRes!CW10:'SmtRes'!CW24) -> 0.2392 | W69: =ROUND(CX69*I69,2) -> 0 | X69: =ROUND(CY69,2) -> 307.18 | Y69: =ROUND(CZ69,2) -> 194.29 | AA69: 74014550 | AB69: =ROUND((AC69+AD69+AF69),6) -> 20759.783 | AC69: =ROUND((SUM(SmtRes!BQ10:'SmtRes'!BQ24)),6) -> 1420.631 | AD69: =ROUND((((SUM(SmtRes!BR10:'SmtRes'!BR24))-(SUM(SmtRes!BS10:'SmtRes'!BS24)))+AE69),6) -> 11681.538 | AE69: =ROUND((SUM(SmtRes!BS10:'SmtRes'!BS24)),6) -> 5470.296 | AF69: =ROUND((SUM(SmtRes!BT10:'SmtRes'!BT24)),6) -> 7657.6136 | AG69: =ROUND((AP69),6) -> 0 | AH69: =(SUM(SmtRes!BU10:'SmtRes'!BU24)) -> 20.51 | AI69: =(SUM(SmtRes!BV10:'SmtRes'!BV24)) -> 11.96 | AJ69: =(AS69) -> 0 | AK69: 26230.079 | AL69: 1420.631 | AM69: 11681.538 | AN69: 5470.296 | AO69: 7657.6136 | AP69: 0 | AQ69: 20.51 | AR69: 11.96 | AS69: 0 | AT69: 117 | AU69: 74 | AV69: 1 | AW69: 1 | AZ69: 1 | BA69: 1 | BB69: 1 | BC69: 1 | BH69: 0 | BI69: 1 | BJ69: ГЭСН-2022 доп.4, 24-02-041-01, приказ Минстроя России от 27.12.2022 г. № 1133/пр | BM69: 24001 | BN69: 0 | BP69: 0 | BQ69: 2 | BR69: 0 | BS69: 1 | BT69: 1 | BU69: 1 | BV69: 1 | BW69: 1 | BX69: 1 | BZ69: 117 | CA69: 74 | CE69: 0 | CF69: 0 | CG69: 0 | CM69: 0 | CO69: 0 | CP69: =(P69+Q69+S69+R69) -> 575.61 | CQ69: =SUMIF(SmtRes!AQ10:'SmtRes'!AQ24,"=1",SmtRes!AA10:'SmtRes'!AA24) -> 867589.44 | CR69: =SUMIF(SmtRes!AQ10:'SmtRes'!AQ24,"=1",SmtRes!AB10:'SmtRes'!AB24) -> 1640.61 | CS69: =SUMIF(SmtRes!AQ10:'SmtRes'!AQ24,"=1",SmtRes!AC10:'SmtRes'!AC24) -> 860.22 | CT69: =SUMIF(SmtRes!AQ10:'SmtRes'!AQ24,"=1",SmtRes!AD10:'SmtRes'!AD24) -> 373.36 | CU69: =AG69 -> 0 | CV69: =SUMIF(SmtRes!AQ10:'SmtRes'!AQ24,"=1",SmtRes!BU10:'SmtRes'!BU24) -> 20.51 | CW69: =SUMIF(SmtRes!AQ10:'SmtRes'!AQ24,"=1",SmtRes!BV10:'SmtRes'!BV24) -> 11.96 | CX69: =AJ69 -> 0 | CY69: =(((S69+R69)*AT69)/100) -> 307.1835 | CZ69: =(((S69+R69)*AU69)/100) -> 194.287 | DN69: 0 | DO69: 0 | DP69: 1 | DQ69: 1 | DU69: 1003 | DV69: 100 м | DW69: 100 м | DX69: 100 | EE69: 72340632 | EF69: 2 | EG69: Общестроительные работы | EH69: 18 | EI69: Наружные сети водопровода, канализации, теплоснабжения, газопроводы | EJ69: 1 | EK69: 24001 | EL69: Наружные сети водопровода, канализации, теплоснабжения, газопроводы | EM69: ФЕР-24 | EQ69: 0 | ER69: 0 | ES69: 0 | ET69: 0 | EU69: 0 | EV69: 0 | EW69: 20.51 | EX69: 11.96 | EY69: 0 | FQ69: 0 | FR69: 0 | FS69: 0 | FX69: 117 | FY69: 74 | GD69: 1 | GF69: -46601497 | GG69: 2 | GH69: 1 | GI69: -2 | GJ69: 0 | GK69: 0 | GL69: =ROUND(IF(AND(BH69=3,BI69=3,FS69<>0),P69,0),2) -> 0 | GM69: =ROUND(O69+X69+Y69,2)+GX69 -> 1077.08 | GN69: =IF(OR(BI69=0,BI69=1),GM69-GX69,0) -> 1077.08 | GO69: =IF(BI69=2,GM69-GX69,0) -> 0 | GP69: =IF(BI69=4,GM69-GX69,0) -> 0 | GR69: 0 | GS69: 3 | GT69: 0 | GV69: =ROUND((GT69),6) -> 0 | GW69: 1 | GX69: =ROUND(HC69*I69,2) -> 0 | HA69: 0 | HB69: 0 | HC69: =GV69*GW69 -> 0 | HN69: Пр/812-018.0-1 | HO69: Пр/774-018.0 | HP69: Наружные сети водопровода, канализации, теплоснабжения, газопроводы | HQ69: Наружные сети водопровода, канализации, теплоснабжения, газопроводы | HS69: 0 | IK69: 0
A70: 18 | B70: 1 | C70: 24 | E70: 7,1 | F70: 23.5.02.02-0033 | G70: Трубы стальные электросварные прямошовные из стали марок Ст2, 10, наружный диаметр 57 мм, толщина стенки 3 мм | H70: м | I70: =I69*J70 -> 2 | J70: 100 | K70: 100 | O70: =ROUND(CP70,2) -> 402.1 | P70: =ROUND(CQ70*I70,2) -> 402.1 | Q70: =ROUND(CR70*I70,2) -> 0 | R70: =ROUND(CS70*I70,2) -> 0 | S70: =ROUND(CT70*I70,2) -> 0 | T70: =ROUND(CU70*I70,2) -> 0 | U70: =ROUND(CV70*I70,7) -> 0 | V70: =ROUND(CW70*I70,7) -> 0 | W70: =ROUND(CX70*I70,2) -> 0 | X70: =ROUND(CY70,2) -> 0 | Y70: =ROUND(CZ70,2) -> 0 | AA70: 74014550 | AB70: =ROUND((AC70+AD70+AF70),6) -> 201.05 | AC70: =ROUND((ES70),6) -> 201.05 | AD70: =ROUND((((ET70)-(EU70))+AE70),6) -> 0 | AE70: =ROUND((EU70),6) -> 0 | AF70: =ROUND((EV70),6) -> 0 | AG70: =ROUND((AP70),6) -> 0 | AH70: =(EW70) -> 0 | AI70: =(EX70) -> 0 | AJ70: =(AS70) -> 0 | AK70: 201.05 | AL70: 201.05 | AM70: 0 | AN70: 0 | AO70: 0 | AP70: 0 | AQ70: 0 | AR70: 0 | AS70: 0 | AT70: 117 | AU70: 74 | AV70: 1 | AW70: 1 | AZ70: 1 | BA70: 1 | BB70: 1 | BC70: 1 | BH70: 3 | BI70: 1 | BJ70: ФСБЦ-2022, 23.5.02.02-0033, приказ Минстроя России от 18.05.2022 г. № 378/пр | BM70: 24001 | BN70: 0 | BP70: 0 | BQ70: 2 | BR70: 0 | BS70: 1 | BT70: 1 | BU70: 1 | BV70: 1 | BW70: 1 | BX70: 1 | BZ70: 117 | CA70: 74 | CE70: 0 | CF70: 0 | CG70: 0 | CM70: 0 | CO70: 0 | CP70: =(P70+Q70+S70+R70) -> 402.1 | CQ70: =ROUND(AL70*BC70,2) -> 201.05 | CR70: =ROUND(AM70*BB70,2) -> 0 | CS70: =ROUND(AN70*BS70,2) -> 0 | CT70: =ROUND(AO70*BA70,2) -> 0 | CU70: =AG70 -> 0 | CV70: =AH70 -> 0 | CW70: =AI70 -> 0 | CX70: =AJ70 -> 0 | CY70: =(((S70+R70)*AT70)/100) -> 0 | CZ70: =(((S70+R70)*AU70)/100) -> 0 | DN70: 0 | DO70: 0 | DP70: 1 | DQ70: 1 | DU70: 1003 | DV70: м | DW70: м | DX70: 1 | EE70: 72340632 | EF70: 2 | EG70: Общестроительные работы | EH70: 18 | EI70: Наружные сети водопровода, канализации, теплоснабжения, газопроводы | EJ70: 1 | EK70: 24001 | EL70: Наружные сети водопровода, канализации, теплоснабжения, газопроводы | EM70: ФЕР-24 | EQ70: 0 | ER70: 201.05 | ES70: 201.05 | ET70: 0 | EU70: 0 | EV70: 0 | EW70: 0 | EX70: 0 | FQ70: 0 | FR70: 0 | FS70: 0 | FX70: 117 | FY70: 74 | GD70: 1 | GE70: 225.92 | GF70: 918212004 | GG70: 2 | GH70: 1 | GI70: -2 | GJ70: 0 | GK70: 0 | GL70: =ROUND(IF(AND(BH70=3,BI70=3,FS70<>0),P70,0),2) -> 0 | GM70: =ROUND(O70+X70+Y70,2)+GX70 -> 402.1 | GN70: =IF(OR(BI70=0,BI70=1),GM70-GX70,0) -> 402.1 | GO70: =IF(BI70=2,GM70-GX70,0) -> 0 | GP70: =IF(BI70=4,GM70-GX70,0) -> 0 | GR70: 3 | GS70: 3 | GT70: 0 | GV70: =ROUND((GT70),6) -> 0 | GW70: 1 | GX70: =ROUND(HC70*I70,2) -> 0 | HA70: 0 | HB70: 0 | HC70: =GV70*GW70 -> 0 | HN70: Пр/812-018.0-1 | HO70: Пр/774-018.0 | HP70: Наружные сети водопровода, канализации, теплоснабжения, газопроводы | HQ70: Наружные сети водопровода, канализации, теплоснабжения, газопроводы | HS70: 0 | IK70: 0
A71: 17 | B71: 1 | C71: =ROW(SmtRes!A40) -> 40 | D71: =ROW(EtalonRes!A42) -> 42 | E71: 8 | F71: 24-02-051-01 | G71: Монтаж крана стального фланцевого для надземной установки на стальных газопроводах диаметром: 50 мм | H71: ШТ | I71: 1 | J71: 0 | K71: 1 | O71: =ROUND(CP71,2) -> 4393.74 | P71: =SUMIF(SmtRes!AQ25:'SmtRes'!AQ40,"=1",SmtRes!DF25:'SmtRes'!DF40) -> 1591.92 | Q71: =SUMIF(SmtRes!AQ25:'SmtRes'!AQ40,"=1",SmtRes!DG25:'SmtRes'!DG40) -> 203.84 | R71: =SUMIF(SmtRes!AQ25:'SmtRes'!AQ40,"=1",SmtRes!DH25:'SmtRes'!DH40) -> 56.03 | S71: =SUMIF(SmtRes!AQ25:'SmtRes'!AQ40,"=1",SmtRes!DI25:'SmtRes'!DI40) -> 2541.95 | T71: =ROUND(CU71*I71,2) -> 0 | U71: =SUMIF(SmtRes!AQ25:'SmtRes'!AQ40,"=1",SmtRes!CV25:'SmtRes'!CV40) -> 5.91 | V71: =SUMIF(SmtRes!AQ25:'SmtRes'!AQ40,"=1",SmtRes!CW25:'SmtRes'!CW40) -> 0.14 | W71: =ROUND(CX71*I71,2) -> 0 | X71: =ROUND(CY71,2) -> 3039.64 | Y71: =ROUND(CZ71,2) -> 1922.51 | AA71: 74014550 | AB71: =ROUND((AC71+AD71+AF71),6) -> 4295.2856 | AC71: =ROUND((SUM(SmtRes!BQ25:'SmtRes'!BQ40)),6) -> 1550.541 | AD71: =ROUND((((SUM(SmtRes!BR25:'SmtRes'!BR40))-(SUM(SmtRes!BS25:'SmtRes'!BS40)))+AE71),6) -> 202.7945 | AE71: =ROUND((SUM(SmtRes!BS25:'SmtRes'!BS40)),6) -> 56.0336 | AF71: =ROUND((SUM(SmtRes!BT25:'SmtRes'!BT40)),6) -> 2541.9501 | AG71: =ROUND((AP71),6) -> 0 | AH71: =(SUM(SmtRes!BU25:'SmtRes'!BU40)) -> 5.91 | AI71: =(SUM(SmtRes!BV25:'SmtRes'!BV40)) -> 0.14 | AJ71: =(AS71) -> 0 | AK71: 4351.3192 | AL71: 1550.541 | AM71: 202.7945 | AN71: 56.0336 | AO71: 2541.9501 | AP71: 0 | AQ71: 5.91 | AR71: 0.14 | AS71: 0 | AT71: 117 | AU71: 74 | AV71: 1 | AW71: 1 | AZ71: 1 | BA71: 1 | BB71: 1 | BC71: 1 | BH71: 0 | BI71: 1 | BJ71: ГЭСН-2022 доп.12, 24-02-051-01, приказ Минстроя России от 07.11.2024 г. № 747/пр | BM71: 24001 | BN71: 0 | BP71: 0 | BQ71: 2 | BR71: 0 | BS71: 1 | BT71: 1 | BU71: 1 | BV71: 1 | BW71: 1 | BX71: 1 | BZ71: 117 | CA71: 74 | CE71: 0 | CF71: 0 | CG71: 0 | CM71: 0 | CO71: 0 | CP71: =(P71+Q71+S71+R71) -> 4393.74 | CQ71: =SUMIF(SmtRes!AQ25:'SmtRes'!AQ40,"=1",SmtRes!AA25:'SmtRes'!AA40) -> 725440.17 | CR71: =SUMIF(SmtRes!AQ25:'SmtRes'!AQ40,"=1",SmtRes!AB25:'SmtRes'!AB40) -> 705.48 | CS71: =SUMIF(SmtRes!AQ25:'SmtRes'!AQ40,"=1",SmtRes!AC25:'SmtRes'!AC40) -> 400.24 | CT71: =SUMIF(SmtRes!AQ25:'SmtRes'!AQ40,"=1",SmtRes!AD25:'SmtRes'!AD40) -> 430.11 | CU71: =AG71 -> 0 | CV71: =SUMIF(SmtRes!AQ25:'SmtRes'!AQ40,"=1",SmtRes!BU25:'SmtRes'!BU40) -> 5.91 | CW71: =SUMIF(SmtRes!AQ25:'SmtRes'!AQ40,"=1",SmtRes!BV25:'SmtRes'!BV40) -> 0.14 | CX71: =AJ71 -> 0 | CY71: =(((S71+R71)*AT71)/100) -> 3039.6366 | CZ71: =(((S71+R71)*AU71)/100) -> 1922.5052 | DN71: 0 | DO71: 0 | DP71: 1 | DQ71: 1 | DU71: 1013 | DV71: ШТ | DW71: ШТ | DX71: 1 | EE71: 72340632 | EF71: 2 | EG71: Общестроительные работы | EH71: 18 | EI71: Наружные сети водопровода, канализации, теплоснабжения, газопроводы | EJ71: 1 | EK71: 24001 | EL71: Наружные сети водопровода, канализации, теплоснабжения, газопроводы | EM71: ФЕР-24 | EQ71: 0 | ER71: 0 | ES71: 0 | ET71: 0 | EU71: 0 | EV71: 0 | EW71: 5.91 | EX71: 0.14 | EY71: 0 | FQ71: 0 | FR71: 0 | FS71: 0 | FX71: 117 | FY71: 74 | GD71: 1 | GF71: 1113030288 | GG71: 2 | GH71: 1 | GI71: -2 | GJ71: 0 | GK71: 0 | GL71: =ROUND(IF(AND(BH71=3,BI71=3,FS71<>0),P71,0),2) -> 0 | GM71: =ROUND(O71+X71+Y71,2)+GX71 -> 9355.89 | GN71: =IF(OR(BI71=0,BI71=1),GM71-GX71,0) -> 9355.89 | GO71: =IF(BI71=2,GM71-GX71,0) -> 0 | GP71: =IF(BI71=4,GM71-GX71,0) -> 0 | GR71: 0 | GS71: 3 | GT71: 0 | GV71: =ROUND((GT71),6) -> 0 | GW71: 1 | GX71: =ROUND(HC71*I71,2) -> 0 | HA71: 0 | HB71: 0 | HC71: =GV71*GW71 -> 0 | HN71: Пр/812-018.0-1 | HO71: Пр/774-018.0 | HP71: Наружные сети водопровода, канализации, теплоснабжения, газопроводы | HQ71: Наружные сети водопровода, канализации, теплоснабжения, газопроводы | HS71: 0 | IK71: 0
A72: 17 | B72: 1 | E72: 9 | F72: 18.1.09.04-0001 | G72: Кран шаровой газовый стальной, присоединение к трубопроводу фланцевое, с комплектом ответных фланцев, прокладками и крепежом, номинальное давление 1,6 МПа, номинальный диаметр 50 мм | H72: ШТ | I72: 1 | J72: 0 | K72: 1 | O72: =ROUND(CP72,2) -> 10322.4 | P72: =ROUND(CQ72*I72,2) -> 10322.4 | Q72: =ROUND(CR72*I72,2) -> 0 | R72: =ROUND(CS72*I72,2) -> 0 | S72: =ROUND(CT72*I72,2) -> 0 | T72: =ROUND(CU72*I72,2) -> 0 | U72: =ROUND(CV72*I72,7) -> 0 | V72: =ROUND(CW72*I72,7) -> 0 | W72: =ROUND(CX72*I72,2) -> 0 | X72: =ROUND(CY72,2) -> 0 | Y72: =ROUND(CZ72,2) -> 0 | AA72: 74014550 | AB72: =ROUND((AC72+AD72+AF72),6) -> 8460.98 | AC72: =ROUND((ES72),6) -> 8460.98 | AD72: =ROUND((((ET72)-(EU72))+AE72),6) -> 0 | AE72: =ROUND((EU72),6) -> 0 | AF72: =ROUND((EV72),6) -> 0 | AG72: =ROUND((AP72),6) -> 0 | AH72: =(EW72) -> 0 | AI72: =(EX72) -> 0 | AJ72: =(AS72) -> 0 | AK72: 8460.98 | AL72: 8460.98 | AM72: 0 | AN72: 0 | AO72: 0 | AP72: 0 | AQ72: 0 | AR72: 0 | AS72: 0 | AT72: 0 | AU72: 0 | AV72: 1 | AW72: 1 | AZ72: 1 | BA72: 1 | BB72: 1 | BC72: 1.22 | BH72: 3 | BI72: 1 | BJ72: ФСБЦ-2022 доп.3, 18.1.09.04-0001, приказ Минстроя России от 26.10.2022 г. № 905/пр | BM72: 500001 | BN72: 0 | BO72: 18.1.09.04-0001 | BP72: 1 | BQ72: 8 | BR72: 0 | BS72: 1 | BT72: 1 | BU72: 1 | BV72: 1 | BW72: 1 | BX72: 1 | BZ72: 0 | CA72: 0 | CE72: 0 | CF72: 0 | CG72: 0 | CM72: 0 | CO72: 0 | CP72: =(P72+Q72+S72+R72) -> 10322.4 | CQ72: =ROUND(AL72*BC72,2) -> 10322.4 | CR72: =ROUND(AM72*BB72,2) -> 0 | CS72: =ROUND(AN72*BS72,2) -> 0 | CT72: =ROUND(AO72*BA72,2) -> 0 | CU72: =AG72 -> 0 | CV72: =AH72 -> 0 | CW72: =AI72 -> 0 | CX72: =AJ72 -> 0 | CY72: =0 -> 0 | CZ72: =0 -> 0 | DN72: 0 | DO72: 0 | DP72: 1 | DQ72: 1 | DU72: 1013 | DV72: ШТ | DW72: ШТ | DX72: 1 | EE72: 72340530 | EF72: 8 | EG72: Материалы строительные | EH72: 0 | EJ72: 1 | EK72: 500001 | EL72: Материалы и конструкции ( строительные ) по ценникам и каталогом | EM72: ФССЦст | EQ72: 0 | ER72: 8460.98 | ES72: 8460.98 | ET72: 0 | EU72: 0 | EV72: 0 | EW72: 0 | EX72: 0 | EY72: 0 | FQ72: 0 | FR72: 0 | FS72: 0 | FX72: 0 | FY72: 0 | GD72: 1 | GF72: -1359572944 | GG72: 2 | GH72: 1 | GI72: 2 | GJ72: 0 | GK72: 0 | GL72: =ROUND(IF(AND(BH72=3,BI72=3,FS72<>0),P72,0),2) -> 0 | GM72: =ROUND(O72+X72+Y72,2)+GX72 -> 10322.4 | GN72: =IF(OR(BI72=0,BI72=1),GM72-GX72,0) -> 10322.4 | GO72: =IF(BI72=2,GM72-GX72,0) -> 0 | GP72: =IF(BI72=4,GM72-GX72,0) -> 0 | GR72: 0 | GS72: 3 | GT72: 0 | GV72: =ROUND((GT72),6) -> 0 | GW72: 1 | GX72: =ROUND(HC72*I72,2) -> 0 | HA72: 0 | HB72: 0 | HC72: =GV72*GW72 -> 0 | HS72: 0 | IK72: 0
A73: 17 | B73: 1 | C73: =ROW(SmtRes!A45) -> 45 | D73: =ROW(EtalonRes!A47) -> 47 | E73: 10 | F73: 24-02-031-01 | G73: Укладка полиэтиленовых труб газопроводов в траншею со стационарно установленного барабана, диаметр труб: до 63 мм | H73: 100 м | I73: =ROUND(83/100,7) -> 0.83 | J73: 0 | K73: =ROUND(83/100,7) -> 0.83 | O73: =ROUND(CP73,2) -> 2461.92 | P73: =SUMIF(SmtRes!AQ41:'SmtRes'!AQ45,"=1",SmtRes!DF41:'SmtRes'!DF45) -> 0 | Q73: =SUMIF(SmtRes!AQ41:'SmtRes'!AQ45,"=1",SmtRes!DG41:'SmtRes'!DG45) -> 370.53 | R73: =SUMIF(SmtRes!AQ41:'SmtRes'!AQ45,"=1",SmtRes!DH41:'SmtRes'!DH45) -> 0 | S73: =SUMIF(SmtRes!AQ41:'SmtRes'!AQ45,"=1",SmtRes!DI41:'SmtRes'!DI45) -> 2091.39 | T73: =ROUND(CU73*I73,2) -> 0 | U73: =SUMIF(SmtRes!AQ41:'SmtRes'!AQ45,"=1",SmtRes!CV41:'SmtRes'!CV45) -> 4.731 | V73: =SUMIF(SmtRes!AQ41:'SmtRes'!AQ45,"=1",SmtRes!CW41:'SmtRes'!CW45) -> 0 | W73: =ROUND(CX73*I73,2) -> 0 | X73: =ROUND(CY73,2) -> 2446.93 | Y73: =ROUND(CZ73,2) -> 1547.63 | AA73: 74014550 | AB73: =ROUND((AC73+AD73+AF73),6) -> 2844.0744 | AC73: =ROUND((0),6) -> 0 | AD73: =ROUND((((SUM(SmtRes!BR41:'SmtRes'!BR45))-(0))+AE73),6) -> 324.3324 | AE73: =ROUND((0),6) -> 0 | AF73: =ROUND((SUM(SmtRes!BT41:'SmtRes'!BT45)),6) -> 2519.742 | AG73: =ROUND((AP73),6) -> 0 | AH73: =(SUM(SmtRes!BU41:'SmtRes'!BU45)) -> 5.7 | AI73: =(0) -> 0 | AJ73: =(AS73) -> 0 | AK73: 2844.0744 | AL73: 0 | AM73: 324.3324 | AN73: 0 | AO73: 2519.742 | AP73: 0 | AQ73: 5.7 | AR73: 0 | AS73: 0 | AT73: 117 | AU73: 74 | AV73: 1 | AW73: 1 | AZ73: 1 | BA73: 1 | BB73: 1 | BC73: 1 | BH73: 0 | BI73: 1 | BJ73: ГЭСН-2022, 24-02-031-01, приказ Минстроя России от 18.05.2022 г. № 378/пр | BM73: 24001 | BN73: 0 | BP73: 0 | BQ73: 2 | BR73: 0 | BS73: 1 | BT73: 1 | BU73: 1 | BV73: 1 | BW73: 1 | BX73: 1 | BZ73: 117 | CA73: 74 | CE73: 0 | CF73: 0 | CG73: 0 | CM73: 0 | CO73: 0 | CP73: =(P73+Q73+S73+R73) -> 2461.92 | CQ73: =SUMIF(SmtRes!AQ41:'SmtRes'!AQ45,"=1",SmtRes!AA41:'SmtRes'!AA45) -> 0 | CR73: =SUMIF(SmtRes!AQ41:'SmtRes'!AQ45,"=1",SmtRes!AB41:'SmtRes'!AB45) -> 518.44 | CS73: =SUMIF(SmtRes!AQ41:'SmtRes'!AQ45,"=1",SmtRes!AC41:'SmtRes'!AC45) -> 0 | CT73: =SUMIF(SmtRes!AQ41:'SmtRes'!AQ45,"=1",SmtRes!AD41:'SmtRes'!AD45) -> 442.06 | CU73: =AG73 -> 0 | CV73: =SUMIF(SmtRes!AQ41:'SmtRes'!AQ45,"=1",SmtRes!BU41:'SmtRes'!BU45) -> 5.7 | CW73: =SUMIF(SmtRes!AQ41:'SmtRes'!AQ45,"=1",SmtRes!BV41:'SmtRes'!BV45) -> 0 | CX73: =AJ73 -> 0 | CY73: =(((S73+R73)*AT73)/100) -> 2446.9263 | CZ73: =(((S73+R73)*AU73)/100) -> 1547.6286 | DN73: 0 | DO73: 0 | DP73: 1 | DQ73: 1 | DU73: 1003 | DV73: 100 м | DW73: 100 м | DX73: 100 | EE73: 72340632 | EF73: 2 | EG73: Общестроительные работы | EH73: 18 | EI73: Наружные сети водопровода, канализации, теплоснабжения, газопроводы | EJ73: 1 | EK73: 24001 | EL73: Наружные сети водопровода, канализации, теплоснабжения, газопроводы | EM73: ФЕР-24 | EQ73: 0 | ER73: 0 | ES73: 0 | ET73: 0 | EU73: 0 | EV73: 0 | EW73: 5.7 | EX73: 0 | EY73: 0 | FQ73: 0 | FR73: 0 | FS73: 0 | FX73: 117 | FY73: 74 | GD73: 1 | GF73: -705619183 | GG73: 2 | GH73: 1 | GI73: -2 | GJ73: 0 | GK73: 0 | GL73: =ROUND(IF(AND(BH73=3,BI73=3,FS73<>0),P73,0),2) -> 0 | GM73: =ROUND(O73+X73+Y73,2)+GX73 -> 6456.48 | GN73: =IF(OR(BI73=0,BI73=1),GM73-GX73,0) -> 6456.48 | GO73: =IF(BI73=2,GM73-GX73,0) -> 0 | GP73: =IF(BI73=4,GM73-GX73,0) -> 0 | GR73: 0 | GS73: 3 | GT73: 0 | GV73: =ROUND((GT73),6) -> 0 | GW73: 1 | GX73: =ROUND(HC73*I73,2) -> 0 | HA73: 0 | HB73: 0 | HC73: =GV73*GW73 -> 0 | HN73: Пр/812-018.0-1 | HO73: Пр/774-018.0 | HP73: Наружные сети водопровода, канализации, теплоснабжения, газопроводы | HQ73: Наружные сети водопровода, канализации, теплоснабжения, газопроводы | HS73: 0 | IK73: 0
A74: 18 | B74: 1 | C74: 44 | E74: 10,1 | F74: 24.3.03.11-0071 | G74: Трубы напорные полиэтиленовые газопроводные с защитным покрытием ПЭ100, стандартное размерное отношение SDR11, номинальный наружный диаметр 63 мм, толщина стенки 5,8 мм | H74: м | I74: =I73*J74 -> 0 | J74: 0 | K74: 0 | O74: =ROUND(CP74,2) -> 0 | P74: =ROUND(CQ74*I74,2) -> 0 | Q74: =ROUND(CR74*I74,2) -> 0 | R74: =ROUND(CS74*I74,2) -> 0 | S74: =ROUND(CT74*I74,2) -> 0 | T74: =ROUND(CU74*I74,2) -> 0 | U74: =ROUND(CV74*I74,7) -> 0 | V74: =ROUND(CW74*I74,7) -> 0 | W74: =ROUND(CX74*I74,2) -> 0 | X74: =ROUND(CY74,2) -> 0 | Y74: =ROUND(CZ74,2) -> 0 | AA74: 74014550 | AB74: =ROUND((AC74+AD74+AF74),6) -> 445.96 | AC74: =ROUND((ES74),6) -> 445.96 | AD74: =ROUND((((ET74)-(EU74))+AE74),6) -> 0 | AE74: =ROUND((EU74),6) -> 0 | AF74: =ROUND((EV74),6) -> 0 | AG74: =ROUND((AP74),6) -> 0 | AH74: =(EW74) -> 0 | AI74: =(EX74) -> 0 | AJ74: =(AS74) -> 0 | AK74: 445.96 | AL74: 445.96 | AM74: 0 | AN74: 0 | AO74: 0 | AP74: 0 | AQ74: 0 | AR74: 0 | AS74: 0 | AT74: 117 | AU74: 74 | AV74: 1 | AW74: 1 | AZ74: 1 | BA74: 1 | BB74: 1 | BC74: 1 | BH74: 3 | BI74: 1 | BJ74: ФСБЦ-2022, 24.3.03.11-0071, приказ Минстроя России от 18.05.2022 г. № 378/пр | BM74: 24001 | BN74: 0 | BP74: 0 | BQ74: 2 | BR74: 0 | BS74: 1 | BT74: 1 | BU74: 1 | BV74: 1 | BW74: 1 | BX74: 1 | BZ74: 117 | CA74: 74 | CE74: 0 | CF74: 0 | CG74: 0 | CM74: 0 | CO74: 0 | CP74: =(P74+Q74+S74+R74) -> 0 | CQ74: =ROUND(AL74*BC74,2) -> 445.96 | CR74: =ROUND(AM74*BB74,2) -> 0 | CS74: =ROUND(AN74*BS74,2) -> 0 | CT74: =ROUND(AO74*BA74,2) -> 0 | CU74: =AG74 -> 0 | CV74: =AH74 -> 0 | CW74: =AI74 -> 0 | CX74: =AJ74 -> 0 | CY74: =(((S74+R74)*AT74)/100) -> 0 | CZ74: =(((S74+R74)*AU74)/100) -> 0 | DN74: 0 | DO74: 0 | DP74: 1 | DQ74: 1 | DU74: 1003 | DV74: м | DW74: м | DX74: 1 | EE74: 72340632 | EF74: 2 | EG74: Общестроительные работы | EH74: 18 | EI74: Наружные сети водопровода, канализации, теплоснабжения, газопроводы | EJ74: 1 | EK74: 24001 | EL74: Наружные сети водопровода, канализации, теплоснабжения, газопроводы | EM74: ФЕР-24 | EQ74: 0 | ER74: 445.96 | ES74: 445.96 | ET74: 0 | EU74: 0 | EV74: 0 | EW74: 0 | EX74: 0 | FQ74: 0 | FR74: 0 | FS74: 0 | FX74: 117 | FY74: 74 | GD74: 1 | GE74: 356.47 | GF74: -1478815123 | GG74: 2 | GH74: 1 | GI74: -2 | GJ74: 0 | GK74: 0 | GL74: =ROUND(IF(AND(BH74=3,BI74=3,FS74<>0),P74,0),2) -> 0 | GM74: =ROUND(O74+X74+Y74,2)+GX74 -> 0 | GN74: =IF(OR(BI74=0,BI74=1),GM74-GX74,0) -> 0 | GO74: =IF(BI74=2,GM74-GX74,0) -> 0 | GP74: =IF(BI74=4,GM74-GX74,0) -> 0 | GR74: 3 | GS74: 3 | GT74: 0 | GV74: =ROUND((GT74),6) -> 0 | GW74: 1 | GX74: =ROUND(HC74*I74,2) -> 0 | HA74: 0 | HB74: 0 | HC74: =GV74*GW74 -> 0 | HN74: Пр/812-018.0-1 | HO74: Пр/774-018.0 | HP74: Наружные сети водопровода, канализации, теплоснабжения, газопроводы | HQ74: Наружные сети водопровода, канализации, теплоснабжения, газопроводы | HS74: 0 | IK74: 0
A75: 17 | B75: 1 | E75: 11 | F75: 24.3.03.11-0024 | G75: Трубы напорные полиэтиленовые газопроводные ПЭ100, стандартное размерное отношение SDR11, номинальный наружный диаметр 63 мм, толщина стенки 5,8 мм | H75: м | I75: 83 | J75: 0 | K75: 83 | O75: =ROUND(CP75,2) -> 17737.1 | P75: =ROUND(CQ75*I75,2) -> 17737.1 | Q75: =ROUND(CR75*I75,2) -> 0 | R75: =ROUND(CS75*I75,2) -> 0 | S75: =ROUND(CT75*I75,2) -> 0 | T75: =ROUND(CU75*I75,2) -> 0 | U75: =ROUND(CV75*I75,7) -> 0 | V75: =ROUND(CW75*I75,7) -> 0 | W75: =ROUND(CX75*I75,2) -> 0 | X75: =ROUND(CY75,2) -> 0 | Y75: =ROUND(CZ75,2) -> 0 | AA75: 74014550 | AB75: =ROUND((AC75+AD75+AF75),6) -> 207.48 | AC75: =ROUND((ES75),6) -> 207.48 | AD75: =ROUND((((ET75)-(EU75))+AE75),6) -> 0 | AE75: =ROUND((EU75),6) -> 0 | AF75: =ROUND((EV75),6) -> 0 | AG75: =ROUND((AP75),6) -> 0 | AH75: =(EW75) -> 0 | AI75: =(EX75) -> 0 | AJ75: =(AS75) -> 0 | AK75: 207.48 | AL75: 207.48 | AM75: 0 | AN75: 0 | AO75: 0 | AP75: 0 | AQ75: 0 | AR75: 0 | AS75: 0 | AT75: 0 | AU75: 0 | AV75: 1 | AW75: 1 | AZ75: 1 | BA75: 1 | BB75: 1 | BC75: 1.03 | BH75: 3 | BI75: 1 | BJ75: ФСБЦ-2022, 24.3.03.11-0024, приказ Минстроя России от 18.05.2022 г. № 378/пр | BM75: 500001 | BN75: 0 | BO75: 24.3.03.11-0024 | BP75: 1 | BQ75: 8 | BR75: 0 | BS75: 1 | BT75: 1 | BU75: 1 | BV75: 1 | BW75: 1 | BX75: 1 | BZ75: 0 | CA75: 0 | CE75: 0 | CF75: 0 | CG75: 0 | CM75: 0 | CO75: 0 | CP75: =(P75+Q75+S75+R75) -> 17737.1 | CQ75: =ROUND(AL75*BC75,2) -> 213.7 | CR75: =ROUND(AM75*BB75,2) -> 0 | CS75: =ROUND(AN75*BS75,2) -> 0 | CT75: =ROUND(AO75*BA75,2) -> 0 | CU75: =AG75 -> 0 | CV75: =AH75 -> 0 | CW75: =AI75 -> 0 | CX75: =AJ75 -> 0 | CY75: =0 -> 0 | CZ75: =0 -> 0 | DN75: 0 | DO75: 0 | DP75: 1 | DQ75: 1 | DU75: 1003 | DV75: м | DW75: м | DX75: 1 | EE75: 72340530 | EF75: 8 | EG75: Материалы строительные | EH75: 0 | EJ75: 1 | EK75: 500001 | EL75: Материалы и конструкции ( строительные ) по ценникам и каталогом | EM75: ФССЦст | EQ75: 0 | ER75: 207.48 | ES75: 207.48 | ET75: 0 | EU75: 0 | EV75: 0 | EW75: 0 | EX75: 0 | EY75: 0 | FQ75: 0 | FR75: 0 | FS75: 0 | FX75: 0 | FY75: 0 | GD75: 1 | GF75: 1514949694 | GG75: 2 | GH75: 1 | GI75: 2 | GJ75: 0 | GK75: 0 | GL75: =ROUND(IF(AND(BH75=3,BI75=3,FS75<>0),P75,0),2) -> 0 | GM75: =ROUND(O75+X75+Y75,2)+GX75 -> 17737.1 | GN75: =IF(OR(BI75=0,BI75=1),GM75-GX75,0) -> 17737.1 | GO75: =IF(BI75=2,GM75-GX75,0) -> 0 | GP75: =IF(BI75=4,GM75-GX75,0) -> 0 | GR75: 0 | GS75: 3 | GT75: 0 | GV75: =ROUND((GT75),6) -> 0 | GW75: 1 | GX75: =ROUND(HC75*I75,2) -> 0 | HA75: 0 | HB75: 0 | HC75: =GV75*GW75 -> 0 | HS75: 0 | IK75: 0
A76: 17 | B76: 1 | E76: 12 | F76: 24.3.05.02-0133 | G76: Заглушка полиэтиленовая электросварная для газо- и водоснабжения, ПЭ100, стандартное размерное отношение SDR11, диаметр 63 мм | H76: ШТ | I76: 1 | J76: 0 | K76: 1 | O76: =ROUND(CP76,2) -> 1058.28 | P76: =ROUND(CQ76*I76,2) -> 1058.28 | Q76: =ROUND(CR76*I76,2) -> 0 | R76: =ROUND(CS76*I76,2) -> 0 | S76: =ROUND(CT76*I76,2) -> 0 | T76: =ROUND(CU76*I76,2) -> 0 | U76: =ROUND(CV76*I76,7) -> 0 | V76: =ROUND(CW76*I76,7) -> 0 | W76: =ROUND(CX76*I76,2) -> 0 | X76: =ROUND(CY76,2) -> 0 | Y76: =ROUND(CZ76,2) -> 0 | AA76: 74014550 | AB76: =ROUND((AC76+AD76+AF76),6) -> 1027.46 | AC76: =ROUND((ES76),6) -> 1027.46 | AD76: =ROUND((((ET76)-(EU76))+AE76),6) -> 0 | AE76: =ROUND((EU76),6) -> 0 | AF76: =ROUND((EV76),6) -> 0 | AG76: =ROUND((AP76),6) -> 0 | AH76: =(EW76) -> 0 | AI76: =(EX76) -> 0 | AJ76: =(AS76) -> 0 | AK76: 1027.46 | AL76: 1027.46 | AM76: 0 | AN76: 0 | AO76: 0 | AP76: 0 | AQ76: 0 | AR76: 0 | AS76: 0 | AT76: 0 | AU76: 0 | AV76: 1 | AW76: 1 | AZ76: 1 | BA76: 1 | BB76: 1 | BC76: 1.03 | BH76: 3 | BI76: 1 | BJ76: ФСБЦ-2022, 24.3.05.02-0133, приказ Минстроя России от 18.05.2022 г. № 378/пр | BM76: 500001 | BN76: 0 | BO76: 24.3.05.02-0133 | BP76: 1 | BQ76: 8 | BR76: 0 | BS76: 1 | BT76: 1 | BU76: 1 | BV76: 1 | BW76: 1 | BX76: 1 | BZ76: 0 | CA76: 0 | CE76: 0 | CF76: 0 | CG76: 0 | CM76: 0 | CO76: 0 | CP76: =(P76+Q76+S76+R76) -> 1058.28 | CQ76: =ROUND(AL76*BC76,2) -> 1058.28 | CR76: =ROUND(AM76*BB76,2) -> 0 | CS76: =ROUND(AN76*BS76,2) -> 0 | CT76: =ROUND(AO76*BA76,2) -> 0 | CU76: =AG76 -> 0 | CV76: =AH76 -> 0 | CW76: =AI76 -> 0 | CX76: =AJ76 -> 0 | CY76: =0 -> 0 | CZ76: =0 -> 0 | DN76: 0 | DO76: 0 | DP76: 1 | DQ76: 1 | DU76: 1013 | DV76: ШТ | DW76: ШТ | DX76: 1 | EE76: 72340530 | EF76: 8 | EG76: Материалы строительные | EH76: 0 | EJ76: 1 | EK76: 500001 | EL76: Материалы и конструкции ( строительные ) по ценникам и каталогом | EM76: ФССЦст | EQ76: 0 | ER76: 1027.46 | ES76: 1027.46 | ET76: 0 | EU76: 0 | EV76: 0 | EW76: 0 | EX76: 0 | EY76: 0 | FQ76: 0 | FR76: 0 | FS76: 0 | FX76: 0 | FY76: 0 | GD76: 1 | GF76: 1568139963 | GG76: 2 | GH76: 1 | GI76: 2 | GJ76: 0 | GK76: 0 | GL76: =ROUND(IF(AND(BH76=3,BI76=3,FS76<>0),P76,0),2) -> 0 | GM76: =ROUND(O76+X76+Y76,2)+GX76 -> 1058.28 | GN76: =IF(OR(BI76=0,BI76=1),GM76-GX76,0) -> 1058.28 | GO76: =IF(BI76=2,GM76-GX76,0) -> 0 | GP76: =IF(BI76=4,GM76-GX76,0) -> 0 | GR76: 0 | GS76: 3 | GT76: 0 | GV76: =ROUND((GT76),6) -> 0 | GW76: 1 | GX76: =ROUND(HC76*I76,2) -> 0 | HA76: 0 | HB76: 0 | HC76: =GV76*GW76 -> 0 | HS76: 0 | IK76: 0
A77: 17 | B77: 1 | C77: =ROW(SmtRes!A55) -> 55 | D77: =ROW(EtalonRes!A63) -> 63 | E77: 13 | F77: 24-02-063-03 | G77: Устройство цокольного газового ввода на наружных сетях полиэтиленовых газопроводов с соединением "сталь-полиэтилен", диаметр газопровода: 63 мм | H77: 10 узлов | I77: =ROUND(1/10,7) -> 0.1 | J77: 0 | K77: =ROUND(1/10,7) -> 0.1 | O77: =ROUND(CP77,2) -> 2837.94 | P77: =SUMIF(SmtRes!AQ46:'SmtRes'!AQ55,"=1",SmtRes!DF46:'SmtRes'!DF55) -> 5.55 | Q77: =SUMIF(SmtRes!AQ46:'SmtRes'!AQ55,"=1",SmtRes!DG46:'SmtRes'!DG55) -> 30.65 | R77: =SUMIF(SmtRes!AQ46:'SmtRes'!AQ55,"=1",SmtRes!DH46:'SmtRes'!DH55) -> 3.6 | S77: =SUMIF(SmtRes!AQ46:'SmtRes'!AQ55,"=1",SmtRes!DI46:'SmtRes'!DI55) -> 2798.14 | T77: =ROUND(CU77*I77,2) -> 0 | U77: =SUMIF(SmtRes!AQ46:'SmtRes'!AQ55,"=1",SmtRes!CV46:'SmtRes'!CV55) -> 6.993 | V77: =SUMIF(SmtRes!AQ46:'SmtRes'!AQ55,"=1",SmtRes!CW46:'SmtRes'!CW55) -> 0.009 | W77: =ROUND(CX77*I77,2) -> 0 | X77: =ROUND(CY77,2) -> 3278.04 | Y77: =ROUND(CZ77,2) -> 2073.29 | AA77: 74014550 | AB77: =ROUND((AC77+AD77+AF77),6) -> 28301.575 | AC77: =ROUND((SUM(SmtRes!BQ46:'SmtRes'!BQ55)),6) -> 50.6927 | AD77: =ROUND((((SUM(SmtRes!BR46:'SmtRes'!BR55))-(SUM(SmtRes!BS46:'SmtRes'!BS55)))+AE77),6) -> 269.5665 | AE77: =ROUND((SUM(SmtRes!BS46:'SmtRes'!BS55)),6) -> 36.0216 | AF77: =ROUND((SUM(SmtRes!BT46:'SmtRes'!BT55)),6) -> 27981.316 | AG77: =ROUND((AP77),6) -> 0 | AH77: =(SUM(SmtRes!BU46:'SmtRes'!BU55)) -> 69.93 | AI77: =(SUM(SmtRes!BV46:'SmtRes'!BV55)) -> 0.09 | AJ77: =(AS77) -> 0 | AK77: 28337.597 | AL77: 50.6927 | AM77: 269.5665 | AN77: 36.0216 | AO77: 27981.316 | AP77: 0 | AQ77: 69.93 | AR77: 0.09 | AS77: 0 | AT77: 117 | AU77: 74 | AV77: 1 | AW77: 1 | AZ77: 1 | BA77: 1 | BB77: 1 | BC77: 1 | BH77: 0 | BI77: 1 | BJ77: ГЭСН-2022 доп.7, 24-02-063-03, приказ Минстроя России от 02.08.2023 г. № 551/пр | BM77: 24001 | BN77: 0 | BP77: 0 | BQ77: 2 | BR77: 0 | BS77: 1 | BT77: 1 | BU77: 1 | BV77: 1 | BW77: 1 | BX77: 1 | BZ77: 117 | CA77: 74 | CE77: 0 | CF77: 0 | CG77: 0 | CM77: 0 | CO77: 0 | CP77: =(P77+Q77+S77+R77) -> 2837.94 | CQ77: =SUMIF(SmtRes!AQ46:'SmtRes'!AQ55,"=1",SmtRes!AA46:'SmtRes'!AA55) -> 325.12 | CR77: =SUMIF(SmtRes!AQ46:'SmtRes'!AQ55,"=1",SmtRes!AB46:'SmtRes'!AB55) -> 717.97 | CS77: =SUMIF(SmtRes!AQ46:'SmtRes'!AQ55,"=1",SmtRes!AC46:'SmtRes'!AC55) -> 400.24 | CT77: =SUMIF(SmtRes!AQ46:'SmtRes'!AQ55,"=1",SmtRes!AD46:'SmtRes'!AD55) -> 725.81 | CU77: =AG77 -> 0 | CV77: =SUMIF(SmtRes!AQ46:'SmtRes'!AQ55,"=1",SmtRes!BU46:'SmtRes'!BU55) -> 69.93 | CW77: =SUMIF(SmtRes!AQ46:'SmtRes'!AQ55,"=1",SmtRes!BV46:'SmtRes'!BV55) -> 0.09 | CX77: =AJ77 -> 0 | CY77: =(((S77+R77)*AT77)/100) -> 3278.0358 | CZ77: =(((S77+R77)*AU77)/100) -> 2073.2876 | DN77: 0 | DO77: 0 | DP77: 1 | DQ77: 1 | DU77: 1013 | DV77: 10 узлов | DW77: 10 узлов | DX77: 1 | EE77: 72340632 | EF77: 2 | EG77: Общестроительные работы | EH77: 18 | EI77: Наружные сети водопровода, канализации, теплоснабжения, газопроводы | EJ77: 1 | EK77: 24001 | EL77: Наружные сети водопровода, канализации, теплоснабжения, газопроводы | EM77: ФЕР-24 | EQ77: 0 | ER77: 0 | ES77: 0 | ET77: 0 | EU77: 0 | EV77: 0 | EW77: 69.93 | EX77: 0.09 | EY77: 0 | FQ77: 0 | FR77: 0 | FS77: 0 | FX77: 117 | FY77: 74 | GD77: 1 | GF77: 2103600629 | GG77: 2 | GH77: 1 | GI77: -2 | GJ77: 0 | GK77: 0 | GL77: =ROUND(IF(AND(BH77=3,BI77=3,FS77<>0),P77,0),2) -> 0 | GM77: =ROUND(O77+X77+Y77,2)+GX77 -> 8189.27 | GN77: =IF(OR(BI77=0,BI77=1),GM77-GX77,0) -> 8189.27 | GO77: =IF(BI77=2,GM77-GX77,0) -> 0 | GP77: =IF(BI77=4,GM77-GX77,0) -> 0 | GR77: 0 | GS77: 3 | GT77: 0 | GV77: =ROUND((GT77),6) -> 0 | GW77: 1 | GX77: =ROUND(HC77*I77,2) -> 0 | HA77: 0 | HB77: 0 | HC77: =GV77*GW77 -> 0 | HN77: Пр/812-018.0-1 | HO77: Пр/774-018.0 | HP77: Наружные сети водопровода, канализации, теплоснабжения, газопроводы | HQ77: Наружные сети водопровода, канализации, теплоснабжения, газопроводы | HS77: 0 | IK77: 0
A78: 17 | B78: 1 | E78: 14 | F78: 18.4.01.09-0116 | G78: Ввод цокольный полиэтилен-сталь Г-образный для полиэтиленового газопровода низкого, среднего и высокого давления, ПЭ100, SDR 11, со стальным футляром и защитным ленточно-полимерным покрытием, диаметр полиэтиленового патрубка 63 мм, диаметр стального патрубка 57 мм, габаритные размеры 2000х1500 мм | H78: ШТ | I78: 1 | J78: 0 | K78: 1 | O78: =ROUND(CP78,2) -> 7636.51 | P78: =ROUND(CQ78*I78,2) -> 7636.51 | Q78: =ROUND(CR78*I78,2) -> 0 | R78: =ROUND(CS78*I78,2) -> 0 | S78: =ROUND(CT78*I78,2) -> 0 | T78: =ROUND(CU78*I78,2) -> 0 | U78: =ROUND(CV78*I78,7) -> 0 | V78: =ROUND(CW78*I78,7) -> 0 | W78: =ROUND(CX78*I78,2) -> 0 | X78: =ROUND(CY78,2) -> 0 | Y78: =ROUND(CZ78,2) -> 0 | AA78: 74014550 | AB78: =ROUND((AC78+AD78+AF78),6) -> 7414.09 | AC78: =ROUND((ES78),6) -> 7414.09 | AD78: =ROUND((((ET78)-(EU78))+AE78),6) -> 0 | AE78: =ROUND((EU78),6) -> 0 | AF78: =ROUND((EV78),6) -> 0 | AG78: =ROUND((AP78),6) -> 0 | AH78: =(EW78) -> 0 | AI78: =(EX78) -> 0 | AJ78: =(AS78) -> 0 | AK78: 7414.09 | AL78: 7414.09 | AM78: 0 | AN78: 0 | AO78: 0 | AP78: 0 | AQ78: 0 | AR78: 0 | AS78: 0 | AT78: 0 | AU78: 0 | AV78: 1 | AW78: 1 | AZ78: 1 | BA78: 1 | BB78: 1 | BC78: 1.03 | BH78: 3 | BI78: 1 | BJ78: ФСБЦ-2022 доп.17, 18.4.01.09-0116, приказ Минстроя России от 17.02.2026 г. № 91/пр | BM78: 500001 | BN78: 0 | BO78: 18.4.01.09-0116 | BP78: 1 | BQ78: 8 | BR78: 0 | BS78: 1 | BT78: 1 | BU78: 1 | BV78: 1 | BW78: 1 | BX78: 1 | BZ78: 0 | CA78: 0 | CE78: 0 | CF78: 0 | CG78: 0 | CM78: 0 | CO78: 0 | CP78: =(P78+Q78+S78+R78) -> 7636.51 | CQ78: =ROUND(AL78*BC78,2) -> 7636.51 | CR78: =ROUND(AM78*BB78,2) -> 0 | CS78: =ROUND(AN78*BS78,2) -> 0 | CT78: =ROUND(AO78*BA78,2) -> 0 | CU78: =AG78 -> 0 | CV78: =AH78 -> 0 | CW78: =AI78 -> 0 | CX78: =AJ78 -> 0 | CY78: =0 -> 0 | CZ78: =0 -> 0 | DN78: 0 | DO78: 0 | DP78: 1 | DQ78: 1 | DU78: 1013 | DV78: ШТ | DW78: ШТ | DX78: 1 | EE78: 72340530 | EF78: 8 | EG78: Материалы строительные | EH78: 0 | EJ78: 1 | EK78: 500001 | EL78: Материалы и конструкции ( строительные ) по ценникам и каталогом | EM78: ФССЦст | EQ78: 0 | ER78: 7414.09 | ES78: 7414.09 | ET78: 0 | EU78: 0 | EV78: 0 | EW78: 0 | EX78: 0 | EY78: 0 | FQ78: 0 | FR78: 0 | FS78: 0 | FX78: 0 | FY78: 0 | GD78: 1 | GF78: -1855228557 | GG78: 2 | GH78: 1 | GI78: 2 | GJ78: 0 | GK78: 0 | GL78: =ROUND(IF(AND(BH78=3,BI78=3,FS78<>0),P78,0),2) -> 0 | GM78: =ROUND(O78+X78+Y78,2)+GX78 -> 7636.51 | GN78: =IF(OR(BI78=0,BI78=1),GM78-GX78,0) -> 7636.51 | GO78: =IF(BI78=2,GM78-GX78,0) -> 0 | GP78: =IF(BI78=4,GM78-GX78,0) -> 0 | GR78: 0 | GS78: 3 | GT78: 0 | GV78: =ROUND((GT78),6) -> 0 | GW78: 1 | GX78: =ROUND(HC78*I78,2) -> 0 | HA78: 0 | HB78: 0 | HC78: =GV78*GW78 -> 0 | HS78: 0 | IK78: 0
A79: 17 | B79: 1 | C79: =ROW(SmtRes!A61) -> 61 | D79: =ROW(EtalonRes!A69) -> 69 | E79: 15 | F79: 24-02-002-02 | G79: Сварка полиэтиленовых труб при помощи соединительных деталей с закладными электронагревателями, диаметр труб: свыше 32 до 63 мм | H79: соединение | I79: 1 | J79: 0 | K79: 1 | O79: =ROUND(CP79,2) -> 148.06 | P79: =SUMIF(SmtRes!AQ56:'SmtRes'!AQ61,"=1",SmtRes!DF56:'SmtRes'!DF61) -> 20.23 | Q79: =SUMIF(SmtRes!AQ56:'SmtRes'!AQ61,"=1",SmtRes!DG56:'SmtRes'!DG61) -> 4.05 | R79: =SUMIF(SmtRes!AQ56:'SmtRes'!AQ61,"=1",SmtRes!DH56:'SmtRes'!DH61) -> 0 | S79: =SUMIF(SmtRes!AQ56:'SmtRes'!AQ61,"=1",SmtRes!DI56:'SmtRes'!DI61) -> 123.78 | T79: =ROUND(CU79*I79,2) -> 0 | U79: =SUMIF(SmtRes!AQ56:'SmtRes'!AQ61,"=1",SmtRes!CV56:'SmtRes'!CV61) -> 0.32 | V79: =SUMIF(SmtRes!AQ56:'SmtRes'!AQ61,"=1",SmtRes!CW56:'SmtRes'!CW61) -> 0 | W79: =ROUND(CX79*I79,2) -> 0 | X79: =ROUND(CY79,2) -> 144.82 | Y79: =ROUND(CZ79,2) -> 91.6 | AA79: 74014550 | AB79: =ROUND((AC79+AD79+AF79),6) -> 138.56632 | AC79: =ROUND((SUM(SmtRes!BQ56:'SmtRes'!BQ61)),6) -> 12.04842 | AD79: =ROUND((((SUM(SmtRes!BR56:'SmtRes'!BR61))-(0))+AE79),6) -> 2.7419 | AE79: =ROUND((0),6) -> 0 | AF79: =ROUND((SUM(SmtRes!BT56:'SmtRes'!BT61)),6) -> 123.776 | AG79: =ROUND((AP79),6) -> 0 | AH79: =(SUM(SmtRes!BU56:'SmtRes'!BU61)) -> 0.32 | AI79: =(0) -> 0 | AJ79: =(AS79) -> 0 | AK79: 138.56632 | AL79: 12.04842 | AM79: 2.7419 | AN79: 0 | AO79: 123.776 | AP79: 0 | AQ79: 0.32 | AR79: 0 | AS79: 0 | AT79: 117 | AU79: 74 | AV79: 1 | AW79: 1 | AZ79: 1 | BA79: 1 | BB79: 1 | BC79: 1 | BH79: 0 | BI79: 1 | BJ79: ГЭСН-2022, 24-02-002-02, приказ Минстроя России от 18.05.2022 г. № 378/пр | BM79: 24001 | BN79: 0 | BP79: 0 | BQ79: 2 | BR79: 0 | BS79: 1 | BT79: 1 | BU79: 1 | BV79: 1 | BW79: 1 | BX79: 1 | BZ79: 117 | CA79: 74 | CE79: 0 | CF79: 0 | CG79: 0 | CM79: 0 | CO79: 0 | CP79: =(P79+Q79+S79+R79) -> 148.06 | CQ79: =SUMIF(SmtRes!AQ56:'SmtRes'!AQ61,"=1",SmtRes!AA56:'SmtRes'!AA61) -> 1094.1 | CR79: =SUMIF(SmtRes!AQ56:'SmtRes'!AQ61,"=1",SmtRes!AB56:'SmtRes'!AB61) -> 18.15 | CS79: =SUMIF(SmtRes!AQ56:'SmtRes'!AQ61,"=1",SmtRes!AC56:'SmtRes'!AC61) -> 0 | CT79: =SUMIF(SmtRes!AQ56:'SmtRes'!AQ61,"=1",SmtRes!AD56:'SmtRes'!AD61) -> 386.8 | CU79: =AG79 -> 0 | CV79: =SUMIF(SmtRes!AQ56:'SmtRes'!AQ61,"=1",SmtRes!BU56:'SmtRes'!BU61) -> 0.32 | CW79: =SUMIF(SmtRes!AQ56:'SmtRes'!AQ61,"=1",SmtRes!BV56:'SmtRes'!BV61) -> 0 | CX79: =AJ79 -> 0 | CY79: =(((S79+R79)*AT79)/100) -> 144.8226 | CZ79: =(((S79+R79)*AU79)/100) -> 91.5972 | DN79: 0 | DO79: 0 | DP79: 1 | DQ79: 1 | DU79: 1013 | DV79: соединение | DW79: соединение | DX79: 1 | EE79: 72340632 | EF79: 2 | EG79: Общестроительные работы | EH79: 18 | EI79: Наружные сети водопровода, канализации, теплоснабжения, газопроводы | EJ79: 1 | EK79: 24001 | EL79: Наружные сети водопровода, канализации, теплоснабжения, газопроводы | EM79: ФЕР-24 | EQ79: 0 | ER79: 0 | ES79: 0 | ET79: 0 | EU79: 0 | EV79: 0 | EW79: 0.32 | EX79: 0 | EY79: 0 | FQ79: 0 | FR79: 0 | FS79: 0 | FX79: 117 | FY79: 74 | GD79: 1 | GF79: -1363492276 | GG79: 2 | GH79: 1 | GI79: -2 | GJ79: 0 | GK79: 0 | GL79: =ROUND(IF(AND(BH79=3,BI79=3,FS79<>0),P79,0),2) -> 0 | GM79: =ROUND(O79+X79+Y79,2)+GX79 -> 384.48 | GN79: =IF(OR(BI79=0,BI79=1),GM79-GX79,0) -> 384.48 | GO79: =IF(BI79=2,GM79-GX79,0) -> 0 | GP79: =IF(BI79=4,GM79-GX79,0) -> 0 | GR79: 0 | GS79: 3 | GT79: 0 | GV79: =ROUND((GT79),6) -> 0 | GW79: 1 | GX79: =ROUND(HC79*I79,2) -> 0 | HA79: 0 | HB79: 0 | HC79: =GV79*GW79 -> 0 | HN79: Пр/812-018.0-1 | HO79: Пр/774-018.0 | HP79: Наружные сети водопровода, канализации, теплоснабжения, газопроводы | HQ79: Наружные сети водопровода, канализации, теплоснабжения, газопроводы | HS79: 0 | IK79: 0
A80: 18 | B80: 1 | C80: 61 | E80: 15,1 | F80: 24.3.05.07-0603 | G80: Муфта полиэтиленовая электросварная, ПЭ100, SDR11, диаметр 63 мм | H80: ШТ | I80: =I79*J80 -> 1 | J80: 1 | K80: 1 | O80: =ROUND(CP80,2) -> 262.69 | P80: =ROUND(CQ80*I80,2) -> 262.69 | Q80: =ROUND(CR80*I80,2) -> 0 | R80: =ROUND(CS80*I80,2) -> 0 | S80: =ROUND(CT80*I80,2) -> 0 | T80: =ROUND(CU80*I80,2) -> 0 | U80: =ROUND(CV80*I80,7) -> 0 | V80: =ROUND(CW80*I80,7) -> 0 | W80: =ROUND(CX80*I80,2) -> 0 | X80: =ROUND(CY80,2) -> 0 | Y80: =ROUND(CZ80,2) -> 0 | AA80: 74014550 | AB80: =ROUND((AC80+AD80+AF80),6) -> 206.84 | AC80: =ROUND((ES80),6) -> 206.84 | AD80: =ROUND((((ET80)-(EU80))+AE80),6) -> 0 | AE80: =ROUND((EU80),6) -> 0 | AF80: =ROUND((EV80),6) -> 0 | AG80: =ROUND((AP80),6) -> 0 | AH80: =(EW80) -> 0 | AI80: =(EX80) -> 0 | AJ80: =(AS80) -> 0 | AK80: 206.84 | AL80: 206.84 | AM80: 0 | AN80: 0 | AO80: 0 | AP80: 0 | AQ80: 0 | AR80: 0 | AS80: 0 | AT80: 117 | AU80: 74 | AV80: 1 | AW80: 1 | AZ80: 1 | BA80: 1 | BB80: 1 | BC80: 1.27 | BH80: 3 | BI80: 1 | BJ80: ФСБЦ-2022, 24.3.05.07-0603, приказ Минстроя России от 18.05.2022 г. № 378/пр | BM80: 24001 | BN80: 0 | BO80: 24.3.05.07-0603 | BP80: 1 | BQ80: 2 | BR80: 0 | BS80: 1 | BT80: 1 | BU80: 1 | BV80: 1 | BW80: 1 | BX80: 1 | BZ80: 117 | CA80: 74 | CE80: 0 | CF80: 0 | CG80: 0 | CM80: 0 | CO80: 0 | CP80: =(P80+Q80+S80+R80) -> 262.69 | CQ80: =ROUND(AL80*BC80,2) -> 262.69 | CR80: =ROUND(AM80*BB80,2) -> 0 | CS80: =ROUND(AN80*BS80,2) -> 0 | CT80: =ROUND(AO80*BA80,2) -> 0 | CU80: =AG80 -> 0 | CV80: =AH80 -> 0 | CW80: =AI80 -> 0 | CX80: =AJ80 -> 0 | CY80: =(((S80+R80)*AT80)/100) -> 0 | CZ80: =(((S80+R80)*AU80)/100) -> 0 | DN80: 0 | DO80: 0 | DP80: 1 | DQ80: 1 | DU80: 1013 | DV80: ШТ | DW80: ШТ | DX80: 1 | EE80: 72340632 | EF80: 2 | EG80: Общестроительные работы | EH80: 18 | EI80: Наружные сети водопровода, канализации, теплоснабжения, газопроводы | EJ80: 1 | EK80: 24001 | EL80: Наружные сети водопровода, канализации, теплоснабжения, газопроводы | EM80: ФЕР-24 | EQ80: 0 | ER80: 206.84 | ES80: 206.84 | ET80: 0 | EU80: 0 | EV80: 0 | EW80: 0 | EX80: 0 | FQ80: 0 | FR80: 0 | FS80: 0 | FX80: 117 | FY80: 74 | GD80: 1 | GF80: -669902663 | GG80: 2 | GH80: 1 | GI80: 2 | GJ80: 0 | GK80: 0 | GL80: =ROUND(IF(AND(BH80=3,BI80=3,FS80<>0),P80,0),2) -> 0 | GM80: =ROUND(O80+X80+Y80,2)+GX80 -> 262.69 | GN80: =IF(OR(BI80=0,BI80=1),GM80-GX80,0) -> 262.69 | GO80: =IF(BI80=2,GM80-GX80,0) -> 0 | GP80: =IF(BI80=4,GM80-GX80,0) -> 0 | GR80: 0 | GS80: 3 | GT80: 0 | GV80: =ROUND((GT80),6) -> 0 | GW80: 1 | GX80: =ROUND(HC80*I80,2) -> 0 | HA80: 0 | HB80: 0 | HC80: =GV80*GW80 -> 0 | HN80: Пр/812-018.0-1 | HO80: Пр/774-018.0 | HP80: Наружные сети водопровода, канализации, теплоснабжения, газопроводы | HQ80: Наружные сети водопровода, канализации, теплоснабжения, газопроводы | HS80: 0 | IK80: 0
A81: 17 | B81: 1 | C81: =ROW(SmtRes!A66) -> 66 | D81: =ROW(EtalonRes!A76) -> 76 | E81: 16 | F81: 24-02-005-09 | G81: Установка отвода с трубным концом на газопроводе из полиэтиленовых труб при помощи соединительных деталей с закладными электронагревателями, диаметр газопровода: свыше 32 до 63 мм | H81: ШТ | I81: 3 | J81: 0 | K81: 3 | O81: =ROUND(CP81,2) -> 876.41 | P81: =SUMIF(SmtRes!AQ62:'SmtRes'!AQ66,"=1",SmtRes!DF62:'SmtRes'!DF66) -> 121.42 | Q81: =SUMIF(SmtRes!AQ62:'SmtRes'!AQ66,"=1",SmtRes!DG62:'SmtRes'!DG66) -> 23.94 | R81: =SUMIF(SmtRes!AQ62:'SmtRes'!AQ66,"=1",SmtRes!DH62:'SmtRes'!DH66) -> 0 | S81: =SUMIF(SmtRes!AQ62:'SmtRes'!AQ66,"=1",SmtRes!DI62:'SmtRes'!DI66) -> 731.05 | T81: =ROUND(CU81*I81,2) -> 0 | U81: =SUMIF(SmtRes!AQ62:'SmtRes'!AQ66,"=1",SmtRes!CV62:'SmtRes'!CV66) -> 1.89 | V81: =SUMIF(SmtRes!AQ62:'SmtRes'!AQ66,"=1",SmtRes!CW62:'SmtRes'!CW66) -> 0 | W81: =ROUND(CX81*I81,2) -> 0 | X81: =ROUND(CY81,2) -> 855.33 | Y81: =ROUND(CZ81,2) -> 540.98 | AA81: 74014550 | AB81: =ROUND((AC81+AD81+AF81),6) -> 273.16444 | AC81: =ROUND((SUM(SmtRes!BQ62:'SmtRes'!BQ66)),6) -> 24.09684 | AD81: =ROUND((((SUM(SmtRes!BR62:'SmtRes'!BR66))-(0))+AE81),6) -> 5.3836 | AE81: =ROUND((0),6) -> 0 | AF81: =ROUND((SUM(SmtRes!BT62:'SmtRes'!BT66)),6) -> 243.684 | AG81: =ROUND((AP81),6) -> 0 | AH81: =(SUM(SmtRes!BU62:'SmtRes'!BU66)) -> 0.63 | AI81: =(0) -> 0 | AJ81: =(AS81) -> 0 | AK81: 273.16444 | AL81: 24.09684 | AM81: 5.3836 | AN81: 0 | AO81: 243.684 | AP81: 0 | AQ81: 0.63 | AR81: 0 | AS81: 0 | AT81: 117 | AU81: 74 | AV81: 1 | AW81: 1 | AZ81: 1 | BA81: 1 | BB81: 1 | BC81: 1 | BH81: 0 | BI81: 1 | BJ81: ГЭСН-2022, 24-02-005-09, приказ Минстроя России от 18.05.2022 г. № 378/пр | BM81: 24001 | BN81: 0 | BP81: 0 | BQ81: 2 | BR81: 0 | BS81: 1 | BT81: 1 | BU81: 1 | BV81: 1 | BW81: 1 | BX81: 1 | BZ81: 117 | CA81: 74 | CE81: 0 | CF81: 0 | CG81: 0 | CM81: 0 | CO81: 0 | CP81: =(P81+Q81+S81+R81) -> 876.41 | CQ81: =SUMIF(SmtRes!AQ62:'SmtRes'!AQ66,"=1",SmtRes!AA62:'SmtRes'!AA66) -> 1094.1 | CR81: =SUMIF(SmtRes!AQ62:'SmtRes'!AQ66,"=1",SmtRes!AB62:'SmtRes'!AB66) -> 18.15 | CS81: =SUMIF(SmtRes!AQ62:'SmtRes'!AQ66,"=1",SmtRes!AC62:'SmtRes'!AC66) -> 0 | CT81: =SUMIF(SmtRes!AQ62:'SmtRes'!AQ66,"=1",SmtRes!AD62:'SmtRes'!AD66) -> 386.8 | CU81: =AG81 -> 0 | CV81: =SUMIF(SmtRes!AQ62:'SmtRes'!AQ66,"=1",SmtRes!BU62:'SmtRes'!BU66) -> 0.63 | CW81: =SUMIF(SmtRes!AQ62:'SmtRes'!AQ66,"=1",SmtRes!BV62:'SmtRes'!BV66) -> 0 | CX81: =AJ81 -> 0 | CY81: =(((S81+R81)*AT81)/100) -> 855.3285 | CZ81: =(((S81+R81)*AU81)/100) -> 540.977 | DN81: 0 | DO81: 0 | DP81: 1 | DQ81: 1 | DU81: 1013 | DV81: ШТ | DW81: ШТ | DX81: 1 | EE81: 72340632 | EF81: 2 | EG81: Общестроительные работы | EH81: 18 | EI81: Наружные сети водопровода, канализации, теплоснабжения, газопроводы | EJ81: 1 | EK81: 24001 | EL81: Наружные сети водопровода, канализации, теплоснабжения, газопроводы | EM81: ФЕР-24 | EQ81: 0 | ER81: 0 | ES81: 0 | ET81: 0 | EU81: 0 | EV81: 0 | EW81: 0.63 | EX81: 0 | EY81: 0 | FQ81: 0 | FR81: 0 | FS81: 0 | FX81: 117 | FY81: 74 | GD81: 1 | GF81: 1453429285 | GG81: 2 | GH81: 1 | GI81: -2 | GJ81: 0 | GK81: 0 | GL81: =ROUND(IF(AND(BH81=3,BI81=3,FS81<>0),P81,0),2) -> 0 | GM81: =ROUND(O81+X81+Y81,2)+GX81 -> 2272.72 | GN81: =IF(OR(BI81=0,BI81=1),GM81-GX81,0) -> 2272.72 | GO81: =IF(BI81=2,GM81-GX81,0) -> 0 | GP81: =IF(BI81=4,GM81-GX81,0) -> 0 | GR81: 0 | GS81: 3 | GT81: 0 | GV81: =ROUND((GT81),6) -> 0 | GW81: 1 | GX81: =ROUND(HC81*I81,2) -> 0 | HA81: 0 | HB81: 0 | HC81: =GV81*GW81 -> 0 | HN81: Пр/812-018.0-1 | HO81: Пр/774-018.0 | HP81: Наружные сети водопровода, канализации, теплоснабжения, газопроводы | HQ81: Наружные сети водопровода, канализации, теплоснабжения, газопроводы | HS81: 0 | IK81: 0
A82: 17 | B82: 1 | E82: 17 | F82: 24.3.05.08-0223 | G82: Отвод 90° полиэтиленовый литой, электросварной, диаметр 63 мм | H82: ШТ | I82: 1 | J82: 0 | K82: 1 | O82: =ROUND(CP82,2) -> 999.81 | P82: =ROUND(CQ82*I82,2) -> 999.81 | Q82: =ROUND(CR82*I82,2) -> 0 | R82: =ROUND(CS82*I82,2) -> 0 | S82: =ROUND(CT82*I82,2) -> 0 | T82: =ROUND(CU82*I82,2) -> 0 | U82: =ROUND(CV82*I82,7) -> 0 | V82: =ROUND(CW82*I82,7) -> 0 | W82: =ROUND(CX82*I82,2) -> 0 | X82: =ROUND(CY82,2) -> 0 | Y82: =ROUND(CZ82,2) -> 0 | AA82: 74014550 | AB82: =ROUND((AC82+AD82+AF82),6) -> 1009.91 | AC82: =ROUND((ES82),6) -> 1009.91 | AD82: =ROUND((((ET82)-(EU82))+AE82),6) -> 0 | AE82: =ROUND((EU82),6) -> 0 | AF82: =ROUND((EV82),6) -> 0 | AG82: =ROUND((AP82),6) -> 0 | AH82: =(EW82) -> 0 | AI82: =(EX82) -> 0 | AJ82: =(AS82) -> 0 | AK82: 1009.91 | AL82: 1009.91 | AM82: 0 | AN82: 0 | AO82: 0 | AP82: 0 | AQ82: 0 | AR82: 0 | AS82: 0 | AT82: 0 | AU82: 0 | AV82: 1 | AW82: 1 | AZ82: 1 | BA82: 1 | BB82: 1 | BC82: 0.99 | BH82: 3 | BI82: 1 | BJ82: ФСБЦ-2022, 24.3.05.08-0223, приказ Минстроя России от 18.05.2022 г. № 378/пр | BM82: 500001 | BN82: 0 | BO82: 24.3.05.08-0223 | BP82: 1 | BQ82: 8 | BR82: 0 | BS82: 1 | BT82: 1 | BU82: 1 | BV82: 1 | BW82: 1 | BX82: 1 | BZ82: 0 | CA82: 0 | CE82: 0 | CF82: 0 | CG82: 0 | CM82: 0 | CO82: 0 | CP82: =(P82+Q82+S82+R82) -> 999.81 | CQ82: =ROUND(AL82*BC82,2) -> 999.81 | CR82: =ROUND(AM82*BB82,2) -> 0 | CS82: =ROUND(AN82*BS82,2) -> 0 | CT82: =ROUND(AO82*BA82,2) -> 0 | CU82: =AG82 -> 0 | CV82: =AH82 -> 0 | CW82: =AI82 -> 0 | CX82: =AJ82 -> 0 | CY82: =0 -> 0 | CZ82: =0 -> 0 | DN82: 0 | DO82: 0 | DP82: 1 | DQ82: 1 | DU82: 1013 | DV82: ШТ | DW82: ШТ | DX82: 1 | EE82: 72340530 | EF82: 8 | EG82: Материалы строительные | EH82: 0 | EJ82: 1 | EK82: 500001 | EL82: Материалы и конструкции ( строительные ) по ценникам и каталогом | EM82: ФССЦст | EQ82: 0 | ER82: 1009.91 | ES82: 1009.91 | ET82: 0 | EU82: 0 | EV82: 0 | EW82: 0 | EX82: 0 | EY82: 0 | FQ82: 0 | FR82: 0 | FS82: 0 | FX82: 0 | FY82: 0 | GD82: 1 | GF82: 1182841706 | GG82: 2 | GH82: 1 | GI82: 2 | GJ82: 0 | GK82: 0 | GL82: =ROUND(IF(AND(BH82=3,BI82=3,FS82<>0),P82,0),2) -> 0 | GM82: =ROUND(O82+X82+Y82,2)+GX82 -> 999.81 | GN82: =IF(OR(BI82=0,BI82=1),GM82-GX82,0) -> 999.81 | GO82: =IF(BI82=2,GM82-GX82,0) -> 0 | GP82: =IF(BI82=4,GM82-GX82,0) -> 0 | GR82: 0 | GS82: 3 | GT82: 0 | GV82: =ROUND((GT82),6) -> 0 | GW82: 1 | GX82: =ROUND(HC82*I82,2) -> 0 | HA82: 0 | HB82: 0 | HC82: =GV82*GW82 -> 0 | HS82: 0 | IK82: 0
A83: 17 | B83: 1 | E83: 18 | F83: 24.3.05.08-0212 | G83: Отвод 45° полиэтиленовый литой, электросварной, диаметр 63 мм | H83: ШТ | I83: 2 | J83: 0 | K83: 2 | O83: =ROUND(CP83,2) -> 1999.62 | P83: =ROUND(CQ83*I83,2) -> 1999.62 | Q83: =ROUND(CR83*I83,2) -> 0 | R83: =ROUND(CS83*I83,2) -> 0 | S83: =ROUND(CT83*I83,2) -> 0 | T83: =ROUND(CU83*I83,2) -> 0 | U83: =ROUND(CV83*I83,7) -> 0 | V83: =ROUND(CW83*I83,7) -> 0 | W83: =ROUND(CX83*I83,2) -> 0 | X83: =ROUND(CY83,2) -> 0 | Y83: =ROUND(CZ83,2) -> 0 | AA83: 74014550 | AB83: =ROUND((AC83+AD83+AF83),6) -> 1009.91 | AC83: =ROUND((ES83),6) -> 1009.91 | AD83: =ROUND((((ET83)-(EU83))+AE83),6) -> 0 | AE83: =ROUND((EU83),6) -> 0 | AF83: =ROUND((EV83),6) -> 0 | AG83: =ROUND((AP83),6) -> 0 | AH83: =(EW83) -> 0 | AI83: =(EX83) -> 0 | AJ83: =(AS83) -> 0 | AK83: 1009.91 | AL83: 1009.91 | AM83: 0 | AN83: 0 | AO83: 0 | AP83: 0 | AQ83: 0 | AR83: 0 | AS83: 0 | AT83: 0 | AU83: 0 | AV83: 1 | AW83: 1 | AZ83: 1 | BA83: 1 | BB83: 1 | BC83: 0.99 | BH83: 3 | BI83: 1 | BJ83: ФСБЦ-2022, 24.3.05.08-0212, приказ Минстроя России от 18.05.2022 г. № 378/пр | BM83: 500001 | BN83: 0 | BO83: 24.3.05.08-0212 | BP83: 1 | BQ83: 8 | BR83: 0 | BS83: 1 | BT83: 1 | BU83: 1 | BV83: 1 | BW83: 1 | BX83: 1 | BZ83: 0 | CA83: 0 | CE83: 0 | CF83: 0 | CG83: 0 | CM83: 0 | CO83: 0 | CP83: =(P83+Q83+S83+R83) -> 1999.62 | CQ83: =ROUND(AL83*BC83,2) -> 999.81 | CR83: =ROUND(AM83*BB83,2) -> 0 | CS83: =ROUND(AN83*BS83,2) -> 0 | CT83: =ROUND(AO83*BA83,2) -> 0 | CU83: =AG83 -> 0 | CV83: =AH83 -> 0 | CW83: =AI83 -> 0 | CX83: =AJ83 -> 0 | CY83: =0 -> 0 | CZ83: =0 -> 0 | DN83: 0 | DO83: 0 | DP83: 1 | DQ83: 1 | DU83: 1013 | DV83: ШТ | DW83: ШТ | DX83: 1 | EE83: 72340530 | EF83: 8 | EG83: Материалы строительные | EH83: 0 | EJ83: 1 | EK83: 500001 | EL83: Материалы и конструкции ( строительные ) по ценникам и каталогом | EM83: ФССЦст | EQ83: 0 | ER83: 1009.91 | ES83: 1009.91 | ET83: 0 | EU83: 0 | EV83: 0 | EW83: 0 | EX83: 0 | EY83: 0 | FQ83: 0 | FR83: 0 | FS83: 0 | FX83: 0 | FY83: 0 | GD83: 1 | GF83: 1057113513 | GG83: 2 | GH83: 1 | GI83: 2 | GJ83: 0 | GK83: 0 | GL83: =ROUND(IF(AND(BH83=3,BI83=3,FS83<>0),P83,0),2) -> 0 | GM83: =ROUND(O83+X83+Y83,2)+GX83 -> 1999.62 | GN83: =IF(OR(BI83=0,BI83=1),GM83-GX83,0) -> 1999.62 | GO83: =IF(BI83=2,GM83-GX83,0) -> 0 | GP83: =IF(BI83=4,GM83-GX83,0) -> 0 | GR83: 0 | GS83: 3 | GT83: 0 | GV83: =ROUND((GT83),6) -> 0 | GW83: 1 | GX83: =ROUND(HC83*I83,2) -> 0 | HA83: 0 | HB83: 0 | HC83: =GV83*GW83 -> 0 | HS83: 0 | IK83: 0
A84: 17 | B84: 1 | C84: =ROW(SmtRes!A71) -> 71 | D84: =ROW(EtalonRes!A81) -> 81 | E84: 19 | F84: м10-06-003-01 | G84: Кабель, прокладываемый в траншее, масса 1м кабеля: до 0,6 кг | H84: км кабеля | I84: 0.081 | J84: 0 | K84: 0.081 | O84: =ROUND(CP84,2) -> 1947.14 | P84: =SUMIF(SmtRes!AQ67:'SmtRes'!AQ71,"=1",SmtRes!DF67:'SmtRes'!DF71) -> 0 | Q84: =SUMIF(SmtRes!AQ67:'SmtRes'!AQ71,"=1",SmtRes!DG67:'SmtRes'!DG71) -> 844.34 | R84: =SUMIF(SmtRes!AQ67:'SmtRes'!AQ71,"=1",SmtRes!DH67:'SmtRes'!DH71) -> 276.46 | S84: =SUMIF(SmtRes!AQ67:'SmtRes'!AQ71,"=1",SmtRes!DI67:'SmtRes'!DI71) -> 826.34 | T84: =ROUND(CU84*I84,2) -> 0 | U84: =SUMIF(SmtRes!AQ67:'SmtRes'!AQ71,"=1",SmtRes!CV67:'SmtRes'!CV71) -> 2.187 | V84: =SUMIF(SmtRes!AQ67:'SmtRes'!AQ71,"=1",SmtRes!CW67:'SmtRes'!CW71) -> 0.60102 | W84: =ROUND(CX84*I84,2) -> 0 | X84: =ROUND(CY84,2) -> 1224.11 | Y84: =ROUND(CZ84,2) -> 573.46 | AA84: 74014550 | AB84: =ROUND((AC84+AD84+AF84),6) -> 17843.686 | AC84: =ROUND((0),6) -> 0 | AD84: =ROUND((((SUM(SmtRes!BR67:'SmtRes'!BR71))-(SUM(SmtRes!BS67:'SmtRes'!BS71)))+AE84),6) -> 7642.0064 | AE84: =ROUND((SUM(SmtRes!BS67:'SmtRes'!BS71)),6) -> 3413.0516 | AF84: =ROUND((SUM(SmtRes!BT67:'SmtRes'!BT71)),6) -> 10201.68 | AG84: =ROUND((AP84),6) -> 0 | AH84: =(SUM(SmtRes!BU67:'SmtRes'!BU71)) -> 27 | AI84: =(SUM(SmtRes!BV67:'SmtRes'!BV71)) -> 7.42 | AJ84: =(AS84) -> 0 | AK84: 21256.738 | AL84: 0 | AM84: 7642.0064 | AN84: 3413.0516 | AO84: 10201.68 | AP84: 0 | AQ84: 27 | AR84: 7.42 | AS84: 0 | AT84: 111 | AU84: 52 | AV84: 1 | AW84: 1 | AZ84: 1 | BA84: 1 | BB84: 1 | BC84: 1 | BH84: 0 | BI84: 2 | BJ84: ГЭСНм-2022, м10-06-003-01, приказ Минстроя России от 18.05.2022 г. № 378/пр | BM84: 110005 | BN84: 0 | BP84: 0 | BQ84: 3 | BR84: 0 | BS84: 1 | BT84: 1 | BU84: 1 | BV84: 1 | BW84: 1 | BX84: 1 | BZ84: 111 | CA84: 52 | CE84: 0 | CF84: 0 | CG84: 0 | CM84: 0 | CO84: 0 | CP84: =(P84+Q84+S84+R84) -> 1947.14 | CQ84: =SUMIF(SmtRes!AQ67:'SmtRes'!AQ71,"=1",SmtRes!AA67:'SmtRes'!AA71) -> 0 | CR84: =SUMIF(SmtRes!AQ67:'SmtRes'!AQ71,"=1",SmtRes!AB67:'SmtRes'!AB71) -> 1404.85 | CS84: =SUMIF(SmtRes!AQ67:'SmtRes'!AQ71,"=1",SmtRes!AC67:'SmtRes'!AC71) -> 459.98 | CT84: =SUMIF(SmtRes!AQ67:'SmtRes'!AQ71,"=1",SmtRes!AD67:'SmtRes'!AD71) -> 377.84 | CU84: =AG84 -> 0 | CV84: =SUMIF(SmtRes!AQ67:'SmtRes'!AQ71,"=1",SmtRes!BU67:'SmtRes'!BU71) -> 27 | CW84: =SUMIF(SmtRes!AQ67:'SmtRes'!AQ71,"=1",SmtRes!BV67:'SmtRes'!BV71) -> 7.42 | CX84: =AJ84 -> 0 | CY84: =(((S84+R84)*AT84)/100) -> 1224.108 | CZ84: =(((S84+R84)*AU84)/100) -> 573.456 | DN84: 0 | DO84: 0 | DP84: 1 | DQ84: 1 | DU84: 30717392 | DV84: км кабеля | DW84: км кабеля | DX84: 1 | EE84: 72340517 | EF84: 3 | EG84: Монтажные работы | EH84: 0 | EJ84: 2 | EK84: 110005 | EL84: Оборудование связи: прокладка и монтаж междугородных линий связи | EM84: мФЕР-10 | EQ84: 0 | ER84: 0 | ES84: 0 | ET84: 0 | EU84: 0 | EV84: 0 | EW84: 27 | EX84: 7.42 | EY84: 0 | FQ84: 0 | FR84: 0 | FS84: 0 | FX84: 111 | FY84: 52 | GD84: 1 | GF84: 1356055473 | GG84: 2 | GH84: 1 | GI84: -2 | GJ84: 0 | GK84: 0 | GL84: =ROUND(IF(AND(BH84=3,BI84=3,FS84<>0),P84,0),2) -> 0 | GM84: =ROUND(O84+X84+Y84,2)+GX84 -> 3744.71 | GN84: =IF(OR(BI84=0,BI84=1),GM84-GX84,0) -> 0 | GO84: =IF(BI84=2,GM84-GX84,0) -> 3744.71 | GP84: =IF(BI84=4,GM84-GX84,0) -> 0 | GR84: 0 | GS84: 3 | GT84: 0 | GV84: =ROUND((GT84),6) -> 0 | GW84: 1 | GX84: =ROUND(HC84*I84,2) -> 0 | HA84: 0 | HB84: 0 | HC84: =GV84*GW84 -> 0 | HN84: Пр/812-051.3-1 | HO84: Пр/774-051.3 | HP84: Оборудование связи: прокладка и монтаж междугородных линий связи | HQ84: Оборудование связи: прокладка и монтаж междугородных линий связи | HS84: 0 | IK84: 0
A85: 18 | B85: 1 | C85: 71 | E85: 19,1 | F85: 421/пр_2020_п.75_пп.а | G85: Сметная стоимость вспомогательных ненормируемых материальных ресурсов, не учтенная в сметной норме, 2% | H85: % | I85: =J85 -> 2 | J85: 2 | K85: 2 | O85: =ROUND(P85,2) -> 16.53 | P85: =ROUND(ROUND(ROUND(SUMIF(SmtRes!AQ67:'SmtRes'!AQ71,"=1",SmtRes!CU67:'SmtRes'!CU71),2),2)*I85/100,2) -> 16.53 | Q85: =ROUND(CR85*I85,2) -> 0 | R85: =ROUND(CS85*I85,2) -> 0 | S85: =ROUND(CT85*I85,2) -> 0 | T85: =ROUND(CU85*I85,2) -> 0 | U85: =ROUND(CV85*I85,7) -> 0 | V85: =ROUND(CW85*I85,7) -> 0 | W85: =ROUND(CX85*I85,2) -> 0 | X85: =ROUND(CY85,2) -> 0 | Y85: =ROUND(CZ85,2) -> 0 | AA85: 74014550 | AB85: =ROUND((AC85+AD85+AF85),6) -> 0 | AC85: =ROUND((ES85),6) -> 0 | AD85: =ROUND((((ET85)-(EU85))+AE85),6) -> 0 | AE85: =ROUND((EU85),6) -> 0 | AF85: =ROUND((EV85),6) -> 0 | AG85: =ROUND((AP85),6) -> 0 | AH85: =(EW85) -> 0 | AI85: =(EX85) -> 0 | AJ85: =(AS85) -> 0 | AK85: 0 | AL85: 0 | AM85: 0 | AN85: 0 | AO85: 0 | AP85: 0 | AQ85: 0 | AR85: 0 | AS85: 0 | AT85: 111 | AU85: 52 | AV85: 1 | AW85: 1 | AZ85: 1 | BA85: 1 | BB85: 1 | BC85: 1 | BH85: 3 | BI85: 2 | BM85: 110005 | BN85: 0 | BP85: 0 | BQ85: 3 | BR85: 0 | BS85: 1 | BT85: 1 | BU85: 1 | BV85: 1 | BW85: 1 | BX85: 1 | BZ85: 111 | CA85: 52 | CE85: 0 | CF85: 0 | CG85: 0 | CM85: 0 | CO85: 0 | CP85: =0 -> 0 | CQ85: =0 -> 0 | CR85: =0 -> 0 | CS85: =0 -> 0 | CT85: =0 -> 0 | CU85: =0 -> 0 | CV85: =0 -> 0 | CW85: =0 -> 0 | ... CZ85: =0 -> 0 | DN85: 0 | DO85: 0 | DP85: 1 | DQ85: 1 | DU85: 1013 | DV85: % | DW85: % | DX85: 1 | EE85: 72340517 | EF85: 3 | EG85: Монтажные работы | EH85: 0 | EJ85: 2 | EK85: 110005 | EL85: Оборудование связи: прокладка и монтаж междугородных линий связи | EM85: мФЕР-10 | EQ85: 0 | ER85: 0 | ES85: 0 | ET85: 0 | EU85: 0 | EV85: 0 | EW85: 0 | EX85: 0 | FQ85: 0 | FR85: 0 | FS85: 0 | FX85: 111 | FY85: 52 | GD85: 1 | GF85: 274903907 | GG85: 2 | GH85: 1 | GI85: -2 | GJ85: 0 | GK85: 0 | GL85: =ROUND(IF(AND(BH85=3,BI85=3,FS85<>0),P85,0),2) -> 0 | GM85: =ROUND(O85+X85+Y85,2)+GX85 -> 16.53 | GN85: =IF(OR(BI85=0,BI85=1),GM85-GX85,0) -> 0 | GO85: =IF(BI85=2,GM85-GX85,0) -> 16.53 | GP85: =IF(BI85=4,GM85-GX85,0) -> 0 | GR85: 0 | GS85: 3 | GT85: 0 | GV85: =ROUND((GT85),6) -> 0 | GW85: 1 | GX85: =ROUND(HC85*I85,2) -> 0 | HA85: 0 | HB85: 0 | HC85: =0 -> 0 | HN85: Пр/812-051.3-1 | HO85: Пр/774-051.3 | HP85: Оборудование связи: прокладка и монтаж междугородных линий связи | HQ85: Оборудование связи: прокладка и монтаж междугородных линий связи | HS85: 0 | IK85: 0
A86: 17 | B86: 1 | E86: 20 | F86: 21.2.03.05-0002 | G86: Провод установочный АПуВ 1х2,5-450/750 | H86: 1000 м | I86: =ROUND(81/1000,7) -> 0.081 | J86: 0 | K86: =ROUND(81/1000,7) -> 0.081 | O86: =ROUND(CP86,2) -> 314.4 | P86: =ROUND(CQ86*I86,2) -> 314.4 | Q86: =ROUND(CR86*I86,2) -> 0 | R86: =ROUND(CS86*I86,2) -> 0 | S86: =ROUND(CT86*I86,2) -> 0 | T86: =ROUND(CU86*I86,2) -> 0 | U86: =ROUND(CV86*I86,7) -> 0 | V86: =ROUND(CW86*I86,7) -> 0 | W86: =ROUND(CX86*I86,2) -> 0 | X86: =ROUND(CY86,2) -> 0 | Y86: =ROUND(CZ86,2) -> 0 | AA86: 74014550 | AB86: =ROUND((AC86+AD86+AF86),6) -> 3080.58 | AC86: =ROUND((ES86),6) -> 3080.58 | AD86: =ROUND((((ET86)-(EU86))+AE86),6) -> 0 | AE86: =ROUND((EU86),6) -> 0 | AF86: =ROUND((EV86),6) -> 0 | AG86: =ROUND((AP86),6) -> 0 | AH86: =(EW86) -> 0 | AI86: =(EX86) -> 0 | AJ86: =(AS86) -> 0 | AK86: 3080.58 | AL86: 3080.58 | AM86: 0 | AN86: 0 | AO86: 0 | AP86: 0 | AQ86: 0 | AR86: 0 | AS86: 0 | AT86: 0 | AU86: 0 | AV86: 1 | AW86: 1 | AZ86: 1 | BA86: 1 | BB86: 1 | BC86: 1.26 | BH86: 3 | BI86: 2 | BJ86: ФСБЦ-2022 доп.18, 21.2.03.05-0002, приказ Минстроя России от 15.05.2026 г. № 301/пр | BM86: 500002 | BN86: 0 | BO86: 21.2.03.05-0002 | BP86: 1 | BQ86: 12 | BR86: 0 | BS86: 1 | BT86: 1 | BU86: 1 | BV86: 1 | BW86: 1 | BX86: 1 | BZ86: 0 | CA86: 0 | CE86: 0 | CF86: 0 | CG86: 0 | CM86: 0 | CO86: 0 | CP86: =(P86+Q86+S86+R86) -> 314.4 | CQ86: =ROUND(AL86*BC86,2) -> 3881.53 | CR86: =ROUND(AM86*BB86,2) -> 0 | CS86: =ROUND(AN86*BS86,2) -> 0 | CT86: =ROUND(AO86*BA86,2) -> 0 | CU86: =AG86 -> 0 | CV86: =AH86 -> 0 | CW86: =AI86 -> 0 | CX86: =AJ86 -> 0 | CY86: =0 -> 0 | CZ86: =0 -> 0 | DN86: 0 | DO86: 0 | DP86: 1 | DQ86: 1 | DU86: 1013 | DV86: 1000 м | DW86: 1000 М | DX86: 1 | EE86: 72340531 | EF86: 12 | EG86: Материалы монтажные | EH86: 0 | EJ86: 2 | EK86: 500002 | EL86: Материалы и конструкции ( монтажные ) по ценникам и каталогам | EM86: ФССЦм | EQ86: 0 | ER86: 3080.58 | ES86: 3080.58 | ET86: 0 | EU86: 0 | EV86: 0 | EW86: 0 | EX86: 0 | EY86: 0 | FQ86: 0 | FR86: 0 | FS86: 0 | FX86: 0 | FY86: 0 | GD86: 1 | GF86: 1575156864 | GG86: 2 | GH86: 1 | GI86: 2 | GJ86: 0 | GK86: 0 | GL86: =ROUND(IF(AND(BH86=3,BI86=3,FS86<>0),P86,0),2) -> 0 | GM86: =ROUND(O86+X86+Y86,2)+GX86 -> 314.4 | GN86: =IF(OR(BI86=0,BI86=1),GM86-GX86,0) -> 0 | GO86: =IF(BI86=2,GM86-GX86,0) -> 314.4 | GP86: =IF(BI86=4,GM86-GX86,0) -> 0 | GR86: 0 | GS86: 3 | GT86: 0 | GV86: =ROUND((GT86),6) -> 0 | GW86: 1 | GX86: =ROUND(HC86*I86,2) -> 0 | HA86: 0 | HB86: 0 | HC86: =GV86*GW86 -> 0 | HS86: 0 | IK86: 0
A87: 17 | B87: 1 | C87: =ROW(SmtRes!A76) -> 76 | D87: =ROW(EtalonRes!A86) -> 86 | E87: 21 | F87: м10-06-003-01 | G87: Прокладка ленты сигнальной желтого цвета в траншее | H87: км кабеля | I87: 0.09 | J87: 0 | K87: 0.09 | O87: =ROUND(CP87,2) -> 2163.48 | P87: =SUMIF(SmtRes!AQ72:'SmtRes'!AQ76,"=1",SmtRes!DF72:'SmtRes'!DF76) -> 0 | Q87: =SUMIF(SmtRes!AQ72:'SmtRes'!AQ76,"=1",SmtRes!DG72:'SmtRes'!DG76) -> 938.16 | R87: =SUMIF(SmtRes!AQ72:'SmtRes'!AQ76,"=1",SmtRes!DH72:'SmtRes'!DH76) -> 307.17 | S87: =SUMIF(SmtRes!AQ72:'SmtRes'!AQ76,"=1",SmtRes!DI72:'SmtRes'!DI76) -> 918.15 | T87: =ROUND(CU87*I87,2) -> 0 | U87: =SUMIF(SmtRes!AQ72:'SmtRes'!AQ76,"=1",SmtRes!CV72:'SmtRes'!CV76) -> 2.43 | V87: =SUMIF(SmtRes!AQ72:'SmtRes'!AQ76,"=1",SmtRes!CW72:'SmtRes'!CW76) -> 0.6678 | W87: =ROUND(CX87*I87,2) -> 0 | X87: =ROUND(CY87,2) -> 1360.11 | Y87: =ROUND(CZ87,2) -> 637.17 | AA87: 74014550 | AB87: =ROUND((AC87+AD87+AF87),6) -> 17843.686 | AC87: =ROUND((0),6) -> 0 | AD87: =ROUND((((SUM(SmtRes!BR72:'SmtRes'!BR76))-(SUM(SmtRes!BS72:'SmtRes'!BS76)))+AE87),6) -> 7642.0064 | AE87: =ROUND((SUM(SmtRes!BS72:'SmtRes'!BS76)),6) -> 3413.0516 | AF87: =ROUND((SUM(SmtRes!BT72:'SmtRes'!BT76)),6) -> 10201.68 | AG87: =ROUND((AP87),6) -> 0 | AH87: =(SUM(SmtRes!BU72:'SmtRes'!BU76)) -> 27 | AI87: =(SUM(SmtRes!BV72:'SmtRes'!BV76)) -> 7.42 | AJ87: =(AS87) -> 0 | AK87: 21256.738 | AL87: 0 | AM87: 7642.0064 | AN87: 3413.0516 | AO87: 10201.68 | AP87: 0 | AQ87: 27 | AR87: 7.42 | AS87: 0 | AT87: 111 | AU87: 52 | AV87: 1 | AW87: 1 | AZ87: 1 | BA87: 1 | BB87: 1 | BC87: 1 | BH87: 0 | BI87: 2 | BJ87: ГЭСНм-2022, м10-06-003-01, приказ Минстроя России от 18.05.2022 г. № 378/пр | BM87: 110005 | BN87: 0 | BP87: 0 | BQ87: 3 | BR87: 0 | BS87: 1 | BT87: 1 | BU87: 1 | BV87: 1 | BW87: 1 | BX87: 1 | BZ87: 111 | CA87: 52 | CE87: 0 | CF87: 0 | CG87: 0 | CM87: 0 | CO87: 0 | CP87: =(P87+Q87+S87+R87) -> 2163.48 | CQ87: =SUMIF(SmtRes!AQ72:'SmtRes'!AQ76,"=1",SmtRes!AA72:'SmtRes'!AA76) -> 0 | CR87: =SUMIF(SmtRes!AQ72:'SmtRes'!AQ76,"=1",SmtRes!AB72:'SmtRes'!AB76) -> 1404.85 | CS87: =SUMIF(SmtRes!AQ72:'SmtRes'!AQ76,"=1",SmtRes!AC72:'SmtRes'!AC76) -> 459.98 | CT87: =SUMIF(SmtRes!AQ72:'SmtRes'!AQ76,"=1",SmtRes!AD72:'SmtRes'!AD76) -> 377.84 | CU87: =AG87 -> 0 | CV87: =SUMIF(SmtRes!AQ72:'SmtRes'!AQ76,"=1",SmtRes!BU72:'SmtRes'!BU76) -> 27 | CW87: =SUMIF(SmtRes!AQ72:'SmtRes'!AQ76,"=1",SmtRes!BV72:'SmtRes'!BV76) -> 7.42 | CX87: =AJ87 -> 0 | CY87: =(((S87+R87)*AT87)/100) -> 1360.1052 | CZ87: =(((S87+R87)*AU87)/100) -> 637.1664 | DN87: 0 | DO87: 0 | DP87: 1 | DQ87: 1 | DU87: 30717392 | DV87: км кабеля | DW87: км кабеля | DX87: 1 | EE87: 72340517 | EF87: 3 | EG87: Монтажные работы | EH87: 0 | EJ87: 2 | EK87: 110005 | EL87: Оборудование связи: прокладка и монтаж междугородных линий связи | EM87: мФЕР-10 | EQ87: 0 | ER87: 0 | ES87: 0 | ET87: 0 | EU87: 0 | EV87: 0 | EW87: 27 | EX87: 7.42 | EY87: 0 | FQ87: 0 | FR87: 0 | FS87: 0 | FX87: 111 | FY87: 52 | GD87: 1 | GF87: -359692194 | GG87: 2 | GH87: 1 | GI87: -2 | GJ87: 0 | GK87: 0 | GL87: =ROUND(IF(AND(BH87=3,BI87=3,FS87<>0),P87,0),2) -> 0 | GM87: =ROUND(O87+X87+Y87,2)+GX87 -> 4160.76 | GN87: =IF(OR(BI87=0,BI87=1),GM87-GX87,0) -> 0 | GO87: =IF(BI87=2,GM87-GX87,0) -> 4160.76 | GP87: =IF(BI87=4,GM87-GX87,0) -> 0 | GR87: 0 | GS87: 3 | GT87: 0 | GV87: =ROUND((GT87),6) -> 0 | GW87: 1 | GX87: =ROUND(HC87*I87,2) -> 0 | HA87: 0 | HB87: 0 | HC87: =GV87*GW87 -> 0 | HN87: Пр/812-051.3-1 | HO87: Пр/774-051.3 | HP87: Оборудование связи: прокладка и монтаж междугородных линий связи | HQ87: Оборудование связи: прокладка и монтаж междугородных линий связи | HS87: 0 | IK87: 0
A88: 18 | B88: 1 | C88: 76 | E88: 21,1 | F88: 421/пр_2020_п.75_пп.а | G88: Сметная стоимость вспомогательных ненормируемых материальных ресурсов, не учтенная в сметной норме, 2% | H88: % | I88: =J88 -> 2 | J88: 2 | K88: 2 | O88: =ROUND(P88,2) -> 18.36 | P88: =ROUND(ROUND(ROUND(SUMIF(SmtRes!AQ72:'SmtRes'!AQ76,"=1",SmtRes!CU72:'SmtRes'!CU76),2),2)*I88/100,2) -> 18.36 | Q88: =ROUND(CR88*I88,2) -> 0 | R88: =ROUND(CS88*I88,2) -> 0 | S88: =ROUND(CT88*I88,2) -> 0 | T88: =ROUND(CU88*I88,2) -> 0 | U88: =ROUND(CV88*I88,7) -> 0 | V88: =ROUND(CW88*I88,7) -> 0 | W88: =ROUND(CX88*I88,2) -> 0 | X88: =ROUND(CY88,2) -> 0 | Y88: =ROUND(CZ88,2) -> 0 | AA88: 74014550 | AB88: =ROUND((AC88+AD88+AF88),6) -> 0 | AC88: =ROUND((ES88),6) -> 0 | AD88: =ROUND((((ET88)-(EU88))+AE88),6) -> 0 | AE88: =ROUND((EU88),6) -> 0 | AF88: =ROUND((EV88),6) -> 0 | AG88: =ROUND((AP88),6) -> 0 | AH88: =(EW88) -> 0 | AI88: =(EX88) -> 0 | AJ88: =(AS88) -> 0 | AK88: 0 | AL88: 0 | AM88: 0 | AN88: 0 | AO88: 0 | AP88: 0 | AQ88: 0 | AR88: 0 | AS88: 0 | AT88: 111 | AU88: 52 | AV88: 1 | AW88: 1 | AZ88: 1 | BA88: 1 | BB88: 1 | BC88: 1 | BH88: 3 | BI88: 2 | BM88: 110005 | BN88: 0 | BP88: 0 | BQ88: 3 | BR88: 0 | BS88: 1 | BT88: 1 | BU88: 1 | BV88: 1 | BW88: 1 | BX88: 1 | BZ88: 111 | CA88: 52 | CE88: 0 | CF88: 0 | CG88: 0 | CM88: 0 | CO88: 0 | CP88: =0 -> 0 | CQ88: =0 -> 0 | CR88: =0 -> 0 | CS88: =0 -> 0 | CT88: =0 -> 0 | CU88: =0 -> 0 | CV88: =0 -> 0 | CW88: =0 -> 0 | ... CZ88: =0 -> 0 | DN88: 0 | DO88: 0 | DP88: 1 | DQ88: 1 | DU88: 1013 | DV88: % | DW88: % | DX88: 1 | EE88: 72340517 | EF88: 3 | EG88: Монтажные работы | EH88: 0 | EJ88: 2 | EK88: 110005 | EL88: Оборудование связи: прокладка и монтаж междугородных линий связи | EM88: мФЕР-10 | EQ88: 0 | ER88: 0 | ES88: 0 | ET88: 0 | EU88: 0 | EV88: 0 | EW88: 0 | EX88: 0 | FQ88: 0 | FR88: 0 | FS88: 0 | FX88: 111 | FY88: 52 | GD88: 1 | GF88: 274903907 | GG88: 2 | GH88: 1 | GI88: -2 | GJ88: 0 | GK88: 0 | GL88: =ROUND(IF(AND(BH88=3,BI88=3,FS88<>0),P88,0),2) -> 0 | GM88: =ROUND(O88+X88+Y88,2)+GX88 -> 18.36 | GN88: =IF(OR(BI88=0,BI88=1),GM88-GX88,0) -> 0 | GO88: =IF(BI88=2,GM88-GX88,0) -> 18.36 | GP88: =IF(BI88=4,GM88-GX88,0) -> 0 | GR88: 0 | GS88: 3 | GT88: 0 | GV88: =ROUND((GT88),6) -> 0 | GW88: 1 | GX88: =ROUND(HC88*I88,2) -> 0 | HA88: 0 | HB88: 0 | HC88: =0 -> 0 | HN88: Пр/812-051.3-1 | HO88: Пр/774-051.3 | HP88: Оборудование связи: прокладка и монтаж междугородных линий связи | HQ88: Оборудование связи: прокладка и монтаж междугородных линий связи | HS88: 0 | IK88: 0
A89: 17 | B89: 1 | E89: 22 | F89: 01.7.06.08-0007 | G89: Ленты сигнальные из полиэтилена высокого давления «ГАЗ», фон желтый, надпись красная, ширина 200 мм, толщина 0,05 мм | H89: 100 м | I89: =ROUND(90/100,7) -> 0.9 | J89: 0 | K89: =ROUND(90/100,7) -> 0.9 | O89: =ROUND(CP89,2) -> 210 | P89: =ROUND(CQ89*I89,2) -> 210 | Q89: =ROUND(CR89*I89,2) -> 0 | R89: =ROUND(CS89*I89,2) -> 0 | S89: =ROUND(CT89*I89,2) -> 0 | T89: =ROUND(CU89*I89,2) -> 0 | U89: =ROUND(CV89*I89,7) -> 0 | V89: =ROUND(CW89*I89,7) -> 0 | W89: =ROUND(CX89*I89,2) -> 0 | X89: =ROUND(CY89,2) -> 0 | Y89: =ROUND(CZ89,2) -> 0 | AA89: 74014550 | AB89: =ROUND((AC89+AD89+AF89),6) -> 151.51 | AC89: =ROUND((ES89),6) -> 151.51 | AD89: =ROUND((((ET89)-(EU89))+AE89),6) -> 0 | AE89: =ROUND((EU89),6) -> 0 | AF89: =ROUND((EV89),6) -> 0 | AG89: =ROUND((AP89),6) -> 0 | AH89: =(EW89) -> 0 | AI89: =(EX89) -> 0 | AJ89: =(AS89) -> 0 | AK89: 151.51 | AL89: 151.51 | AM89: 0 | AN89: 0 | AO89: 0 | AP89: 0 | AQ89: 0 | AR89: 0 | AS89: 0 | AT89: 0 | AU89: 0 | AV89: 1 | AW89: 1 | AZ89: 1 | BA89: 1 | BB89: 1 | BC89: 1.54 | BH89: 3 | BI89: 1 | BJ89: ФСБЦ-2022, 01.7.06.08-0007, приказ Минстроя России от 18.05.2022 г. № 378/пр | BM89: 500001 | BN89: 0 | BO89: 01.7.06.08-0007 | BP89: 1 | BQ89: 8 | BR89: 0 | BS89: 1 | BT89: 1 | BU89: 1 | BV89: 1 | BW89: 1 | BX89: 1 | BZ89: 0 | CA89: 0 | CE89: 0 | CF89: 0 | CG89: 0 | CM89: 0 | CO89: 0 | CP89: =(P89+Q89+S89+R89) -> 210 | CQ89: =ROUND(AL89*BC89,2) -> 233.33 | CR89: =ROUND(AM89*BB89,2) -> 0 | CS89: =ROUND(AN89*BS89,2) -> 0 | CT89: =ROUND(AO89*BA89,2) -> 0 | CU89: =AG89 -> 0 | CV89: =AH89 -> 0 | CW89: =AI89 -> 0 | CX89: =AJ89 -> 0 | CY89: =0 -> 0 | CZ89: =0 -> 0 | DN89: 0 | DO89: 0 | DP89: 1 | DQ89: 1 | DU89: 1003 | DV89: 100 м | DW89: 100 м | DX89: 100 | EE89: 72340530 | EF89: 8 | EG89: Материалы строительные | EH89: 0 | EJ89: 1 | EK89: 500001 | EL89: Материалы и конструкции ( строительные ) по ценникам и каталогом | EM89: ФССЦст | EQ89: 0 | ER89: 151.51 | ES89: 151.51 | ET89: 0 | EU89: 0 | EV89: 0 | EW89: 0 | EX89: 0 | EY89: 0 | FQ89: 0 | FR89: 0 | FS89: 0 | FX89: 0 | FY89: 0 | GD89: 1 | GF89: 465333347 | GG89: 2 | GH89: 1 | GI89: 2 | GJ89: 0 | GK89: 0 | GL89: =ROUND(IF(AND(BH89=3,BI89=3,FS89<>0),P89,0),2) -> 0 | GM89: =ROUND(O89+X89+Y89,2)+GX89 -> 210 | GN89: =IF(OR(BI89=0,BI89=1),GM89-GX89,0) -> 210 | GO89: =IF(BI89=2,GM89-GX89,0) -> 0 | GP89: =IF(BI89=4,GM89-GX89,0) -> 0 | GR89: 0 | GS89: 3 | GT89: 0 | GV89: =ROUND((GT89),6) -> 0 | GW89: 1 | GX89: =ROUND(HC89*I89,2) -> 0 | HA89: 0 | HB89: 0 | HC89: =GV89*GW89 -> 0 | HS89: 0 | IK89: 0
A90: 17 | B90: 1 | C90: =ROW(SmtRes!A80) -> 80 | D90: =ROW(EtalonRes!A91) -> 91 | E90: 23 | F90: 27-09-004-02 | G90: Установка столбиков сигнальных | H90: 100 ШТ | I90: =ROUND(2/100,7) -> 0.02 | J90: 0 | K90: =ROUND(2/100,7) -> 0.02 | O90: =ROUND(CP90,2) -> 109.34 | P90: =SUMIF(SmtRes!AQ77:'SmtRes'!AQ80,"=1",SmtRes!DF77:'SmtRes'!DF80) -> 0 | Q90: =SUMIF(SmtRes!AQ77:'SmtRes'!AQ80,"=1",SmtRes!DG77:'SmtRes'!DG80) -> 25.2 | R90: =SUMIF(SmtRes!AQ77:'SmtRes'!AQ80,"=1",SmtRes!DH77:'SmtRes'!DH80) -> 7.52 | S90: =SUMIF(SmtRes!AQ77:'SmtRes'!AQ80,"=1",SmtRes!DI77:'SmtRes'!DI80) -> 76.62 | T90: =ROUND(CU90*I90,2) -> 0 | U90: =SUMIF(SmtRes!AQ77:'SmtRes'!AQ80,"=1",SmtRes!CV77:'SmtRes'!CV80) -> 0.227 | V90: =SUMIF(SmtRes!AQ77:'SmtRes'!AQ80,"=1",SmtRes!CW77:'SmtRes'!CW80) -> 0.0188 | W90: =ROUND(CX90*I90,2) -> 0 | X90: =ROUND(CY90,2) -> 123.69 | Y90: =ROUND(CZ90,2) -> 112.75 | AA90: 74014550 | AB90: =ROUND((AC90+AD90+AF90),6) -> 4773.1532 | AC90: =ROUND((0),6) -> 0 | AD90: =ROUND((((SUM(SmtRes!BR77:'SmtRes'!BR80))-(SUM(SmtRes!BS77:'SmtRes'!BS80)))+AE90),6) -> 942.3012 | AE90: =ROUND((SUM(SmtRes!BS77:'SmtRes'!BS80)),6) -> 376.2256 | AF90: =ROUND((SUM(SmtRes!BT77:'SmtRes'!BT80)),6) -> 3830.852 | AG90: =ROUND((AP90),6) -> 0 | AH90: =(SUM(SmtRes!BU77:'SmtRes'!BU80)) -> 11.35 | AI90: =(SUM(SmtRes!BV77:'SmtRes'!BV80)) -> 0.94 | AJ90: =(AS90) -> 0 | AK90: 5149.3788 | AL90: 0 | AM90: 942.3012 | AN90: 376.2256 | AO90: 3830.852 | AP90: 0 | AQ90: 11.35 | AR90: 0.94 | AS90: 0 | AT90: 147 | AU90: 134 | AV90: 1 | AW90: 1 | AZ90: 1 | BA90: 1 | BB90: 1 | BC90: 1 | BH90: 0 | BI90: 1 | BJ90: ГЭСН-2022 доп.19, 27-09-004-02, приказ Минстроя России от 12.08.2026 г. № 527/пр | BM90: 27001 | BN90: 0 | BP90: 0 | BQ90: 2 | BR90: 0 | BS90: 1 | BT90: 1 | BU90: 1 | BV90: 1 | BW90: 1 | BX90: 1 | BZ90: 147 | CA90: 134 | CE90: 0 | CF90: 0 | CG90: 0 | CM90: 0 | CO90: 0 | CP90: =(P90+Q90+S90+R90) -> 109.34 | CQ90: =SUMIF(SmtRes!AQ77:'SmtRes'!AQ80,"=1",SmtRes!AA77:'SmtRes'!AA80) -> 0 | CR90: =SUMIF(SmtRes!AQ77:'SmtRes'!AQ80,"=1",SmtRes!AB77:'SmtRes'!AB80) -> 1233.36 | CS90: =SUMIF(SmtRes!AQ77:'SmtRes'!AQ80,"=1",SmtRes!AC77:'SmtRes'!AC80) -> 400.24 | CT90: =SUMIF(SmtRes!AQ77:'SmtRes'!AQ80,"=1",SmtRes!AD77:'SmtRes'!AD80) -> 337.52 | CU90: =AG90 -> 0 | CV90: =SUMIF(SmtRes!AQ77:'SmtRes'!AQ80,"=1",SmtRes!BU77:'SmtRes'!BU80) -> 11.35 | CW90: =SUMIF(SmtRes!AQ77:'SmtRes'!AQ80,"=1",SmtRes!BV77:'SmtRes'!BV80) -> 0.94 | CX90: =AJ90 -> 0 | CY90: =(((S90+R90)*AT90)/100) -> 123.6858 | CZ90: =(((S90+R90)*AU90)/100) -> 112.7476 | DN90: 0 | DO90: 0 | DP90: 1 | DQ90: 1 | DU90: 1013 | DV90: 100 ШТ | DW90: 100 ШТ | DX90: 1 | EE90: 72340638 | EF90: 2 | EG90: Общестроительные работы | EH90: 21 | EI90: Автомобильные дороги | EJ90: 1 | EK90: 27001 | EL90: Автомобильные дороги | EM90: ФЕР-27 | EQ90: 0 | ER90: 0 | ES90: 0 | ET90: 0 | EU90: 0 | EV90: 0 | EW90: 11.35 | EX90: 0.94 | EY90: 0 | FQ90: 0 | FR90: 0 | FS90: 0 | FX90: 147 | FY90: 134 | GD90: 1 | GF90: 690619105 | GG90: 2 | GH90: 1 | GI90: -2 | GJ90: 0 | GK90: 0 | GL90: =ROUND(IF(AND(BH90=3,BI90=3,FS90<>0),P90,0),2) -> 0 | GM90: =ROUND(O90+X90+Y90,2)+GX90 -> 345.78 | GN90: =IF(OR(BI90=0,BI90=1),GM90-GX90,0) -> 345.78 | GO90: =IF(BI90=2,GM90-GX90,0) -> 0 | GP90: =IF(BI90=4,GM90-GX90,0) -> 0 | GR90: 0 | GS90: 3 | GT90: 0 | GV90: =ROUND((GT90),6) -> 0 | GW90: 1 | GX90: =ROUND(HC90*I90,2) -> 0 | HA90: 0 | HB90: 0 | HC90: =GV90*GW90 -> 0 | HN90: Пр/812-021.0-1 | HO90: Пр/774-021.0 | HP90: Автомобильные дороги | HQ90: Автомобильные дороги | HS90: 0 | IK90: 0
A91: 17 | B91: 1 | E91: 24 | F91: 20.1.02.23-0174 | G91: Столбик замерный, опознавательный, пластиковый для подземных кабельных линий связи, диаметр 83 мм, высота 2200 мм | H91: ШТ | I91: 2 | J91: 0 | K91: 2 | O91: =ROUND(CP91,2) -> 1982.84 | P91: =ROUND(CQ91*I91,2) -> 1982.84 | Q91: =ROUND(CR91*I91,2) -> 0 | R91: =ROUND(CS91*I91,2) -> 0 | S91: =ROUND(CT91*I91,2) -> 0 | T91: =ROUND(CU91*I91,2) -> 0 | U91: =ROUND(CV91*I91,7) -> 0 | V91: =ROUND(CW91*I91,7) -> 0 | W91: =ROUND(CX91*I91,2) -> 0 | X91: =ROUND(CY91,2) -> 0 | Y91: =ROUND(CZ91,2) -> 0 | AA91: 74014550 | AB91: =ROUND((AC91+AD91+AF91),6) -> 713.25 | AC91: =ROUND((ES91),6) -> 713.25 | AD91: =ROUND((((ET91)-(EU91))+AE91),6) -> 0 | AE91: =ROUND((EU91),6) -> 0 | AF91: =ROUND((EV91),6) -> 0 | AG91: =ROUND((AP91),6) -> 0 | AH91: =(EW91) -> 0 | AI91: =(EX91) -> 0 | AJ91: =(AS91) -> 0 | AK91: 713.25 | AL91: 713.25 | AM91: 0 | AN91: 0 | AO91: 0 | AP91: 0 | AQ91: 0 | AR91: 0 | AS91: 0 | AT91: 0 | AU91: 0 | AV91: 1 | AW91: 1 | AZ91: 1 | BA91: 1 | BB91: 1 | BC91: 1.39 | BH91: 3 | BI91: 2 | BJ91: ФСБЦ-2022, 20.1.02.23-0174, приказ Минстроя России от 18.05.2022 г. № 378/пр | BM91: 500002 | BN91: 0 | BO91: 20.1.02.23-0174 | BP91: 1 | BQ91: 12 | BR91: 0 | BS91: 1 | BT91: 1 | BU91: 1 | BV91: 1 | BW91: 1 | BX91: 1 | BZ91: 0 | CA91: 0 | CE91: 0 | CF91: 0 | CG91: 0 | CM91: 0 | CO91: 0 | CP91: =(P91+Q91+S91+R91) -> 1982.84 | CQ91: =ROUND(AL91*BC91,2) -> 991.42 | CR91: =ROUND(AM91*BB91,2) -> 0 | CS91: =ROUND(AN91*BS91,2) -> 0 | CT91: =ROUND(AO91*BA91,2) -> 0 | CU91: =AG91 -> 0 | CV91: =AH91 -> 0 | CW91: =AI91 -> 0 | CX91: =AJ91 -> 0 | CY91: =0 -> 0 | CZ91: =0 -> 0 | DN91: 0 | DO91: 0 | DP91: 1 | DQ91: 1 | DU91: 1013 | DV91: ШТ | DW91: ШТ | DX91: 1 | EE91: 72340531 | EF91: 12 | EG91: Материалы монтажные | EH91: 0 | EJ91: 2 | EK91: 500002 | EL91: Материалы и конструкции ( монтажные ) по ценникам и каталогам | EM91: ФССЦм | EQ91: 0 | ER91: 713.25 | ES91: 713.25 | ET91: 0 | EU91: 0 | EV91: 0 | EW91: 0 | EX91: 0 | EY91: 0 | FQ91: 0 | FR91: 0 | FS91: 0 | FX91: 0 | FY91: 0 | GD91: 1 | GF91: -10111022 | GG91: 2 | GH91: 1 | GI91: 2 | GJ91: 0 | GK91: 0 | GL91: =ROUND(IF(AND(BH91=3,BI91=3,FS91<>0),P91,0),2) -> 0 | GM91: =ROUND(O91+X91+Y91,2)+GX91 -> 1982.84 | GN91: =IF(OR(BI91=0,BI91=1),GM91-GX91,0) -> 0 | GO91: =IF(BI91=2,GM91-GX91,0) -> 1982.84 | GP91: =IF(BI91=4,GM91-GX91,0) -> 0 | GR91: 0 | GS91: 3 | GT91: 0 | GV91: =ROUND((GT91),6) -> 0 | GW91: 1 | GX91: =ROUND(HC91*I91,2) -> 0 | HA91: 0 | HB91: 0 | HC91: =GV91*GW91 -> 0 | HS91: 0 | IK91: 0
A92: 17 | B92: 1 | E92: 25 | F92: 22.2.02.23-0302 | G92: Таблички-указатели кабельных трасс пластиковые односторонние, размеры 300х400х5 мм | H92: 100 ШТ | I92: =ROUND(3/100,7) -> 0.03 | J92: 0 | K92: =ROUND(3/100,7) -> 0.03 | O92: =ROUND(CP92,2) -> 2886.7 | P92: =ROUND(CQ92*I92,2) -> 2886.7 | Q92: =ROUND(CR92*I92,2) -> 0 | R92: =ROUND(CS92*I92,2) -> 0 | S92: =ROUND(CT92*I92,2) -> 0 | T92: =ROUND(CU92*I92,2) -> 0 | U92: =ROUND(CV92*I92,7) -> 0 | V92: =ROUND(CW92*I92,7) -> 0 | W92: =ROUND(CX92*I92,2) -> 0 | X92: =ROUND(CY92,2) -> 0 | Y92: =ROUND(CZ92,2) -> 0 | AA92: 74014550 | AB92: =ROUND((AC92+AD92+AF92),6) -> 69225.4 | AC92: =ROUND((ES92),6) -> 69225.4 | AD92: =ROUND((((ET92)-(EU92))+AE92),6) -> 0 | AE92: =ROUND((EU92),6) -> 0 | AF92: =ROUND((EV92),6) -> 0 | AG92: =ROUND((AP92),6) -> 0 | AH92: =(EW92) -> 0 | AI92: =(EX92) -> 0 | AJ92: =(AS92) -> 0 | AK92: 69225.4 | AL92: 69225.4 | AM92: 0 | AN92: 0 | AO92: 0 | AP92: 0 | AQ92: 0 | AR92: 0 | AS92: 0 | AT92: 0 | AU92: 0 | AV92: 1 | AW92: 1 | AZ92: 1 | BA92: 1 | BB92: 1 | BC92: 1.39 | BH92: 3 | BI92: 2 | BJ92: ФСБЦ-2022, 22.2.02.23-0302, приказ Минстроя России от 18.05.2022 г. № 378/пр | BM92: 500002 | BN92: 0 | BO92: 22.2.02.23-0302 | BP92: 1 | BQ92: 12 | BR92: 0 | BS92: 1 | BT92: 1 | BU92: 1 | BV92: 1 | BW92: 1 | BX92: 1 | BZ92: 0 | CA92: 0 | CE92: 0 | CF92: 0 | CG92: 0 | CM92: 0 | CO92: 0 | CP92: =(P92+Q92+S92+R92) -> 2886.7 | CQ92: =ROUND(AL92*BC92,2) -> 96223.31 | CR92: =ROUND(AM92*BB92,2) -> 0 | CS92: =ROUND(AN92*BS92,2) -> 0 | CT92: =ROUND(AO92*BA92,2) -> 0 | CU92: =AG92 -> 0 | CV92: =AH92 -> 0 | CW92: =AI92 -> 0 | CX92: =AJ92 -> 0 | CY92: =0 -> 0 | CZ92: =0 -> 0 | DN92: 0 | DO92: 0 | DP92: 1 | DQ92: 1 | DU92: 1013 | DV92: 100 ШТ | DW92: 100 ШТ | DX92: 1 | EE92: 72340531 | EF92: 12 | EG92: Материалы монтажные | EH92: 0 | EJ92: 2 | EK92: 500002 | EL92: Материалы и конструкции ( монтажные ) по ценникам и каталогам | EM92: ФССЦм | EQ92: 0 | ER92: 69225.4 | ES92: 69225.4 | ET92: 0 | EU92: 0 | EV92: 0 | EW92: 0 | EX92: 0 | EY92: 0 | FQ92: 0 | FR92: 0 | FS92: 0 | FX92: 0 | FY92: 0 | GD92: 1 | GF92: 1134049418 | GG92: 2 | GH92: 1 | GI92: 2 | GJ92: 0 | GK92: 0 | GL92: =ROUND(IF(AND(BH92=3,BI92=3,FS92<>0),P92,0),2) -> 0 | GM92: =ROUND(O92+X92+Y92,2)+GX92 -> 2886.7 | GN92: =IF(OR(BI92=0,BI92=1),GM92-GX92,0) -> 0 | GO92: =IF(BI92=2,GM92-GX92,0) -> 2886.7 | GP92: =IF(BI92=4,GM92-GX92,0) -> 0 | GR92: 0 | GS92: 3 | GT92: 0 | GV92: =ROUND((GT92),6) -> 0 | GW92: 1 | GX92: =ROUND(HC92*I92,2) -> 0 | HA92: 0 | HB92: 0 | HC92: =GV92*GW92 -> 0 | HS92: 0 | IK92: 0
A93: 17 | B93: 1 | C93: =ROW(SmtRes!A88) -> 88 | D93: =ROW(EtalonRes!A99) -> 99 | E93: 26 | F93: 06-01-001-01 | G93: Устройство бетонной подготовки | H93: 100 м3 | I93: =ROUND(0.546/100,7) -> 0.00546 | J93: 0 | K93: =ROUND(0.546/100,7) -> 0.00546 | O93: =ROUND(CP93,2) -> 411.33 | P93: =SUMIF(SmtRes!AQ81:'SmtRes'!AQ88,"=1",SmtRes!DF81:'SmtRes'!DF88) -> 19.38 | Q93: =SUMIF(SmtRes!AQ81:'SmtRes'!AQ88,"=1",SmtRes!DG81:'SmtRes'!DG88) -> 98.87 | R93: =SUMIF(SmtRes!AQ81:'SmtRes'!AQ88,"=1",SmtRes!DH81:'SmtRes'!DH88) -> 53.1 | S93: =SUMIF(SmtRes!AQ81:'SmtRes'!AQ88,"=1",SmtRes!DI81:'SmtRes'!DI88) -> 239.98 | T93: =ROUND(CU93*I93,2) -> 0 | U93: =SUMIF(SmtRes!AQ81:'SmtRes'!AQ88,"=1",SmtRes!CV81:'SmtRes'!CV88) -> 0.7371 | V93: =SUMIF(SmtRes!AQ81:'SmtRes'!AQ88,"=1",SmtRes!CW81:'SmtRes'!CW88) -> 0.0989352 | W93: =ROUND(CX93*I93,2) -> 0 | X93: =ROUND(CY93,2) -> 298.94 | Y93: =ROUND(CZ93,2) -> 169.99 | AA93: 74014550 | AB93: =ROUND((AC93+AD93+AF93),6) -> 58558.459 | AC93: =ROUND((SUM(SmtRes!BQ81:'SmtRes'!BQ88)),6) -> 3269.9925 | AD93: =ROUND((((SUM(SmtRes!BR81:'SmtRes'!BR88))-(SUM(SmtRes!BS81:'SmtRes'!BS88)))+AE93),6) -> 11336.516 | AE93: =ROUND((SUM(SmtRes!BS81:'SmtRes'!BS88)),6) -> 9725.5488 | AF93: =ROUND((SUM(SmtRes!BT81:'SmtRes'!BT88)),6) -> 43951.95 | AG93: =ROUND((AP93),6) -> 0 | AH93: =(SUM(SmtRes!BU81:'SmtRes'!BU88)) -> 135 | AI93: =(SUM(SmtRes!BV81:'SmtRes'!BV88)) -> 18.12 | AJ93: =(AS93) -> 0 | AK93: 68284.007 | AL93: 3269.9925 | AM93: 11336.516 | AN93: 9725.5488 | AO93: 43951.95 | AP93: 0 | AQ93: 135 | AR93: 18.12 | AS93: 0 | AT93: 102 | AU93: 58 | AV93: 1 | AW93: 1 | AZ93: 1 | BA93: 1 | BB93: 1 | BC93: 1 | BH93: 0 | BI93: 1 | BJ93: ГЭСН-2022 доп.18, 06-01-001-01, приказ Минстроя России от 15.05.2026 г. № 301/пр | BM93: 6001 | BN93: 0 | BP93: 0 | BQ93: 2 | BR93: 0 | BS93: 1 | BT93: 1 | BU93: 1 | BV93: 1 | BW93: 1 | BX93: 1 | BZ93: 102 | CA93: 58 | CE93: 0 | CF93: 0 | CG93: 0 | CM93: 0 | CO93: 0 | CP93: =(P93+Q93+S93+R93) -> 411.33 | CQ93: =SUMIF(SmtRes!AQ81:'SmtRes'!AQ88,"=1",SmtRes!AA81:'SmtRes'!AA88) -> 45.4 | CR93: =SUMIF(SmtRes!AQ81:'SmtRes'!AQ88,"=1",SmtRes!AB81:'SmtRes'!AB88) -> 1668.45 | CS93: =SUMIF(SmtRes!AQ81:'SmtRes'!AQ88,"=1",SmtRes!AC81:'SmtRes'!AC88) -> 937.88 | CT93: =SUMIF(SmtRes!AQ81:'SmtRes'!AQ88,"=1",SmtRes!AD81:'SmtRes'!AD88) -> 325.57 | CU93: =AG93 -> 0 | CV93: =SUMIF(SmtRes!AQ81:'SmtRes'!AQ88,"=1",SmtRes!BU81:'SmtRes'!BU88) -> 135 | CW93: =SUMIF(SmtRes!AQ81:'SmtRes'!AQ88,"=1",SmtRes!BV81:'SmtRes'!BV88) -> 18.12 | CX93: =AJ93 -> 0 | CY93: =(((S93+R93)*AT93)/100) -> 298.9416 | CZ93: =(((S93+R93)*AU93)/100) -> 169.9864 | DN93: 0 | DO93: 0 | DP93: 1 | DQ93: 1 | DU93: 1007 | DV93: 100 м3 | DW93: 100 м3 | DX93: 100 | EE93: 72340584 | EF93: 2 | EG93: Общестроительные работы | EH93: 6 | EI93: Бетонные и железобетонные монолитные конструкции и работы в строительстве | EJ93: 1 | EK93: 6001 | EL93: Бетонные и железобетонные монолитные конструкции и работы в строительстве | EM93: ФЕР-06 | EQ93: 0 | ER93: 0 | ES93: 0 | ET93: 0 | EU93: 0 | EV93: 0 | EW93: 135 | EX93: 18.12 | EY93: 0 | FQ93: 0 | FR93: 0 | FS93: 0 | FX93: 102 | FY93: 58 | GD93: 1 | GF93: -1561135117 | GG93: 2 | GH93: 1 | GI93: -2 | GJ93: 0 | GK93: 0 | GL93: =ROUND(IF(AND(BH93=3,BI93=3,FS93<>0),P93,0),2) -> 0 | GM93: =ROUND(O93+X93+Y93,2)+GX93 -> 880.26 | GN93: =IF(OR(BI93=0,BI93=1),GM93-GX93,0) -> 880.26 | GO93: =IF(BI93=2,GM93-GX93,0) -> 0 | GP93: =IF(BI93=4,GM93-GX93,0) -> 0 | GR93: 0 | GS93: 3 | GT93: 0 | GV93: =ROUND((GT93),6) -> 0 | GW93: 1 | GX93: =ROUND(HC93*I93,2) -> 0 | HA93: 0 | HB93: 0 | HC93: =GV93*GW93 -> 0 | HN93: Пр/812-006.0-1 | HO93: Пр/774-006.0 | HP93: Бетонные и железобетонные монолитные конструкции и работы в строительстве | HQ93: Бетонные и железобетонные монолитные конструкции и работы в строительстве | HS93: 0 | IK93: 0
A94: 18 | B94: 1 | C94: 88 | E94: 26,1 | F94: 04.1.02.05-0264 | G94: Смеси бетонные тяжелого бетона (БСТ) на щебне из гравия, класс В15, F(1)200, W6 | H94: м3 | I94: =I93*J94 -> 0.55692 | J94: 102 | K94: 102 | O94: =ROUND(CP94,2) -> 3850.81 | P94: =ROUND(CQ94*I94,2) -> 3850.81 | Q94: =ROUND(CR94*I94,2) -> 0 | R94: =ROUND(CS94*I94,2) -> 0 | S94: =ROUND(CT94*I94,2) -> 0 | T94: =ROUND(CU94*I94,2) -> 0 | U94: =ROUND(CV94*I94,7) -> 0 | V94: =ROUND(CW94*I94,7) -> 0 | W94: =ROUND(CX94*I94,2) -> 0 | X94: =ROUND(CY94,2) -> 0 | Y94: =ROUND(CZ94,2) -> 0 | AA94: 74014550 | AB94: =ROUND((AC94+AD94+AF94),6) -> 4768.61 | AC94: =ROUND((ES94),6) -> 4768.61 | AD94: =ROUND((((ET94)-(EU94))+AE94),6) -> 0 | AE94: =ROUND((EU94),6) -> 0 | AF94: =ROUND((EV94),6) -> 0 | AG94: =ROUND((AP94),6) -> 0 | AH94: =(EW94) -> 0 | AI94: =(EX94) -> 0 | AJ94: =(AS94) -> 0 | AK94: 4768.61 | AL94: 4768.61 | AM94: 0 | AN94: 0 | AO94: 0 | AP94: 0 | AQ94: 0 | AR94: 0 | AS94: 0 | AT94: 102 | AU94: 58 | AV94: 1 | AW94: 1 | AZ94: 1 | BA94: 1 | BB94: 1 | BC94: 1.45 | BH94: 3 | BI94: 1 | BJ94: ФСБЦ-2022 доп.14, 04.1.02.05-0264, приказ Минстроя России от 19.05.2025 г. № 299/пр | BM94: 6001 | BN94: 0 | BO94: 04.1.02.05-0264 | BP94: 1 | BQ94: 2 | BR94: 0 | BS94: 1 | BT94: 1 | BU94: 1 | BV94: 1 | BW94: 1 | BX94: 1 | BZ94: 102 | CA94: 58 | CE94: 0 | CF94: 0 | CG94: 0 | CM94: 0 | CO94: 0 | CP94: =(P94+Q94+S94+R94) -> 3850.81 | CQ94: =ROUND(AL94*BC94,2) -> 6914.48 | CR94: =ROUND(AM94*BB94,2) -> 0 | CS94: =ROUND(AN94*BS94,2) -> 0 | CT94: =ROUND(AO94*BA94,2) -> 0 | CU94: =AG94 -> 0 | CV94: =AH94 -> 0 | CW94: =AI94 -> 0 | CX94: =AJ94 -> 0 | CY94: =(((S94+R94)*AT94)/100) -> 0 | CZ94: =(((S94+R94)*AU94)/100) -> 0 | DN94: 0 | DO94: 0 | DP94: 1 | DQ94: 1 | DU94: 1007 | DV94: м3 | DW94: м3 | DX94: 1 | EE94: 72340584 | EF94: 2 | EG94: Общестроительные работы | EH94: 6 | EI94: Бетонные и железобетонные монолитные конструкции и работы в строительстве | EJ94: 1 | EK94: 6001 | EL94: Бетонные и железобетонные монолитные конструкции и работы в строительстве | EM94: ФЕР-06 | EQ94: 0 | ER94: 4768.61 | ES94: 4768.61 | ET94: 0 | EU94: 0 | EV94: 0 | EW94: 0 | EX94: 0 | FQ94: 0 | FR94: 0 | FS94: 0 | FX94: 102 | FY94: 58 | GD94: 1 | GF94: 1140672670 | GG94: 2 | GH94: 1 | GI94: 2 | GJ94: 0 | GK94: 0 | GL94: =ROUND(IF(AND(BH94=3,BI94=3,FS94<>0),P94,0),2) -> 0 | GM94: =ROUND(O94+X94+Y94,2)+GX94 -> 3850.81 | GN94: =IF(OR(BI94=0,BI94=1),GM94-GX94,0) -> 3850.81 | GO94: =IF(BI94=2,GM94-GX94,0) -> 0 | GP94: =IF(BI94=4,GM94-GX94,0) -> 0 | GR94: 0 | GS94: 3 | GT94: 0 | GV94: =ROUND((GT94),6) -> 0 | GW94: 1 | GX94: =ROUND(HC94*I94,2) -> 0 | HA94: 0 | HB94: 0 | HC94: =GV94*GW94 -> 0 | HN94: Пр/812-006.0-1 | HO94: Пр/774-006.0 | HP94: Бетонные и железобетонные монолитные конструкции и работы в строительстве | HQ94: Бетонные и железобетонные монолитные конструкции и работы в строительстве | HS94: 0 | IK94: 0
A95: 17 | B95: 1 | C95: =ROW(SmtRes!A94) -> 94 | D95: =ROW(EtalonRes!A105) -> 105 | E95: 27 | F95: 06-03-004-01 | G95: Установка анкерных болтов: в готовые гнезда с заделкой длиной до 1 м | H95: т | I95: 0.001 | J95: 0 | K95: 0.001 | O95: =ROUND(CP95,2) -> 108.38 | P95: =SUMIF(SmtRes!AQ89:'SmtRes'!AQ94,"=1",SmtRes!DF89:'SmtRes'!DF94) -> 0.82 | Q95: =SUMIF(SmtRes!AQ89:'SmtRes'!AQ94,"=1",SmtRes!DG89:'SmtRes'!DG94) -> 0.68 | R95: =SUMIF(SmtRes!AQ89:'SmtRes'!AQ94,"=1",SmtRes!DH89:'SmtRes'!DH94) -> 0.27 | S95: =SUMIF(SmtRes!AQ89:'SmtRes'!AQ94,"=1",SmtRes!DI89:'SmtRes'!DI94) -> 106.61 | T95: =ROUND(CU95*I95,2) -> 0 | U95: =SUMIF(SmtRes!AQ89:'SmtRes'!AQ94,"=1",SmtRes!CV89:'SmtRes'!CV94) -> 0.289 | V95: =SUMIF(SmtRes!AQ89:'SmtRes'!AQ94,"=1",SmtRes!CW89:'SmtRes'!CW94) -> 0.00059 | W95: =ROUND(CX95*I95,2) -> 0 | X95: =ROUND(CY95,2) -> 109.02 | Y95: =ROUND(CZ95,2) -> 61.99 | AA95: 74014550 | AB95: =ROUND((AC95+AD95+AF95),6) -> 107898.54 | AC95: =ROUND((SUM(SmtRes!BQ89:'SmtRes'!BQ94)),6) -> 610.1576 | AD95: =ROUND((((SUM(SmtRes!BR89:'SmtRes'!BR94))-(SUM(SmtRes!BS89:'SmtRes'!BS94)))+AE95),6) -> 682.063 | AE95: =ROUND((SUM(SmtRes!BS89:'SmtRes'!BS94)),6) -> 270.4916 | AF95: =ROUND((SUM(SmtRes!BT89:'SmtRes'!BT94)),6) -> 106606.32 | AG95: =ROUND((AP95),6) -> 0 | AH95: =(SUM(SmtRes!BU89:'SmtRes'!BU94)) -> 289 | AI95: =(SUM(SmtRes!BV89:'SmtRes'!BV94)) -> 0.59 | AJ95: =(AS95) -> 0 | AK95: 108169.03 | AL95: 610.1576 | AM95: 682.063 | AN95: 270.4916 | AO95: 106606.32 | AP95: 0 | AQ95: 289 | AR95: 0.59 | AS95: 0 | AT95: 102 | AU95: 58 | AV95: 1 | AW95: 1 | AZ95: 1 | BA95: 1 | BB95: 1 | BC95: 1 | BH95: 0 | BI95: 1 | BJ95: ГЭСН-2022 доп.16, 06-03-004-01, приказ Минстроя России от 12.11.2025 г. № 696/пр | BM95: 6001 | BN95: 0 | BP95: 0 | BQ95: 2 | BR95: 0 | BS95: 1 | BT95: 1 | BU95: 1 | BV95: 1 | BW95: 1 | BX95: 1 | BZ95: 102 | CA95: 58 | CE95: 0 | CF95: 0 | CG95: 0 | CM95: 0 | CO95: 0 | CP95: =(P95+Q95+S95+R95) -> 108.38 | CQ95: =SUMIF(SmtRes!AQ89:'SmtRes'!AQ94,"=1",SmtRes!AA89:'SmtRes'!AA94) -> 82371.28 | CR95: =SUMIF(SmtRes!AQ89:'SmtRes'!AQ94,"=1",SmtRes!AB89:'SmtRes'!AB94) -> 2492.11 | CS95: =SUMIF(SmtRes!AQ89:'SmtRes'!AQ94,"=1",SmtRes!AC89:'SmtRes'!AC94) -> 937.88 | CT95: =SUMIF(SmtRes!AQ89:'SmtRes'!AQ94,"=1",SmtRes!AD89:'SmtRes'!AD94) -> 368.88 | CU95: =AG95 -> 0 | CV95: =SUMIF(SmtRes!AQ89:'SmtRes'!AQ94,"=1",SmtRes!BU89:'SmtRes'!BU94) -> 289 | CW95: =SUMIF(SmtRes!AQ89:'SmtRes'!AQ94,"=1",SmtRes!BV89:'SmtRes'!BV94) -> 0.59 | CX95: =AJ95 -> 0 | CY95: =(((S95+R95)*AT95)/100) -> 109.0176 | CZ95: =(((S95+R95)*AU95)/100) -> 61.9904 | DN95: 0 | DO95: 0 | DP95: 1 | DQ95: 1 | DU95: 1009 | DV95: т | DW95: т | DX95: 1000 | EE95: 72340584 | EF95: 2 | EG95: Общестроительные работы | EH95: 6 | EI95: Бетонные и железобетонные монолитные конструкции и работы в строительстве | EJ95: 1 | EK95: 6001 | EL95: Бетонные и железобетонные монолитные конструкции и работы в строительстве | EM95: ФЕР-06 | EQ95: 0 | ER95: 0 | ES95: 0 | ET95: 0 | EU95: 0 | EV95: 0 | EW95: 289 | EX95: 0.59 | EY95: 0 | FQ95: 0 | FR95: 0 | FS95: 0 | FX95: 102 | FY95: 58 | GD95: 1 | GF95: -1181679143 | GG95: 2 | GH95: 1 | GI95: -2 | GJ95: 0 | GK95: 0 | GL95: =ROUND(IF(AND(BH95=3,BI95=3,FS95<>0),P95,0),2) -> 0 | GM95: =ROUND(O95+X95+Y95,2)+GX95 -> 279.39 | GN95: =IF(OR(BI95=0,BI95=1),GM95-GX95,0) -> 279.39 | GO95: =IF(BI95=2,GM95-GX95,0) -> 0 | GP95: =IF(BI95=4,GM95-GX95,0) -> 0 | GR95: 0 | GS95: 3 | GT95: 0 | GV95: =ROUND((GT95),6) -> 0 | GW95: 1 | GX95: =ROUND(HC95*I95,2) -> 0 | HA95: 0 | HB95: 0 | HC95: =GV95*GW95 -> 0 | HN95: Пр/812-006.0-1 | HO95: Пр/774-006.0 | HP95: Бетонные и железобетонные монолитные конструкции и работы в строительстве | HQ95: Бетонные и железобетонные монолитные конструкции и работы в строительстве | HS95: 0 | IK95: 0
A96: 18 | B96: 1 | C96: 94 | E96: 27,1 | F96: 08.4.01.01-0028 | G96: Болты анкерные фундаментные стальные в комплекте с двумя гайками М24 и шайбами М24, тип 1, диаметр М24 | H96: т | I96: =I95*J96 -> 0.001 | J96: 1 | K96: 1 | O96: =ROUND(CP96,2) -> 174.24 | P96: =ROUND(CQ96*I96,2) -> 174.24 | Q96: =ROUND(CR96*I96,2) -> 0 | R96: =ROUND(CS96*I96,2) -> 0 | S96: =ROUND(CT96*I96,2) -> 0 | T96: =ROUND(CU96*I96,2) -> 0 | U96: =ROUND(CV96*I96,7) -> 0 | V96: =ROUND(CW96*I96,7) -> 0 | W96: =ROUND(CX96*I96,2) -> 0 | X96: =ROUND(CY96,2) -> 0 | Y96: =ROUND(CZ96,2) -> 0 | AA96: 74014550 | AB96: =ROUND((AC96+AD96+AF96),6) -> 155569.65 | AC96: =ROUND((ES96),6) -> 155569.65 | AD96: =ROUND((((ET96)-(EU96))+AE96),6) -> 0 | AE96: =ROUND((EU96),6) -> 0 | AF96: =ROUND((EV96),6) -> 0 | AG96: =ROUND((AP96),6) -> 0 | AH96: =(EW96) -> 0 | AI96: =(EX96) -> 0 | AJ96: =(AS96) -> 0 | AK96: 155569.65 | AL96: 155569.65 | AM96: 0 | AN96: 0 | AO96: 0 | AP96: 0 | AQ96: 0 | AR96: 0 | AS96: 0 | AT96: 102 | AU96: 58 | AV96: 1 | AW96: 1 | AZ96: 1 | BA96: 1 | BB96: 1 | BC96: 1.12 | BH96: 3 | BI96: 1 | BJ96: ФСБЦ-2022 доп.2, 08.4.01.01-0028, приказ Минстроя России от 26.08.2022 г. № 703/пр | BM96: 6001 | BN96: 0 | BO96: 08.4.01.01-0028 | BP96: 1 | BQ96: 2 | BR96: 0 | BS96: 1 | BT96: 1 | BU96: 1 | BV96: 1 | BW96: 1 | BX96: 1 | BZ96: 102 | CA96: 58 | CE96: 0 | CF96: 0 | CG96: 0 | CM96: 0 | CO96: 0 | CP96: =(P96+Q96+S96+R96) -> 174.24 | CQ96: =ROUND(AL96*BC96,2) -> 174238.01 | CR96: =ROUND(AM96*BB96,2) -> 0 | CS96: =ROUND(AN96*BS96,2) -> 0 | CT96: =ROUND(AO96*BA96,2) -> 0 | CU96: =AG96 -> 0 | CV96: =AH96 -> 0 | CW96: =AI96 -> 0 | CX96: =AJ96 -> 0 | CY96: =(((S96+R96)*AT96)/100) -> 0 | CZ96: =(((S96+R96)*AU96)/100) -> 0 | DN96: 0 | DO96: 0 | DP96: 1 | DQ96: 1 | DU96: 1009 | DV96: т | DW96: т | DX96: 1000 | EE96: 72340584 | EF96: 2 | EG96: Общестроительные работы | EH96: 6 | EI96: Бетонные и железобетонные монолитные конструкции и работы в строительстве | EJ96: 1 | EK96: 6001 | EL96: Бетонные и железобетонные монолитные конструкции и работы в строительстве | EM96: ФЕР-06 | EQ96: 0 | ER96: 155569.65 | ES96: 155569.65 | ET96: 0 | EU96: 0 | EV96: 0 | EW96: 0 | EX96: 0 | FQ96: 0 | FR96: 0 | FS96: 0 | FX96: 102 | FY96: 58 | GD96: 1 | GF96: 717363889 | GG96: 2 | GH96: 1 | GI96: 2 | GJ96: 0 | GK96: 0 | GL96: =ROUND(IF(AND(BH96=3,BI96=3,FS96<>0),P96,0),2) -> 0 | GM96: =ROUND(O96+X96+Y96,2)+GX96 -> 174.24 | GN96: =IF(OR(BI96=0,BI96=1),GM96-GX96,0) -> 174.24 | GO96: =IF(BI96=2,GM96-GX96,0) -> 0 | GP96: =IF(BI96=4,GM96-GX96,0) -> 0 | GR96: 0 | GS96: 3 | GT96: 0 | GV96: =ROUND((GT96),6) -> 0 | GW96: 1 | GX96: =ROUND(HC96*I96,2) -> 0 | HA96: 0 | HB96: 0 | HC96: =GV96*GW96 -> 0 | HN96: Пр/812-006.0-1 | HO96: Пр/774-006.0 | HP96: Бетонные и железобетонные монолитные конструкции и работы в строительстве | HQ96: Бетонные и железобетонные монолитные конструкции и работы в строительстве | HS96: 0 | IK96: 0
A97: 17 | B97: 1 | C97: =ROW(SmtRes!A97) -> 97 | D97: =ROW(EtalonRes!A108) -> 108 | E97: 28 | F97: 24-02-120-01 | G97: Очистка полости трубопровода продувкой воздухом, номинальный диаметр газопровода: 50 мм | H97: 100 м | I97: =ROUND(106/100,7) -> 1.06 | J97: 0 | K97: =ROUND(106/100,7) -> 1.06 | O97: =ROUND(CP97,2) -> 347.22 | P97: =SUMIF(SmtRes!AQ95:'SmtRes'!AQ97,"=1",SmtRes!DF95:'SmtRes'!DF97) -> 0 | Q97: =SUMIF(SmtRes!AQ95:'SmtRes'!AQ97,"=1",SmtRes!DG95:'SmtRes'!DG97) -> 88.43 | R97: =SUMIF(SmtRes!AQ95:'SmtRes'!AQ97,"=1",SmtRes!DH95:'SmtRes'!DH97) -> 84.85 | S97: =SUMIF(SmtRes!AQ95:'SmtRes'!AQ97,"=1",SmtRes!DI95:'SmtRes'!DI97) -> 173.94 | T97: =ROUND(CU97*I97,2) -> 0 | U97: =SUMIF(SmtRes!AQ95:'SmtRes'!AQ97,"=1",SmtRes!CV95:'SmtRes'!CV97) -> 0.4346 | V97: =SUMIF(SmtRes!AQ95:'SmtRes'!AQ97,"=1",SmtRes!CW95:'SmtRes'!CW97) -> 0.212 | W97: =ROUND(CX97*I97,2) -> 0 | X97: =ROUND(CY97,2) -> 302.78 | Y97: =ROUND(CZ97,2) -> 191.5 | AA97: 74014550 | AB97: =ROUND((AC97+AD97+AF97),6) -> 247.5224 | AC97: =ROUND((0),6) -> 0 | AD97: =ROUND((((SUM(SmtRes!BR95:'SmtRes'!BR97))-(SUM(SmtRes!BS95:'SmtRes'!BS97)))+AE97),6) -> 83.424 | AE97: =ROUND((SUM(SmtRes!BS95:'SmtRes'!BS97)),6) -> 80.048 | AF97: =ROUND((SUM(SmtRes!BT95:'SmtRes'!BT97)),6) -> 164.0984 | AG97: =ROUND((AP97),6) -> 0 | AH97: =(SUM(SmtRes!BU95:'SmtRes'!BU97)) -> 0.41 | AI97: =(SUM(SmtRes!BV95:'SmtRes'!BV97)) -> 0.2 | AJ97: =(AS97) -> 0 | AK97: 327.5704 | AL97: 0 | AM97: 83.424 | AN97: 80.048 | AO97: 164.0984 | AP97: 0 | AQ97: 0.41 | AR97: 0.2 | AS97: 0 | AT97: 117 | AU97: 74 | AV97: 1 | AW97: 1 | AZ97: 1 | BA97: 1 | BB97: 1 | BC97: 1 | BH97: 0 | BI97: 1 | BJ97: ГЭСН-2022, 24-02-120-01, приказ Минстроя России от 18.05.2022 г. № 378/пр | BM97: 24001 | BN97: 0 | BP97: 0 | BQ97: 2 | BR97: 0 | BS97: 1 | BT97: 1 | BU97: 1 | BV97: 1 | BW97: 1 | BX97: 1 | BZ97: 117 | CA97: 74 | CE97: 0 | CF97: 0 | CG97: 0 | CM97: 0 | CO97: 0 | CP97: =(P97+Q97+S97+R97) -> 347.22 | CQ97: =SUMIF(SmtRes!AQ95:'SmtRes'!AQ97,"=1",SmtRes!AA95:'SmtRes'!AA97) -> 0 | CR97: =SUMIF(SmtRes!AQ95:'SmtRes'!AQ97,"=1",SmtRes!AB95:'SmtRes'!AB97) -> 417.12 | CS97: =SUMIF(SmtRes!AQ95:'SmtRes'!AQ97,"=1",SmtRes!AC95:'SmtRes'!AC97) -> 400.24 | CT97: =SUMIF(SmtRes!AQ95:'SmtRes'!AQ97,"=1",SmtRes!AD95:'SmtRes'!AD97) -> 400.24 | CU97: =AG97 -> 0 | CV97: =SUMIF(SmtRes!AQ95:'SmtRes'!AQ97,"=1",SmtRes!BU95:'SmtRes'!BU97) -> 0.41 | CW97: =SUMIF(SmtRes!AQ95:'SmtRes'!AQ97,"=1",SmtRes!BV95:'SmtRes'!BV97) -> 0.2 | CX97: =AJ97 -> 0 | CY97: =(((S97+R97)*AT97)/100) -> 302.7843 | CZ97: =(((S97+R97)*AU97)/100) -> 191.5046 | DN97: 0 | DO97: 0 | DP97: 1 | DQ97: 1 | DU97: 1003 | DV97: 100 м | DW97: 100 м | DX97: 100 | EE97: 72340632 | EF97: 2 | EG97: Общестроительные работы | EH97: 18 | EI97: Наружные сети водопровода, канализации, теплоснабжения, газопроводы | EJ97: 1 | EK97: 24001 | EL97: Наружные сети водопровода, канализации, теплоснабжения, газопроводы | EM97: ФЕР-24 | EQ97: 0 | ER97: 0 | ES97: 0 | ET97: 0 | EU97: 0 | EV97: 0 | EW97: 0.41 | EX97: 0.2 | EY97: 0 | FQ97: 0 | FR97: 0 | FS97: 0 | FX97: 117 | FY97: 74 | GD97: 1 | GF97: -414317655 | GG97: 2 | GH97: 1 | GI97: -2 | GJ97: 0 | GK97: 0 | GL97: =ROUND(IF(AND(BH97=3,BI97=3,FS97<>0),P97,0),2) -> 0 | GM97: =ROUND(O97+X97+Y97,2)+GX97 -> 841.5 | GN97: =IF(OR(BI97=0,BI97=1),GM97-GX97,0) -> 841.5 | GO97: =IF(BI97=2,GM97-GX97,0) -> 0 | GP97: =IF(BI97=4,GM97-GX97,0) -> 0 | GR97: 0 | GS97: 3 | GT97: 0 | GV97: =ROUND((GT97),6) -> 0 | GW97: 1 | GX97: =ROUND(HC97*I97,2) -> 0 | HA97: 0 | HB97: 0 | HC97: =GV97*GW97 -> 0 | HN97: Пр/812-018.0-1 | HO97: Пр/774-018.0 | HP97: Наружные сети водопровода, канализации, теплоснабжения, газопроводы | HQ97: Наружные сети водопровода, канализации, теплоснабжения, газопроводы | HS97: 0 | IK97: 0
A98: 17 | B98: 1 | C98: =ROW(SmtRes!A101) -> 101 | D98: =ROW(EtalonRes!A112) -> 112 | E98: 29 | F98: 24-02-122-01 | G98: Подъем давления при испытании воздухом газопроводов низкого и среднего давления (до 0,3 МПа) номинальным диаметром: 50 мм | H98: 100 м | I98: =ROUND(2/100,7) -> 0.02 | J98: 0 | K98: =ROUND(2/100,7) -> 0.02 | O98: =ROUND(CP98,2) -> 2.15 | P98: =SUMIF(SmtRes!AQ98:'SmtRes'!AQ101,"=1",SmtRes!DF98:'SmtRes'!DF101) -> 0 | Q98: =SUMIF(SmtRes!AQ98:'SmtRes'!AQ101,"=1",SmtRes!DG98:'SmtRes'!DG101) -> 0.97 | R98: =SUMIF(SmtRes!AQ98:'SmtRes'!AQ101,"=1",SmtRes!DH98:'SmtRes'!DH101) -> 0.54 | S98: =SUMIF(SmtRes!AQ98:'SmtRes'!AQ101,"=1",SmtRes!DI98:'SmtRes'!DI101) -> 0.64 | T98: =ROUND(CU98*I98,2) -> 0 | U98: =SUMIF(SmtRes!AQ98:'SmtRes'!AQ101,"=1",SmtRes!CV98:'SmtRes'!CV101) -> 0.0016 | V98: =SUMIF(SmtRes!AQ98:'SmtRes'!AQ101,"=1",SmtRes!CW98:'SmtRes'!CW101) -> 0.0012 | W98: =ROUND(CX98*I98,2) -> 0 | X98: =ROUND(CY98,2) -> 1.38 | Y98: =ROUND(CZ98,2) -> 0.87 | AA98: 74014550 | AB98: =ROUND((AC98+AD98+AF98),6) -> 70.1238 | AC98: =ROUND((0),6) -> 0 | AD98: =ROUND((((SUM(SmtRes!BR98:'SmtRes'!BR101))-(SUM(SmtRes!BS98:'SmtRes'!BS101)))+AE98),6) -> 38.1046 | AE98: =ROUND((SUM(SmtRes!BS98:'SmtRes'!BS101)),6) -> 26.7624 | AF98: =ROUND((SUM(SmtRes!BT98:'SmtRes'!BT101)),6) -> 32.0192 | AG98: =ROUND((AP98),6) -> 0 | AH98: =(SUM(SmtRes!BU98:'SmtRes'!BU101)) -> 0.08 | AI98: =(SUM(SmtRes!BV98:'SmtRes'!BV101)) -> 0.06 | AJ98: =(AS98) -> 0 | AK98: 96.8862 | AL98: 0 | AM98: 38.1046 | AN98: 26.7624 | AO98: 32.0192 | AP98: 0 | AQ98: 0.08 | AR98: 0.06 | AS98: 0 | AT98: 117 | AU98: 74 | AV98: 1 | AW98: 1 | AZ98: 1 | BA98: 1 | BB98: 1 | BC98: 1 | BH98: 0 | BI98: 1 | BJ98: ГЭСН-2022, 24-02-122-01, приказ Минстроя России от 18.05.2022 г. № 378/пр | BM98: 24001 | BN98: 0 | BP98: 0 | BQ98: 2 | BR98: 0 | BS98: 1 | BT98: 1 | BU98: 1 | BV98: 1 | BW98: 1 | BX98: 1 | BZ98: 117 | CA98: 74 | CE98: 0 | CF98: 0 | CG98: 0 | CM98: 0 | CO98: 0 | CP98: =(P98+Q98+S98+R98) -> 2.15 | CQ98: =SUMIF(SmtRes!AQ98:'SmtRes'!AQ101,"=1",SmtRes!AA98:'SmtRes'!AA101) -> 0 | CR98: =SUMIF(SmtRes!AQ98:'SmtRes'!AQ101,"=1",SmtRes!AB98:'SmtRes'!AB101) -> 2012.9 | CS98: =SUMIF(SmtRes!AQ98:'SmtRes'!AQ101,"=1",SmtRes!AC98:'SmtRes'!AC101) -> 937.88 | CT98: =SUMIF(SmtRes!AQ98:'SmtRes'!AQ101,"=1",SmtRes!AD98:'SmtRes'!AD101) -> 400.24 | CU98: =AG98 -> 0 | CV98: =SUMIF(SmtRes!AQ98:'SmtRes'!AQ101,"=1",SmtRes!BU98:'SmtRes'!BU101) -> 0.08 | CW98: =SUMIF(SmtRes!AQ98:'SmtRes'!AQ101,"=1",SmtRes!BV98:'SmtRes'!BV101) -> 0.06 | CX98: =AJ98 -> 0 | CY98: =(((S98+R98)*AT98)/100) -> 1.3806 | CZ98: =(((S98+R98)*AU98)/100) -> 0.8732 | DN98: 0 | DO98: 0 | DP98: 1 | DQ98: 1 | DU98: 1003 | DV98: 100 м | DW98: 100 м | DX98: 100 | EE98: 72340632 | EF98: 2 | EG98: Общестроительные работы | EH98: 18 | EI98: Наружные сети водопровода, канализации, теплоснабжения, газопроводы | EJ98: 1 | EK98: 24001 | EL98: Наружные сети водопровода, канализации, теплоснабжения, газопроводы | EM98: ФЕР-24 | EQ98: 0 | ER98: 0 | ES98: 0 | ET98: 0 | EU98: 0 | EV98: 0 | EW98: 0.08 | EX98: 0.06 | EY98: 0 | FQ98: 0 | FR98: 0 | FS98: 0 | FX98: 117 | FY98: 74 | GD98: 1 | GF98: -2077178056 | GG98: 2 | GH98: 1 | GI98: -2 | GJ98: 0 | GK98: 0 | GL98: =ROUND(IF(AND(BH98=3,BI98=3,FS98<>0),P98,0),2) -> 0 | GM98: =ROUND(O98+X98+Y98,2)+GX98 -> 4.4 | GN98: =IF(OR(BI98=0,BI98=1),GM98-GX98,0) -> 4.4 | GO98: =IF(BI98=2,GM98-GX98,0) -> 0 | GP98: =IF(BI98=4,GM98-GX98,0) -> 0 | GR98: 0 | GS98: 3 | GT98: 0 | GV98: =ROUND((GT98),6) -> 0 | GW98: 1 | GX98: =ROUND(HC98*I98,2) -> 0 | HA98: 0 | HB98: 0 | HC98: =GV98*GW98 -> 0 | HN98: Пр/812-018.0-1 | HO98: Пр/774-018.0 | HP98: Наружные сети водопровода, канализации, теплоснабжения, газопроводы | HQ98: Наружные сети водопровода, канализации, теплоснабжения, газопроводы | HS98: 0 | IK98: 0
A99: 17 | B99: 1 | C99: =ROW(SmtRes!A107) -> 107 | D99: =ROW(EtalonRes!A119) -> 119 | E99: 30 | F99: 24-02-035-03 | G99: Опрессовка газопровода из полиэтиленовых труб, диаметром: 63 мм | H99: км | I99: 0.104 | J99: 0 | K99: 0.104 | O99: =ROUND(CP99,2) -> 1785.68 | P99: =SUMIF(SmtRes!AQ102:'SmtRes'!AQ107,"=1",SmtRes!DF102:'SmtRes'!DF107) -> 0.45 | Q99: =SUMIF(SmtRes!AQ102:'SmtRes'!AQ107,"=1",SmtRes!DG102:'SmtRes'!DG107) -> 4.5 | R99: =SUMIF(SmtRes!AQ102:'SmtRes'!AQ107,"=1",SmtRes!DH102:'SmtRes'!DH107) -> 0.42 | S99: =SUMIF(SmtRes!AQ102:'SmtRes'!AQ107,"=1",SmtRes!DI102:'SmtRes'!DI107) -> 1780.31 | T99: =ROUND(CU99*I99,2) -> 0 | U99: =SUMIF(SmtRes!AQ102:'SmtRes'!AQ107,"=1",SmtRes!CV102:'SmtRes'!CV107) -> 4.1392 | V99: =SUMIF(SmtRes!AQ102:'SmtRes'!AQ107,"=1",SmtRes!CW102:'SmtRes'!CW107) -> 0.00104 | W99: =ROUND(CX99*I99,2) -> 0 | X99: =ROUND(CY99,2) -> 2083.45 | Y99: =ROUND(CZ99,2) -> 1317.74 | AA99: 74014550 | AB99: =ROUND((AC99+AD99+AF99),6) -> 17147.542 | AC99: =ROUND((SUM(SmtRes!BQ102:'SmtRes'!BQ107)),6) -> 4.7135 | AD99: =ROUND((((SUM(SmtRes!BR102:'SmtRes'!BR107))-(SUM(SmtRes!BS102:'SmtRes'!BS107)))+AE99),6) -> 24.4505 | AE99: =ROUND((SUM(SmtRes!BS102:'SmtRes'!BS107)),6) -> 4.0024 | AF99: =ROUND((SUM(SmtRes!BT102:'SmtRes'!BT107)),6) -> 17118.378 | AG99: =ROUND((AP99),6) -> 0 | AH99: =(SUM(SmtRes!BU102:'SmtRes'!BU107)) -> 39.8 | AI99: =(SUM(SmtRes!BV102:'SmtRes'!BV107)) -> 0.01 | AJ99: =(AS99) -> 0 | AK99: 17151.544 | AL99: 4.7135 | AM99: 24.4505 | AN99: 4.0024 | AO99: 17118.378 | AP99: 0 | AQ99: 39.8 | AR99: 0.01 | AS99: 0 | AT99: 117 | AU99: 74 | AV99: 1 | AW99: 1 | AZ99: 1 | BA99: 1 | BB99: 1 | BC99: 1 | BH99: 0 | BI99: 1 | BJ99: ГЭСН-2022 доп.7, 24-02-035-03, приказ Минстроя России от 02.08.2023 г. № 551/пр | BM99: 24001 | BN99: 0 | BP99: 0 | BQ99: 2 | BR99: 0 | BS99: 1 | BT99: 1 | BU99: 1 | BV99: 1 | BW99: 1 | BX99: 1 | BZ99: 117 | CA99: 74 | CE99: 0 | CF99: 0 | CG99: 0 | CM99: 0 | CO99: 0 | CP99: =(P99+Q99+S99+R99) -> 1785.68 | CQ99: =SUMIF(SmtRes!AQ102:'SmtRes'!AQ107,"=1",SmtRes!AA102:'SmtRes'!AA107) -> 145.67 | CR99: =SUMIF(SmtRes!AQ102:'SmtRes'!AQ107,"=1",SmtRes!AB102:'SmtRes'!AB107) -> 4327.74 | CS99: =SUMIF(SmtRes!AQ102:'SmtRes'!AQ107,"=1",SmtRes!AC102:'SmtRes'!AC107) -> 400.24 | CT99: =SUMIF(SmtRes!AQ102:'SmtRes'!AQ107,"=1",SmtRes!AD102:'SmtRes'!AD107) -> 860.22 | CU99: =AG99 -> 0 | CV99: =SUMIF(SmtRes!AQ102:'SmtRes'!AQ107,"=1",SmtRes!BU102:'SmtRes'!BU107) -> 39.8 | CW99: =SUMIF(SmtRes!AQ102:'SmtRes'!AQ107,"=1",SmtRes!BV102:'SmtRes'!BV107) -> 0.01 | CX99: =AJ99 -> 0 | CY99: =(((S99+R99)*AT99)/100) -> 2083.4541 | CZ99: =(((S99+R99)*AU99)/100) -> 1317.7402 | DN99: 0 | DO99: 0 | DP99: 1 | DQ99: 1 | DU99: 1003 | DV99: км | DW99: км | DX99: 1000 | EE99: 72340632 | EF99: 2 | EG99: Общестроительные работы | EH99: 18 | EI99: Наружные сети водопровода, канализации, теплоснабжения, газопроводы | EJ99: 1 | EK99: 24001 | EL99: Наружные сети водопровода, канализации, теплоснабжения, газопроводы | EM99: ФЕР-24 | EQ99: 0 | ER99: 0 | ES99: 0 | ET99: 0 | EU99: 0 | EV99: 0 | EW99: 39.8 | EX99: 0.01 | EY99: 0 | FQ99: 0 | FR99: 0 | FS99: 0 | FX99: 117 | FY99: 74 | GD99: 1 | GF99: -714333159 | GG99: 2 | GH99: 1 | GI99: -2 | GJ99: 0 | GK99: 0 | GL99: =ROUND(IF(AND(BH99=3,BI99=3,FS99<>0),P99,0),2) -> 0 | GM99: =ROUND(O99+X99+Y99,2)+GX99 -> 5186.87 | GN99: =IF(OR(BI99=0,BI99=1),GM99-GX99,0) -> 5186.87 | GO99: =IF(BI99=2,GM99-GX99,0) -> 0 | GP99: =IF(BI99=4,GM99-GX99,0) -> 0 | GR99: 0 | GS99: 3 | GT99: 0 | GV99: =ROUND((GT99),6) -> 0 | GW99: 1 | GX99: =ROUND(HC99*I99,2) -> 0 | HA99: 0 | HB99: 0 | HC99: =GV99*GW99 -> 0 | HN99: Пр/812-018.0-1 | HO99: Пр/774-018.0 | HP99: Наружные сети водопровода, канализации, теплоснабжения, газопроводы | HQ99: Наружные сети водопровода, канализации, теплоснабжения, газопроводы | HS99: 0 | IK99: 0
A100: 17 | B100: 1 | C100: =ROW(SmtRes!A111) -> 111 | D100: =ROW(EtalonRes!A123) -> 123 | E100: 31 | F100: 24-02-124-01 | G100: Выдержка под давлением до 0,6 МПа при испытании на прочность и герметичность участка газопровода номинальным диаметром: 50-300 мм | H100: участок | I100: 1 | J100: 0 | K100: 1 | O100: =ROUND(CP100,2) -> 17298.45 | P100: =SUMIF(SmtRes!AQ108:'SmtRes'!AQ111,"=1",SmtRes!DF108:'SmtRes'!DF111) -> 0 | Q100: =SUMIF(SmtRes!AQ108:'SmtRes'!AQ111,"=1",SmtRes!DG108:'SmtRes'!DG111) -> 7388.02 | R100: =SUMIF(SmtRes!AQ108:'SmtRes'!AQ111,"=1",SmtRes!DH108:'SmtRes'!DH111) -> 4307.07 | S100: =SUMIF(SmtRes!AQ108:'SmtRes'!AQ111,"=1",SmtRes!DI108:'SmtRes'!DI111) -> 5603.36 | T100: =ROUND(CU100*I100,2) -> 0 | U100: =SUMIF(SmtRes!AQ108:'SmtRes'!AQ111,"=1",SmtRes!CV108:'SmtRes'!CV111) -> 14 | V100: =SUMIF(SmtRes!AQ108:'SmtRes'!AQ111,"=1",SmtRes!CW108:'SmtRes'!CW111) -> 9.8 | W100: =ROUND(CX100*I100,2) -> 0 | X100: =ROUND(CY100,2) -> 11595.2 | Y100: =ROUND(CZ100,2) -> 7333.72 | AA100: 74014550 | AB100: =ROUND((AC100+AD100+AF100),6) -> 11521.972 | AC100: =ROUND((0),6) -> 0 | AD100: =ROUND((((SUM(SmtRes!BR108:'SmtRes'!BR111))-(SUM(SmtRes!BS108:'SmtRes'!BS111)))+AE100),6) -> 5918.612 | AE100: =ROUND((SUM(SmtRes!BS108:'SmtRes'!BS111)),6) -> 4307.072 | AF100: =ROUND((SUM(SmtRes!BT108:'SmtRes'!BT111)),6) -> 5603.36 | AG100: =ROUND((AP100),6) -> 0 | AH100: =(SUM(SmtRes!BU108:'SmtRes'!BU111)) -> 14 | AI100: =(SUM(SmtRes!BV108:'SmtRes'!BV111)) -> 9.8 | AJ100: =(AS100) -> 0 | AK100: 15829.044 | AL100: 0 | AM100: 5918.612 | AN100: 4307.072 | AO100: 5603.36 | AP100: 0 | AQ100: 14 | AR100: 9.8 | AS100: 0 | AT100: 117 | AU100: 74 | AV100: 1 | AW100: 1 | AZ100: 1 | BA100: 1 | BB100: 1 | BC100: 1 | BH100: 0 | BI100: 1 | BJ100: ГЭСН-2022, 24-02-124-01, приказ Минстроя России от 18.05.2022 г. № 378/пр | BM100: 24001 | BN100: 0 | BP100: 0 | BQ100: 2 | BR100: 0 | BS100: 1 | BT100: 1 | BU100: 1 | BV100: 1 | BW100: 1 | BX100: 1 | BZ100: 117 | CA100: 74 | CE100: 0 | CF100: 0 | CG100: 0 | CM100: 0 | CO100: 0 | CP100: =(P100+Q100+S100+R100) -> 17298.45 | CQ100: =SUMIF(SmtRes!AQ108:'SmtRes'!AQ111,"=1",SmtRes!AA108:'SmtRes'!AA111) -> 0 | CR100: =SUMIF(SmtRes!AQ108:'SmtRes'!AQ111,"=1",SmtRes!AB108:'SmtRes'!AB111) -> 2012.9 | CS100: =SUMIF(SmtRes!AQ108:'SmtRes'!AQ111,"=1",SmtRes!AC108:'SmtRes'!AC111) -> 937.88 | CT100: =SUMIF(SmtRes!AQ108:'SmtRes'!AQ111,"=1",SmtRes!AD108:'SmtRes'!AD111) -> 400.24 | CU100: =AG100 -> 0 | CV100: =SUMIF(SmtRes!AQ108:'SmtRes'!AQ111,"=1",SmtRes!BU108:'SmtRes'!BU111) -> 14 | CW100: =SUMIF(SmtRes!AQ108:'SmtRes'!AQ111,"=1",SmtRes!BV108:'SmtRes'!BV111) -> 9.8 | CX100: =AJ100 -> 0 | CY100: =(((S100+R100)*AT100)/100) -> 11595.203 | CZ100: =(((S100+R100)*AU100)/100) -> 7333.7182 | DN100: 0 | DO100: 0 | DP100: 1 | DQ100: 1 | DU100: 1013 | DV100: участок | DW100: участок | DX100: 1 | EE100: 72340632 | EF100: 2 | EG100: Общестроительные работы | EH100: 18 | EI100: Наружные сети водопровода, канализации, теплоснабжения, газопроводы | EJ100: 1 | EK100: 24001 | EL100: Наружные сети водопровода, канализации, теплоснабжения, газопроводы | EM100: ФЕР-24 | EQ100: 0 | ER100: 0 | ES100: 0 | ET100: 0 | EU100: 0 | EV100: 0 | EW100: 14 | EX100: 9.8 | EY100: 0 | FQ100: 0 | FR100: 0 | FS100: 0 | FX100: 117 | FY100: 74 | GD100: 1 | GF100: -884602627 | GG100: 2 | GH100: 1 | GI100: -2 | GJ100: 0 | GK100: 0 | GL100: =ROUND(IF(AND(BH100=3,BI100=3,FS100<>0),P100,0),2) -> 0 | GM100: =ROUND(O100+X100+Y100,2)+GX100 -> 36227.37 | GN100: =IF(OR(BI100=0,BI100=1),GM100-GX100,0) -> 36227.37 | GO100: =IF(BI100=2,GM100-GX100,0) -> 0 | GP100: =IF(BI100=4,GM100-GX100,0) -> 0 | GR100: 0 | GS100: 0 | GT100: 0 | GV100: =ROUND((GT100),6) -> 0 | GW100: 1 | GX100: =ROUND(HC100*I100,2) -> 0 | HA100: 0 | HB100: 0 | HC100: =GV100*GW100 -> 0 | HN100: Пр/812-018.0-1 | HO100: Пр/774-018.0 | HP100: Наружные сети водопровода, канализации, теплоснабжения, газопроводы | HQ100: Наружные сети водопровода, канализации, теплоснабжения, газопроводы | HS100: 0 | IK100: 0
A102: 51 | B102: =B65 -> 1 | C102: =A65 -> 4 | D102: =ROW(A65) -> 65 | F102: =IF(F65<>"",F65,"") -> Новый раздел | G102: =IF(G65<>"",G65,"") -> Укладка трубы | H102: 0 | O102: =ROUND(AB102,2) -> 85339.24 | P102: =ROUND(AC102,2) -> 51670.62 | Q102: =ROUND(AD102,2) -> 10296.78 | R102: =ROUND(AE102,2) -> 5206.43 | S102: =ROUND(AF102,2) -> 18165.41 | T102: =ROUND(AG102,2) -> 0 | U102: =AH102 -> 44.6997 | V102: =AI102 -> 11.789585 | W102: =ROUND(AJ102,2) -> 0 | X102: =ROUND(AK102,2) -> 27170.62 | Y102: =ROUND(AL102,2) -> 16769.49 | AB102: =ROUND(SUMIF(AA69:AA100,"=74014550",O69:O100),2) -> 85339.24 | AC102: =ROUND(SUMIF(AA69:AA100,"=74014550",P69:P100),2) -> 51670.62 | AD102: =ROUND(SUMIF(AA69:AA100,"=74014550",Q69:Q100),2) -> 10296.78 | AE102: =ROUND(SUMIF(AA69:AA100,"=74014550",R69:R100),2) -> 5206.43 | AF102: =ROUND(SUMIF(AA69:AA100,"=74014550",S69:S100),2) -> 18165.41 | AG102: =ROUND(SUMIF(AA69:AA100,"=74014550",T69:T100),2) -> 0 | AH102: =SUMIF(AA69:AA100,"=74014550",U69:U100) -> 44.6997 | AI102: =SUMIF(AA69:AA100,"=74014550",V69:V100) -> 11.789585 | AJ102: =ROUND(SUMIF(AA69:AA100,"=74014550",W69:W100),2) -> 0 | AK102: =ROUND(SUMIF(AA69:AA100,"=74014550",X69:X100),2) -> 27170.62 | AL102: =ROUND(SUMIF(AA69:AA100,"=74014550",Y69:Y100),2) -> 16769.49 | AO102: =ROUND(BX102,2) -> 0 | AP102: =ROUND(BY102,2) -> 0 | AQ102: =ROUND(BZ102,2) -> 0 | AR102: =ROUND(CA102,2) -> 129279.35 | AS102: =ROUND(CB102,2) -> 116155.05 | AT102: =ROUND(CC102,2) -> 13124.3 | AU102: =ROUND(CD102,2) -> 0 | AV102: =ROUND(CE102,2) -> 51670.62 | ... BD102: =ROUND(CM102,2) -> 0 | BX102: =ROUND(SUMIF(AA69:AA100,"=74014550",FQ69:FQ100),2) -> 0 | BY102: =ROUND(SUMIF(AA69:AA100,"=74014550",FR69:FR100),2) -> 0 | BZ102: =ROUND(SUMIF(AA69:AA100,"=74014550",GL69:GL100),2) -> 0 | CA102: =ROUND(SUMIF(AA69:AA100,"=74014550",GM69:GM100),2) -> 129279.35 | CB102: =ROUND(SUMIF(AA69:AA100,"=74014550",GN69:GN100),2) -> 116155.05 | CC102: =ROUND(SUMIF(AA69:AA100,"=74014550",GO69:GO100),2) -> 13124.3 | CD102: =ROUND(SUMIF(AA69:AA100,"=74014550",GP69:GP100),2) -> 0 | CE102: =AC102-BX102 -> 51670.62 | CF102: =AC102-BY102 -> 51670.62 | CG102: =BX102-BZ102 -> 0 | CH102: =AC102-BX102-BY102+BZ102 -> 51670.62 | CI102: =BY102-BZ102 -> 0 | CJ102: =ROUND(SUMIF(AA69:AA100,"=74014550",GX69:GX100),2) -> 0 | CK102: =ROUND(SUMIF(AA69:AA100,"=74014550",GY69:GY100),2) -> 0 | CL102: =ROUND(SUMIF(AA69:AA100,"=74014550",GZ69:GZ100),2) -> 0 | CM102: =ROUND(SUMIF(AA69:AA100,"=74014550",HD69:HD100),2) -> 0 | GX102: 0
A104: 50 | B104: 0 | C104: 0 | D104: 1 | E104: 201 | F104: =ROUND(Source!O102,O104) -> 85339.24 | G104: ПЗ | H104: Прямые затраты | K104: 201 | L104: 1 | M104: 3 | O104: 2 | W104: 85339.24 | X104: 1 | Y104: 85339.24
A105: 50 | B105: 0 | C105: 0 | D105: 1 | E105: 202 | F105: =ROUND(Source!P102,O105) -> 51670.62 | G105: СтМатОб | H105: Стоимость материальных ресурсов (всего) | K105: 202 | L105: 2 | M105: 3 | O105: 2 | W105: 51670.62 | X105: 1 | Y105: 51670.62
A106: 50 | B106: 0 | C106: 0 | D106: 1 | E106: 222 | F106: =ROUND(Source!AO102,O106) -> 0 | G106: СтМатОбЗак | H106: Стоимость материалов и оборудования заказчика | K106: 222 | L106: 3 | M106: 3 | O106: 2 | W106: 0 | X106: 1 | Y106: 0
A107: 50 | B107: 0 | C107: 0 | D107: 1 | E107: 225 | F107: =ROUND(Source!AV102,O107) -> 51670.62 | G107: СтМатОбПод | H107: Стоимость материалов и оборудования подрядчика | K107: 225 | L107: 4 | M107: 3 | O107: 2 | W107: 51670.62 | X107: 1 | Y107: 51670.62
A108: 50 | B108: 0 | C108: 0 | D108: 1 | E108: 226 | F108: =ROUND(Source!AW102,O108) -> 51670.62 | G108: СтМат | H108: Стоимость материалов (всего) | K108: 226 | L108: 5 | M108: 3 | O108: 2 | W108: 51670.62 | X108: 1 | Y108: 51670.62
A109: 50 | B109: 0 | C109: 0 | D109: 1 | E109: 227 | F109: =ROUND(Source!AX102,O109) -> 0 | G109: СтМатЗак | H109: Стоимость материалов заказчика | K109: 227 | L109: 6 | M109: 3 | O109: 2 | W109: 0 | X109: 1 | Y109: 0
A110: 50 | B110: 0 | C110: 0 | D110: 1 | E110: 228 | F110: =ROUND(Source!AY102,O110) -> 51670.62 | G110: СтМатПод | H110: Стоимость материалов подрядчика | K110: 228 | L110: 7 | M110: 3 | O110: 2 | W110: 51670.62 | X110: 1 | Y110: 51670.62
A111: 50 | B111: 0 | C111: 0 | D111: 1 | E111: 216 | F111: =ROUND(Source!AP102,O111) -> 0 | G111: Оборуд | H111: Стоимость оборудования (всего) | K111: 216 | L111: 8 | M111: 3 | O111: 2 | W111: 0 | X111: 1 | Y111: 0
A112: 50 | B112: 0 | C112: 0 | D112: 1 | E112: 223 | F112: =ROUND(Source!AQ102,O112) -> 0 | G112: ОборудЗак | H112: Стоимость оборудования заказчика | K112: 223 | L112: 9 | M112: 3 | O112: 2 | W112: 0 | X112: 1 | Y112: 0
A113: 50 | B113: 0 | C113: 0 | D113: 1 | E113: 229 | F113: =ROUND(Source!AZ102,O113) -> 0 | G113: ОборудПод | H113: Стоимость оборудования подрядчика | K113: 229 | L113: 10 | M113: 3 | O113: 2 | W113: 0 | X113: 1 | Y113: 0
A114: 50 | B114: 0 | C114: 0 | D114: 1 | E114: 203 | F114: =ROUND(Source!Q102,O114) -> 10296.78 | G114: ЭММ | H114: Эксплуатация машин | K114: 203 | L114: 11 | M114: 3 | O114: 2 | W114: 10296.78 | X114: 1 | Y114: 10296.78
A115: 50 | B115: 0 | C115: 0 | D115: 1 | E115: 231 | F115: =ROUND(Source!BB102,O115) -> 0 | G115: ЭММсНРиСП | H115: Эксплуатация машин по ТСН-2001.16 | K115: 231 | L115: 12 | M115: 3 | O115: 2 | W115: 0 | X115: 1 | Y115: 0
A116: 50 | B116: 0 | C116: 0 | D116: 1 | E116: 204 | F116: =ROUND(Source!R102,O116) -> 5206.43 | G116: ЗПМ | H116: ЗП машинистов | K116: 204 | L116: 13 | M116: 3 | O116: 2 | W116: 5206.43 | X116: 1 | Y116: 5206.43
A117: 50 | B117: 0 | C117: 0 | D117: 1 | E117: 205 | F117: =ROUND(Source!S102,O117) -> 18165.41 | G117: ОЗП | H117: Основная ЗП рабочих | K117: 205 | L117: 14 | M117: 3 | O117: 2 | W117: 18165.41 | X117: 1 | Y117: 18165.41
A118: 50 | B118: 0 | C118: 0 | D118: 1 | E118: 232 | F118: =ROUND(Source!BC102,O118) -> 0 | G118: ОЗПсНРиСП | H118: Основная ЗП рабочих по ТСН-2001.16 | K118: 232 | L118: 15 | M118: 3 | O118: 2 | W118: 0 | X118: 1 | Y118: 0
A119: 50 | B119: 0 | C119: 0 | D119: 1 | E119: 214 | F119: =ROUND(Source!AS102,O119) -> 116155.05 | G119: Строит | H119: Строительные работы с НР и СП | K119: 214 | L119: 16 | M119: 3 | O119: 2 | W119: 116155.05 | X119: 1 | Y119: 116155.05
A120: 50 | B120: 0 | C120: 0 | D120: 1 | E120: 215 | F120: =ROUND(Source!AT102,O120) -> 13124.3 | G120: Монтаж | H120: Монтажные работы с НР и СП | K120: 215 | L120: 17 | M120: 3 | O120: 2 | W120: 13124.3 | X120: 1 | Y120: 13124.3
A121: 50 | B121: 0 | C121: 0 | D121: 1 | E121: 217 | F121: =ROUND(Source!AU102,O121) -> 0 | G121: Прочие | H121: Прочие работы с НР и СП | K121: 217 | L121: 18 | M121: 3 | O121: 2 | W121: 0 | X121: 1 | Y121: 0
A122: 50 | B122: 0 | C122: 0 | D122: 1 | E122: 230 | F122: =ROUND(Source!BA102,O122) -> 0 | G122: ПрочиеЗатр | H122: Прочие затраты по ТСН-2001.16 | K122: 230 | L122: 19 | M122: 3 | O122: 2 | W122: 0 | X122: 1 | Y122: 0
A123: 50 | B123: 0 | C123: 0 | D123: 1 | E123: 206 | F123: =ROUND(Source!T102,O123) -> 0 | G123: ВозврМат | H123: Возврат материалов | K123: 206 | L123: 20 | M123: 3 | O123: 2 | W123: 0 | X123: 1 | Y123: 0
A124: 50 | B124: 0 | C124: 0 | D124: 1 | E124: 207 | F124: =ROUND(Source!U102,O124) -> 44.6997 | G124: ТрудСтр | H124: Трудозатраты строителей | K124: 207 | L124: 21 | M124: 3 | O124: 7 | W124: 44.6997 | X124: 1 | Y124: 44.6997
A125: 50 | B125: 0 | C125: 0 | D125: 1 | E125: 208 | F125: =ROUND(Source!V102,O125) -> 11.789585 | G125: ТрудМаш | H125: Трудозатраты машинистов | K125: 208 | L125: 22 | M125: 3 | O125: 7 | W125: 11.789585 | X125: 1 | Y125: 11.789585
A126: 50 | B126: 0 | C126: 0 | D126: 1 | E126: 209 | F126: =ROUND(Source!W102,O126) -> 0 | G126: ТранспМат | H126: Транспорт материалов | K126: 209 | L126: 23 | M126: 3 | O126: 2 | W126: 0 | X126: 1 | Y126: 0
...

Sheet SourceObSm
A1: 0 | B1: Smeta.RU (495) 974-1589 | D1: _OBSM_ | F1: 0 | G1: 0 | H1: 0 | I1: Smeta.RU | K1: 1 | L1: 28180 | M1: 10 | N1: 12 | O1: 1 | P1: 0 | Q1: 5
A12: 1 | B12: 59 | C12: 0 | E12: 0 | F12: Новый объект_(Копия)_(Копия)_(Копия)_(Копия)_(Копия) | G12: Газопровод низкого давления к нежилому помещению,расположенному по адресу: Пензенская область,г.Кузнецк,ул.Кирова,155А/1 | I12: 0 | K12: 0 | L12: 0 | M12: 523 | O12: 0 | P12: 0 | Q12: 7 | R12: 0 | T12: 4 | V12: 0 | BB12: 0 | BH12: Сметные нормы списания | BI12: Коды ценников | BJ12: 1 | BK12: 1 | BL12: 0 | BM12: 0 | BN12: 1 | BO12: 0 | BP12: 6 | BQ12: 2 | BR12: 1 | BS12: 1 | BT12: 0 | BU12: 0 | BV12: 0 | BW12: 0 | BX12: 0 | BY12: ФСНБ-2022_И19 | BZ12: Версия 1.19.0 для ФСНБ-2022 И19 | CA12: ФСНБ-2022 - Изменения И19 | CB12: ФСНБ-2022 - Изменения И19 | CC12: ФСНБ-2022 - Изменения И19 | CD12: ФСНБ-2022 - Изменения И19 | CE12: Поправки для ФСНБ-2022 от 21.08.2026 г И19 (55/пр) Строительство | CF12: 0 | CG12: 0 | CH12: 487096328 | CK12: 19 | CQ12: Приказ Минстроя России от 30.12.2021 г. № 1046/пр; Приказ Минстроя России от 04.08.2020 г. № 421/пр; Приказ Минстроя России от 21.12.2020 г. № 812/пр; Приказ Минстроя России от 11.12.2020 г. № 774/пр | CR12: ГСН | CS12: 46248 | CT12: 570 | CU12: 19 | CV12: Приказ Минстроя России от 18.05.2022 г. № 378/пр; Приказ Минстроя России от 26.08.2022 г. № 703/пр; Приказ Минстроя России от 26.10.2022 г. № 905/пр; Приказ Минстроя России от 27.12.2022 г. № 1133/пр; Приказ Минстроя России от 10.02.2023 г. № 84/пр; Приказ Минстроя России от 11.05.2023 г. № 335/пр; Приказ Минстроя России от 02.08.2023 г. № 551/пр; Приказ Минстроя России от 14.11.2023 г. № 817/пр; Приказ Минстроя России от 16.02.2024 г. № 102/пр; Приказ Минстроя России от 13.05.2024 г. № 323/пр; Приказ Минстроя России от 09.08.2024 г. № 524/пр; Приказ Минстроя России от 07.11.2024 г. № 747/пр; Приказ Минстроя России от 07.02.2025 г. № 69/пр; Приказ Минстроя России от 19.05.2025 г. № 299/пр; Приказ Минстроя России от 14.08.2025 г. № 490/пр; Приказ Минстроя России от 12.11.2025 г. № 696/пр; Приказ Минстроя России от 17.02.2026 г. № 91/пр; Приказ Минстроя России от 15.05.2026 г. № 301/пр; Приказ Минстроя России от 12.08.2026 г. № 527/пр; Приказ Минстроя России от 07.07.2022 г. № 557/пр; Приказ Минстроя России от 30.01.2024 г. № 55/пр; Приказ Минстроя России от 23.01.2025 г. № 30/пр; Приказ Минстроя России от 02.09.2021 г. № 636/пр; Приказ Минстроя России от 26.07.2022 г. № 611/пр; Приказ Минстроя России от 22.04.2022 г. № 317/пр | CY12: 0 | EC12: 0
A14: 22 | B14: 1 | C14: 0 | D14: 74014550 | E14: 0 | F14: 2 | G14: 1
A16: 3 | B16: 1 | C16: Новая локальная смета | D16: Газопровод низкого давления | E16: =ROUND((Source!F255)/1000,2) -> 314.28 | F16: =ROUND((Source!F256)/1000,2) -> 14.24 | G16: =ROUND((Source!F247)/1000,2) -> 0 | H16: =ROUND((Source!F257)/1000+(Source!F258)/1000,2) -> 0 | I16: =E16+F16+G16+H16 -> 328.52 | J16: =ROUND((Source!F253+Source!F252)/1000,2) -> 70.64 | K16: 306.9 | L16: 0 | M16: 0 | N16: =I16+L16+M16 -> 328.52 | AI16: 0 | AJ16: -1 | AN16: 0 | AT16: 210262.06 | AU16: 96642.05 | AV16: 0 | AW16: 0 | AX16: 0 | AY16: 42984.01 | AZ16: 14698.73 | BA16: 55937.27 | BB16: 314279.77 | BC16: 14238.73 | BD16: 0 | BE16: 0 | BF16: 150.46113 | BG16: 30.978374 | BH16: 0 | BI16: 76006.48 | BJ16: 42249.96 | BK16: 328518.5
A18: 51 | E18: 314.28 | F18: 14.24 | G18: 0 | H18: 0 | I18: 328.52 | J18: 70.64 | K18: 306.9 | L18: 0 | M18: 0 | N18: 328.52
A20: 50 | B20: 0 | C20: 0 | D20: 1 | E20: 0 | F20: 210262.06 | G20: ПЗ | H20: Прямые затраты | K20: 201 | L20: 1 | M20: 3 | O20: 2
A21: 50 | B21: 0 | C21: 0 | D21: 1 | E21: 202 | F21: 96642.05 | G21: СтМатОб | H21: Стоимость материальных ресурсов (всего) | K21: 202 | L21: 2 | M21: 3 | O21: 2
A22: 50 | B22: 0 | C22: 0 | D22: 1 | E22: 222 | F22: 0 | G22: СтМатОбЗак | H22: Стоимость материалов и оборудования заказчика | K22: 222 | L22: 3 | M22: 3 | O22: 2
A23: 50 | B23: 0 | C23: 0 | D23: 1 | E23: 225 | F23: 96642.05 | G23: СтМатОбПод | H23: Стоимость материалов и оборудования подрядчика | K23: 225 | L23: 4 | M23: 3 | O23: 2
A24: 50 | B24: 0 | C24: 0 | D24: 1 | E24: 226 | F24: 96642.05 | G24: СтМат | H24: Стоимость материалов (всего) | K24: 226 | L24: 5 | M24: 3 | O24: 2
A25: 50 | B25: 0 | C25: 0 | D25: 1 | E25: 227 | F25: 0 | G25: СтМатЗак | H25: Стоимость материалов заказчика | K25: 227 | L25: 6 | M25: 3 | O25: 2
A26: 50 | B26: 0 | C26: 0 | D26: 1 | E26: 228 | F26: 96642.05 | G26: СтМатПод | H26: Стоимость материалов подрядчика | K26: 228 | L26: 7 | M26: 3 | O26: 2
A27: 50 | B27: 0 | C27: 0 | D27: 1 | E27: 216 | F27: 0 | G27: Оборуд | H27: Стоимость оборудования (всего) | K27: 216 | L27: 8 | M27: 3 | O27: 2
A28: 50 | B28: 0 | C28: 0 | D28: 1 | E28: 223 | F28: 0 | G28: ОборудЗак | H28: Стоимость оборудования заказчика | K28: 223 | L28: 9 | M28: 3 | O28: 2
A29: 50 | B29: 0 | C29: 0 | D29: 1 | E29: 229 | F29: 0 | G29: ОборудПод | H29: Стоимость оборудования подрядчика | K29: 229 | L29: 10 | M29: 3 | O29: 2
A30: 50 | B30: 0 | C30: 0 | D30: 1 | E30: 203 | F30: 42984.01 | G30: ЭММ | H30: Эксплуатация машин | K30: 203 | L30: 11 | M30: 3 | O30: 2
A31: 50 | B31: 0 | C31: 0 | D31: 1 | E31: 231 | F31: 0 | G31: ЭММсНРиСП | H31: Эксплуатация машин по ТСН-2001.16 | K31: 231 | L31: 12 | M31: 3 | O31: 2
... A54: 50 | B54: 1 | C54: 0 | D54: 2 | E54: 213 | F54: 400135 | G54: Итог8 | H54: Всего | K54: 212 | L54: 35 | M54: 0 | O54: 2
A56: -1
A59: 75 | B59: Уровень цен | C59: 2026 | D59: 0 | E59: 9 | F59: 1 | G59: 0 | H59: 1 | I59: 0 | J59: 3 | K59: 0 | L59: 0 | M59: 0 | N59: 74014550 | O59: 1
A60: 2 | B60: Вид цен | C60: Пензенская область, КТЦ к ФСНБ-2022, 3 квартал 2026 г | D60: 0 | E60: 0 | F60: 0 | AN60: 74014551
A61: 1 | B61: Сборник индексов | C61: Пензенская область к ФСНБ-2022 ФГИС ЦС | D61: 2026 | E61: 9 | F61: 1 | G61: 1 | H61: 0 | I61: 2 | J61: 1 | K61: 1 | L61: 1 | M61: 1 | N61: 1 | O61: 1 | P61: 1 | Q61: 1 | AN61: 74014552 | AO61: Письмо Минстроя России «О размещении индексов изменения сметной стоимости строительства по группам однородных строительных ресурсов на III квартал 2026 года» | AP61: Справочная информация | AQ61: 46258 | AR61: 423 | AS61: Письмо Минстроя России от 24.08.2026 № 52419-ИФ/09 | AT61: Приказ Министерства градостроительства и архитектуры Пензенской области | AU61: Справочная информация | AV61: 46087 | AW61: 250 | AX61: Приказ Министерства градостроительства и архитектуры Пензенской области от 06.03.2026 г. № 250/оп

Sheet SmtRes
A1: =ROW(Source!A28) -> 28 | B1: 74014550 | C1: 74015987 | D1: 20049115 | E1: 117 | F1: 1 | G1: 1 | H1: 1 | I1: 4-100-00 | K1: Затраты труда машинистов | L1: 1191 | N1: 1013 | O1: чел.-ч. | P1: чел.-ч. | Q1: 1 | W1: 0 | X1: -1417349443 | Y1: =AT1 -> 25.5 | AA1: 0 | AB1: 0 | AC1: 0 | AD1: 0 | AE1: 0 | AF1: 0 | AG1: 0 | AH1: 0 | AI1: 1 | AJ1: 1 | AK1: 1 | AL1: 1 | AM1: -2 | AN1: 0 | AO1: 0 | AP1: 1 | AQ1: 1 | AR1: 0 | AT1: 25.5 | AV1: 2 | AW1: 2 | AX1: 74015990 | AY1: 1 | AZ1: 0 | BA1: 1 | BB1: 1 | BC1: 0 | BD1: 0 | BE1: 0 | BF1: 0 | BG1: 0 | BH1: 0 | BI1: 0 | BJ1: 0 | BK1: 0 | BL1: 0 | BM1: 0 | BN1: 0 | BO1: 0 | BP1: 0 | BQ1: 0 | BR1: 0 | BS1: 0 | BT1: 0 | BU1: 0 | BV1: 0 | BW1: 0 | CV1: 0 | CW1: 0 | CX1: =ROUND(Y1*Source!I28,7) -> 2.8815 | CY1: =AD1 -> 0 | CZ1: =AH1 -> 0 | DA1: =AL1 -> 1 | DB1: =ROUND(ROUND(AT1*CZ1,2),6) -> 0 | DC1: =ROUND(ROUND(AT1*AG1,2),6) -> 0 | DF1: =ROUND(ROUND(AE1,2)*CX1,2) -> 0 | DG1: =ROUND(ROUND(AF1,2)*CX1,2) -> 0 | DH1: =ROUND(ROUND(AG1,2)*CX1,2) -> 0 | DI1: =ROUND(ROUND(AH1,2)*CX1,2) -> 0 | DJ1: =DI1 -> 0 | DK1: 0 | DM1: 0 | DO1: 0
A2: =ROW(Source!A28) -> 28 | B2: 74014550 | C2: 74015987 | D2: 68782761 | E2: 1 | F2: 1 | G2: 1 | H2: 2 | I2: 91.01.05-085 | J2: ФСЭМ-2022, 91.01.05-085, приказ Минстроя России от 18.05.2022 г. № 378/пр | K2: Экскаваторы одноковшовые дизельные на гусеничном ходу, объем ковша 0,5 м3 | L2: 1368 | N2: 1011 | O2: маш.-ч | P2: маш.-ч | Q2: 1 | W2: 0 | X2: -472970762 | Y2: =AT2 -> 25.5 | AA2: 0 | AB2: 1433.48 | AC2: 537.64 | AD2: 0 | AE2: 0 | AF2: 1054.03 | AG2: 537.64 | AH2: 0 | AI2: 1 | AJ2: 1.36 | AK2: 1 | AL2: 1 | AM2: 2 | AN2: 0 | AO2: 0 | AP2: 1 | AQ2: 1 | AR2: 0 | AT2: 25.5 | AV2: 1 | AW2: 2 | AX2: 74015991 | AY2: 2 | AZ2: 65536 | BA2: 2 | BB2: 1 | BC2: 0 | BD2: 0 | BE2: 0 | BF2: 0 | BG2: 0 | BH2: 0 | BI2: 0 | BJ2: 0 | BK2: 26877.765 | BL2: 13709.82 | BM2: 0 | BN2: 0 | BO2: 25.5 | BP2: 1 | BQ2: 0 | BR2: 26877.765 | BS2: 13709.82 | BT2: 0 | BU2: 0 | BV2: 25.5 | BW2: 1 | CV2: 0 | CW2: =ROUND(Y2*Source!I28*DO2,7) -> 2.8815 | CX2: =ROUND(Y2*Source!I28,7) -> 2.8815 | CY2: =AB2 -> 1433.48 | CZ2: =AF2 -> 1054.03 | DA2: =AJ2 -> 1.36 | DB2: =ROUND(ROUND(AT2*CZ2,2),6) -> 26877.77 | DC2: =ROUND(ROUND(AT2*AG2,2),6) -> 13709.82 | DF2: =ROUND(ROUND(AE2,2)*CX2,2) -> 0 | DG2: =ROUND(ROUND(AF2*AJ2,2)*CX2,2) -> 4130.57 | DH2: =ROUND(ROUND(AG2,2)*CX2,2) -> 1549.21 | DI2: =ROUND(ROUND(AH2,2)*CX2,2) -> 0 | DJ2: =DG2+DH2 -> 5679.78 | DK2: 0 | DL2: 4-100-060 | DM2: 6 | DN2: чел.-ч. | DO2: 1
A3: =ROW(Source!A29) -> 29 | B3: 74014550 | C3: 74015992 | D3: 72518592 | E3: 119 | F3: 1 | G3: 1 | H3: 1 | I3: 1-100-20 | K3: Средний разряд работы 2,0 | L3: 1191 | N3: 1013 | O3: чел.-ч. | P3: чел.-ч. | Q3: 1 | W3: 0 | X3: 370475345 | Y3: =AT3 -> 154 | AA3: 0 | AB3: 0 | AC3: 0 | AD3: 325.57 | AE3: 0 | AF3: 0 | AG3: 0 | AH3: 325.57 | AI3: 1 | AJ3: 1 | AK3: 1 | AL3: 1 | AM3: -2 | AN3: 0 | AO3: 0 | AP3: 1 | AQ3: 1 | AR3: 0 | AT3: 154 | AV3: 1 | AW3: 2 | AX3: 74017904 | AY3: 1 | AZ3: 0 | BA3: 3 | BB3: 1 | BC3: 0 | BD3: 0 | BE3: 0 | BF3: 0 | BG3: 0 | BH3: 0 | BI3: 0 | BJ3: 0 | BK3: 0 | BL3: 0 | BM3: 50137.78 | BN3: 154 | BO3: 0 | BP3: 1 | BQ3: 0 | BR3: 0 | BS3: 0 | BT3: 50137.78 | BU3: 154 | BV3: 0 | BW3: 1 | CU3: =ROUND(AT3*Source!I29*AH3*AL3,2) -> 13537.2 | CV3: =ROUND(Y3*Source!I29,7) -> 41.58 | CW3: 0 | CX3: =ROUND(Y3*Source!I29,7) -> 41.58 | CY3: =AD3 -> 325.57 | CZ3: =AH3 -> 325.57 | DA3: =AL3 -> 1 | DB3: =ROUND(ROUND(AT3*CZ3,2),6) -> 50137.78 | DC3: =ROUND(ROUND(AT3*AG3,2),6) -> 0 | DF3: =ROUND(ROUND(AE3,2)*CX3,2) -> 0 | DG3: =ROUND(ROUND(AF3,2)*CX3,2) -> 0 | DH3: =ROUND(ROUND(AG3,2)*CX3,2) -> 0 | DI3: =ROUND(ROUND(AH3,2)*CX3,2) -> 13537.2 | DJ3: =DI3 -> 13537.2 | DK3: 1 | DM3: 0 | DO3: 0
A4: =ROW(Source!A30) -> 30 | B4: 74014550 | C4: 74015995 | D4: 20050957 | E4: 119 | F4: 1 | G4: 1 | H4: 1 | I4: 1-100-25 | K4: Средний разряд работы 2,5 | L4: 1191 | N4: 1013 | O4: чел.-ч. | P4: чел.-ч. | Q4: 1 | W4: 0 | X4: -1991603921 | Y4: =AT4 -> 10.2 | AA4: 0 | AB4: 0 | AC4: 0 | AD4: 340.51 | AE4: 0 | AF4: 0 | AG4: 0 | AH4: 340.51 | AI4: 1 | AJ4: 1 | AK4: 1 | AL4: 1 | AM4: -2 | AN4: 0 | AO4: 0 | AP4: 1 | AQ4: 1 | AR4: 0 | AT4: 10.2 | AV4: 1 | AW4: 2 | AX4: 74015999 | AY4: 1 | AZ4: 0 | BA4: 4 | BB4: 1 | BC4: 0 | BD4: 0 | BE4: 0 | BF4: 0 | BG4: 0 | BH4: 0 | BI4: 0 | BJ4: 0 | BK4: 0 | BL4: 0 | BM4: 3473.202 | BN4: 10.2 | BO4: 0 | BP4: 1 | BQ4: 0 | BR4: 0 | BS4: 0 | BT4: 3473.202 | BU4: 10.2 | BV4: 0 | BW4: 1 | CU4: =ROUND(AT4*Source!I30*AH4*AL4,2) -> 7050.6 | CV4: =ROUND(Y4*Source!I30,7) -> 20.706 | CW4: 0 | CX4: =ROUND(Y4*Source!I30,7) -> 20.706 | CY4: =AD4 -> 340.51 | CZ4: =AH4 -> 340.51 | DA4: =AL4 -> 1 | DB4: =ROUND(ROUND(AT4*CZ4,2),6) -> 3473.2 | DC4: =ROUND(ROUND(AT4*AG4,2),6) -> 0 | DF4: =ROUND(ROUND(AE4,2)*CX4,2) -> 0 | DG4: =ROUND(ROUND(AF4,2)*CX4,2) -> 0 | DH4: =ROUND(ROUND(AG4,2)*CX4,2) -> 0 | DI4: =ROUND(ROUND(AH4,2)*CX4,2) -> 7050.6 | DJ4: =DI4 -> 7050.6 | DK4: 1 | DM4: 0 | DO4: 0
A5: =ROW(Source!A30) -> 30 | B5: 74014550 | C5: 74015995 | D5: 20049115 | E5: 119 | F5: 1 | G5: 1 | H5: 1 | I5: 4-100-00 | K5: Затраты труда машинистов | L5: 1191 | N5: 1013 | O5: чел.-ч. | P5: чел.-ч. | Q5: 1 | W5: 0 | X5: -1417349443 | Y5: =AT5 -> 0.32 | AA5: 0 | AB5: 0 | AC5: 0 | AD5: 0 | AE5: 0 | AF5: 0 | AG5: 0 | AH5: 0 | AI5: 1 | AJ5: 1 | AK5: 1 | AL5: 1 | AM5: -2 | AN5: 0 | AO5: 0 | AP5: 1 | AQ5: 1 | AR5: 0 | AT5: 0.32 | AV5: 2 | AW5: 2 | AX5: 74016000 | AY5: 1 | AZ5: 0 | BA5: 5 | BB5: 1 | BC5: 0 | BD5: 0 | BE5: 0 | BF5: 0 | BG5: 0 | BH5: 0 | BI5: 0 | BJ5: 0 | BK5: 0 | BL5: 0 | BM5: 0 | BN5: 0 | BO5: 0 | BP5: 0 | BQ5: 0 | BR5: 0 | BS5: 0 | BT5: 0 | BU5: 0 | BV5: 0 | BW5: 0 | CV5: 0 | CW5: 0 | CX5: =ROUND(Y5*Source!I30,7) -> 0.6496 | CY5: =AD5 -> 0 | CZ5: =AH5 -> 0 | DA5: =AL5 -> 1 | DB5: =ROUND(ROUND(AT5*CZ5,2),6) -> 0 | DC5: =ROUND(ROUND(AT5*AG5,2),6) -> 0 | DF5: =ROUND(ROUND(AE5,2)*CX5,2) -> 0 | DG5: =ROUND(ROUND(AF5,2)*CX5,2) -> 0 | DH5: =ROUND(ROUND(AG5,2)*CX5,2) -> 0 | DI5: =ROUND(ROUND(AH5,2)*CX5,2) -> 0 | DJ5: =DI5 -> 0 | DK5: 0 | DM5: 0 | DO5: 0
A6: =ROW(Source!A30) -> 30 | B6: 74014550 | C6: 74015995 | D6: 72646194 | E6: 1 | F6: 1 | G6: 1 | H6: 2 | I6: 91.06.05-011 | J6: ФСЭМ-2022, 91.06.05-011, приказ Минстроя России от 18.05.2022 г. № 378/пр | K6: Погрузчики одноковшовые универсальные фронтальные пневмоколесные, номинальная вместимость основного ковша 2,6 м3, грузоподъемность 5 т | L6: 1368 | N6: 1011 | O6: маш.-ч | P6: маш.-ч | Q6: 1 | W6: 0 | X6: -1368259184 | Y6: =AT6 -> 0.32 | AA6: 0 | AB6: 1681.82 | AC6: 459.98 | AD6: 0 | AE6: 0 | AF6: 1681.82 | AG6: 459.98 | AH6: 0 | AI6: 1 | AJ6: 1 | AK6: 1 | AL6: 1 | AM6: -2 | AN6: 0 | AO6: 0 | AP6: 1 | AQ6: 1 | AR6: 0 | AT6: 0.32 | AV6: 1 | AW6: 2 | AX6: 74016001 | AY6: 1 | AZ6: 0 | BA6: 6 | BB6: 1 | BC6: 0 | BD6: 0 | BE6: 0 | BF6: 0 | BG6: 0 | BH6: 0 | BI6: 0 | BJ6: 0 | BK6: 538.1824 | BL6: 147.1936 | BM6: 0 | BN6: 0 | BO6: 0.32 | BP6: 1 | BQ6: 0 | BR6: 538.1824 | BS6: 147.1936 | BT6: 0 | BU6: 0 | BV6: 0.32 | BW6: 1 | CV6: 0 | CW6: =ROUND(Y6*Source!I30*DO6,7) -> 0.6496 | CX6: =ROUND(Y6*Source!I30,7) -> 0.6496 | CY6: =AB6 -> 1681.82 | CZ6: =AF6 -> 1681.82 | DA6: =AJ6 -> 1 | DB6: =ROUND(ROUND(AT6*CZ6,2),6) -> 538.18 | DC6: =ROUND(ROUND(AT6*AG6,2),6) -> 147.19 | DF6: =ROUND(ROUND(AE6,2)*CX6,2) -> 0 | DG6: =ROUND(ROUND(AF6,2)*CX6,2) -> 1092.51 | DH6: =ROUND(ROUND(AG6,2)*CX6,2) -> 298.8 | DI6: =ROUND(ROUND(AH6,2)*CX6,2) -> 0 | DJ6: =DG6+DH6 -> 1391.31 | DK6: 1 | DL6: 4-100-050 | DM6: 5 | DN6: чел.-ч. | DO6: 1
A7: =ROW(Source!A32) -> 32 | B7: 74014550 | C7: 74016004 | D7: 20049115 | E7: 117 | F7: 1 | G7: 1 | H7: 1 | I7: 4-100-00 | K7: Затраты труда машинистов | L7: 1191 | N7: 1013 | O7: чел.-ч. | P7: чел.-ч. | Q7: 1 | W7: 0 | X7: -1417349443 | Y7: =AT7 -> 8.06 | AA7: 0 | AB7: 0 | AC7: 0 | AD7: 0 | AE7: 0 | AF7: 0 | AG7: 0 | AH7: 0 | AI7: 1 | AJ7: 1 | AK7: 1 | AL7: 1 | AM7: -2 | AN7: 0 | AO7: 0 | AP7: 1 | AQ7: 1 | AR7: 0 | AT7: 8.06 | AV7: 2 | AW7: 2 | AX7: 74016007 | AY7: 1 | AZ7: 0 | BA7: 8 | BB7: 1 | BC7: 0 | BD7: 0 | BE7: 0 | BF7: 0 | BG7: 0 | BH7: 0 | BI7: 0 | BJ7: 0 | BK7: 0 | BL7: 0 | BM7: 0 | BN7: 0 | BO7: 0 | BP7: 0 | BQ7: 0 | BR7: 0 | BS7: 0 | BT7: 0 | BU7: 0 | BV7: 0 | BW7: 0 | CV7: 0 | CW7: 0 | CX7: =ROUND(Y7*Source!I32,7) -> 0.93496 | CY7: =AD7 -> 0 | CZ7: =AH7 -> 0 | DA7: =AL7 -> 1 | DB7: =ROUND(ROUND(AT7*CZ7,2),6) -> 0 | DC7: =ROUND(ROUND(AT7*AG7,2),6) -> 0 | DF7: =ROUND(ROUND(AE7,2)*CX7,2) -> 0 | DG7: =ROUND(ROUND(AF7,2)*CX7,2) -> 0 | DH7: =ROUND(ROUND(AG7,2)*CX7,2) -> 0 | DI7: =ROUND(ROUND(AH7,2)*CX7,2) -> 0 | DJ7: =DI7 -> 0 | DK7: 0 | DM7: 0 | DO7: 0
A8: =ROW(Source!A32) -> 32 | B8: 74014550 | C8: 74016004 | D8: 68782715 | E8: 1 | F8: 1 | G8: 1 | H8: 2 | I8: 91.01.01-034 | J8: ФСЭМ-2022, 91.01.01-034, приказ Минстроя России от 18.05.2022 г. № 378/пр | K8: Бульдозеры, мощность 59 кВт (80 л.с.) | L8: 1368 | N8: 1011 | O8: маш.-ч | P8: маш.-ч | Q8: 1 | W8: 0 | X8: 1445775709 | Y8: =AT8 -> 8.06 | AA8: 0 | AB8: 1167.71 | AC8: 459.98 | AD8: 0 | AE8: 0 | AF8: 828.16 | AG8: 459.98 | AH8: 0 | AI8: 1 | AJ8: 1.41 | AK8: 1 | AL8: 1 | AM8: 2 | AN8: 0 | AO8: 0 | AP8: 1 | AQ8: 1 | AR8: 0 | AT8: 8.06 | AV8: 1 | AW8: 2 | AX8: 74016008 | AY8: 2 | AZ8: 65536 | BA8: 9 | BB8: 1 | BC8: 0 | BD8: 0 | BE8: 0 | BF8: 0 | BG8: 0 | BH8: 0 | BI8: 0 | BJ8: 0 | BK8: 6674.9696 | BL8: 3707.4388 | BM8: 0 | BN8: 0 | BO8: 8.06 | BP8: 1 | BQ8: 0 | BR8: 6674.9696 | BS8: 3707.4388 | BT8: 0 | BU8: 0 | BV8: 8.06 | BW8: 1 | CV8: 0 | CW8: =ROUND(Y8*Source!I32*DO8,7) -> 0.93496 | CX8: =ROUND(Y8*Source!I32,7) -> 0.93496 | CY8: =AB8 -> 1167.71 | CZ8: =AF8 -> 828.16 | DA8: =AJ8 -> 1.41 | DB8: =ROUND(ROUND(AT8*CZ8,2),6) -> 6674.97 | DC8: =ROUND(ROUND(AT8*AG8,2),6) -> 3707.44 | DF8: =ROUND(ROUND(AE8,2)*CX8,2) -> 0 | DG8: =ROUND(ROUND(AF8*AJ8,2)*CX8,2) -> 1091.76 | DH8: =ROUND(ROUND(AG8,2)*CX8,2) -> 430.06 | DI8: =ROUND(ROUND(AH8,2)*CX8,2) -> 0 | DJ8: =DG8+DH8 -> 1521.82 | DK8: 0 | DL8: 4-100-050 | DM8: 5 | DN8: чел.-ч. | DO8: 1
A9: =ROW(Source!A33) -> 33 | B9: 74014550 | C9: 74016009 | D9: 20055744 | E9: 117 | F9: 1 | G9: 1 | H9: 1 | I9: 1-100-15 | K9: Средний разряд работы 1,5 | L9: 1191 | N9: 1013 | O9: чел.-ч. | P9: чел.-ч. | Q9: 1 | W9: 0 | X9: -267883188 | Y9: =AT9 -> 97.2 | AA9: 0 | AB9: 0 | AC9: 0 | AD9: 312.13 | AE9: 0 | AF9: 0 | AG9: 0 | AH9: 312.13 | AI9: 1 | AJ9: 1 | AK9: 1 | AL9: 1 | AM9: -2 | AN9: 0 | AO9: 0 | AP9: 1 | AQ9: 1 | AR9: 0 | AT9: 97.2 | AV9: 1 | AW9: 2 | AX9: 74016011 | AY9: 2 | AZ9: 131072 | BA9: 10 | BB9: 1 | BC9: 0 | BD9: 0 | BE9: 0 | BF9: 0 | BG9: 0 | BH9: 0 | BI9: 0 | BJ9: 0 | BK9: 0 | BL9: 0 | BM9: 30339.036 | BN9: 97.2 | BO9: 0 | BP9: 1 | BQ9: 0 | BR9: 0 | BS9: 0 | BT9: 30339.036 | BU9: 97.2 | BV9: 0 | BW9: 1 | CU9: =ROUND(AT9*Source!I33*AH9*AL9,2) -> 3033.9 | CV9: =ROUND(Y9*Source!I33,7) -> 9.72 | CW9: 0 | CX9: =ROUND(Y9*Source!I33,7) -> 9.72 | CY9: =AD9 -> 312.13 | CZ9: =AH9 -> 312.13 | DA9: =AL9 -> 1 | DB9: =ROUND(ROUND(AT9*CZ9,2),6) -> 30339.04 | DC9: =ROUND(ROUND(AT9*AG9,2),6) -> 0 | DF9: =ROUND(ROUND(AE9,2)*CX9,2) -> 0 | DG9: =ROUND(ROUND(AF9,2)*CX9,2) -> 0 | DH9: =ROUND(ROUND(AG9,2)*CX9,2) -> 0 | DI9: =ROUND(ROUND(AH9,2)*CX9,2) -> 3033.9 | DJ9: =DI9 -> 3033.9 | DK9: 1 | DM9: 0 | DO9: 0
A10: =ROW(Source!A69) -> 69 | B10: 74014550 | C10: 74016070 | D10: 72518640 | E10: 119 | F10: 1 | G10: 1 | H10: 1 | I10: 1-100-34 | K10: Средний разряд работы 3,4 | L10: 1191 | N10: 1013 | O10: чел.-ч. | P10: чел.-ч. | Q10: 1 | W10: 0 | X10: -1461236815 | Y10: =AT10 -> 20.51 | AA10: 0 | AB10: 0 | AC10: 0 | AD10: 373.36 | AE10: 0 | AF10: 0 | AG10: 0 | AH10: 373.36 | AI10: 1 | AJ10: 1 | AK10: 1 | AL10: 1 | AM10: -2 | AN10: 0 | AO10: 0 | AP10: 1 | AQ10: 1 | AR10: 0 | AT10: 20.51 | AV10: 1 | AW10: 2 | AX10: 74016773 | AY10: 1 | AZ10: 0 | BA10: 11 | BB10: 1 | BC10: 0 | BD10: 0 | BE10: 0 | BF10: 0 | BG10: 0 | BH10: 0 | BI10: 0 | BJ10: 0 | BK10: 0 | BL10: 0 | BM10: 7657.6136 | BN10: 20.51 | BO10: 0 | BP10: 1 | BQ10: 0 | BR10: 0 | BS10: 0 | BT10: 7657.6136 | BU10: 20.51 | BV10: 0 | BW10: 1 | CU10: =ROUND(AT10*Source!I69*AH10*AL10,2) -> 153.15 | CV10: =ROUND(Y10*Source!I69,7) -> 0.4102 | CW10: 0 | CX10: =ROUND(Y10*Source!I69,7) -> 0.4102 | CY10: =AD10 -> 373.36 | CZ10: =AH10 -> 373.36 | DA10: =AL10 -> 1 | DB10: =ROUND(ROUND(AT10*CZ10,2),6) -> 7657.61 | DC10: =ROUND(ROUND(AT10*AG10,2),6) -> 0 | DF10: =ROUND(ROUND(AE10,2)*CX10,2) -> 0 | DG10: =ROUND(ROUND(AF10,2)*CX10,2) -> 0 | DH10: =ROUND(ROUND(AG10,2)*CX10,2) -> 0 | DI10: =ROUND(ROUND(AH10,2)*CX10,2) -> 153.15 | DJ10: =DI10 -> 153.15 | DK10: 1 | DM10: 0 | DO10: 0
A11: =ROW(Source!A69) -> 69 | B11: 74014550 | C11: 74016070 | D11: 72518826 | E11: 119 | F11: 1 | G11: 1 | H11: 1 | I11: 4-100-00 | K11: Затраты труда машинистов | L11: 1191 | N11: 1013 | O11: чел.-ч. | P11: чел.-ч. | Q11: 1 | W11: 0 | X11: -1417349443 | Y11: =AT11 -> 11.96 | AA11: 0 | AB11: 0 | AC11: 0 | AD11: 0 | AE11: 0 | AF11: 0 | AG11: 0 | AH11: 0 | AI11: 1 | AJ11: 1 | AK11: 1 | AL11: 1 | AM11: -2 | AN11: 0 | AO11: 0 | AP11: 1 | AQ11: 1 | AR11: 0 | AT11: 11.96 | AV11: 2 | AW11: 2 | AX11: 74016774 | AY11: 1 | AZ11: 0 | BA11: 12 | BB11: 1 | BC11: 0 | BD11: 0 | BE11: 0 | BF11: 0 | BG11: 0 | BH11: 0 | BI11: 0 | BJ11: 0 | BK11: 0 | BL11: 0 | BM11: 0 | BN11: 0 | BO11: 0 | BP11: 0 | BQ11: 0 | BR11: 0 | BS11: 0 | BT11: 0 | BU11: 0 | BV11: 0 | BW11: 0 | CV11: 0 | CW11: 0 | CX11: =ROUND(Y11*Source!I69,7) -> 0.2392 | CY11: =AD11 -> 0 | CZ11: =AH11 -> 0 | DA11: =AL11 -> 1 | DB11: =ROUND(ROUND(AT11*CZ11,2),6) -> 0 | DC11: =ROUND(ROUND(AT11*AG11,2),6) -> 0 | DF11: =ROUND(ROUND(AE11,2)*CX11,2) -> 0 | DG11: =ROUND(ROUND(AF11,2)*CX11,2) -> 0 | DH11: =ROUND(ROUND(AG11,2)*CX11,2) -> 0 | DI11: =ROUND(ROUND(AH11,2)*CX11,2) -> 0 | DJ11: =DI11 -> 0 | DK11: 0 | DM11: 0 | DO11: 0
A12: =ROW(Source!A69) -> 69 | B12: 74014550 | C12: 74016070 | D12: 72646682 | E12: 1 | F12: 1 | G12: 1 | H12: 2 | I12: 91.10.05-004 | J12: ФСЭМ-2022, 91.10.05-004, приказ Минстроя России от 18.05.2022 г. № 378/пр | K12: Трубоукладчики, номинальная грузоподъемность 6,3 т | L12: 1368 | N12: 1011 | O12: маш.-ч | P12: маш.-ч | Q12: 1 | W12: 0 | X12: -733090258 | Y12: =AT12 -> 11.44 | AA12: 0 | AB12: 1172.93 | AC12: 459.98 | AD12: 0 | AE12: 0 | AF12: 994.01 | AG12: 459.98 | AH12: 0 | AI12: 1 | AJ12: 1.18 | AK12: 1 | AL12: 1 | AM12: 2 | AN12: 0 | AO12: 0 | AP12: 1 | AQ12: 1 | AR12: 0 | AT12: 11.44 | AV12: 1 | AW12: 2 | AX12: 74016775 | AY12: 1 | AZ12: 0 | BA12: 13 | BB12: 1 | BC12: 0 | BD12: 0 | BE12: 0 | BF12: 0 | BG12: 0 | BH12: 0 | BI12: 0 | BJ12: 0 | BK12: 11371.474 | BL12: 5262.1712 | BM12: 0 | BN12: 0 | BO12: 11.44 | BP12: 1 | BQ12: 0 | BR12: 11371.474 | BS12: 5262.1712 | BT12: 0 | BU12: 0 | BV12: 11.44 | BW12: 1 | CV12: 0 | CW12: =ROUND(Y12*Source!I69*DO12,7) -> 0.2288 | CX12: =ROUND(Y12*Source!I69,7) -> 0.2288 | CY12: =AB12 -> 1172.93 | CZ12: =AF12 -> 994.01 | DA12: =AJ12 -> 1.18 | DB12: =ROUND(ROUND(AT12*CZ12,2),6) -> 11371.47 | DC12: =ROUND(ROUND(AT12*AG12,2),6) -> 5262.17 | DF12: =ROUND(ROUND(AE12,2)*CX12,2) -> 0 | DG12: =ROUND(ROUND(AF12*AJ12,2)*CX12,2) -> 268.37 | DH12: =ROUND(ROUND(AG12,2)*CX12,2) -> 105.24 | DI12: =ROUND(ROUND(AH12,2)*CX12,2) -> 0 | DJ12: =DG12+DH12 -> 373.61 | DK12: 0 | DL12: 4-100-050 | DM12: 5 | DN12: чел.-ч. | DO12: 1
A13: =ROW(Source!A69) -> 69 | B13: 74014550 | C13: 74016070 | D13: 72647129 | E13: 1 | F13: 1 | G13: 1 | H13: 2 | I13: 91.17.04-233 | J13: ФСЭМ-2022, 91.17.04-233, приказ Минстроя России от 18.05.2022 г. № 378/пр | K13: Аппараты сварочные для ручной дуговой сварки, сварочный ток до 350 А | L13: 1368 | N13: 1011 | O13: маш.-ч | P13: маш.-ч | Q13: 1 | W13: 0 | X13: 1678177714 | Y13: =AT13 -> 2.07 | AA13: 0 | AB13: 43.87 | AC13: 0 | AD13: 0 | AE13: 0 | AF13: 43.87 | AG13: 0 | AH13: 0 | AI13: 1 | AJ13: 1 | AK13: 1 | AL13: 1 | AM13: -2 | AN13: 0 | AO13: 0 | AP13: 1 | AQ13: 1 | AR13: 0 | AT13: 2.07 | AV13: 1 | AW13: 2 | AX13: 74016776 | AY13: 1 | AZ13: 0 | BA13: 14 | BB13: 1 | BC13: 0 | BD13: 0 | BE13: 0 | BF13: 0 | BG13: 0 | BH13: 0 | BI13: 0 | BJ13: 0 | BK13: 90.8109 | BL13: 0 | BM13: 0 | BN13: 0 | BO13: 0 | BP13: 1 | BQ13: 0 | BR13: 90.8109 | BS13: 0 | BT13: 0 | BU13: 0 | BV13: 0 | BW13: 1 | CV13: 0 | CW13: =ROUND(Y13*Source!I69*DO13,7) -> 0 | CX13: =ROUND(Y13*Source!I69,7) -> 0.0414 | CY13: =AB13 -> 43.87 | CZ13: =AF13 -> 43.87 | DA13: =AJ13 -> 1 | DB13: =ROUND(ROUND(AT13*CZ13,2),6) -> 90.81 | DC13: =ROUND(ROUND(AT13*AG13,2),6) -> 0 | DF13: =ROUND(ROUND(AE13,2)*CX13,2) -> 0 | DG13: =ROUND(ROUND(AF13,2)*CX13,2) -> 1.82 | DH13: =ROUND(ROUND(AG13,2)*CX13,2) -> 0 | DI13: =ROUND(ROUND(AH13,2)*CX13,2) -> 0 | DJ13: =DG13+DH13 -> 1.82 | DK13: 1 | DM13: 0 | DO13: 0
A14: =ROW(Source!A69) -> 69 | B14: 74014550 | C14: 74016070 | D14: 72647141 | E14: 1 | F14: 1 | G14: 1 | H14: 2 | I14: 91.18.01-007 | J14: ФСЭМ-2022 доп.13, 91.18.01-007, приказ Минстроя России от 07.02.2025 г. № 69/пр | K14: Компрессоры винтовые передвижные с двигателем внутреннего сгорания, давление до 0,7 МПа (7 атм), производительность до 5,4 м3/мин | L14: 1368 | N14: 1011 | O14: маш.-ч | P14: маш.-ч | Q14: 1 | W14: 0 | X14: -2130331961 | Y14: =AT14 -> 0.52 | AA14: 0 | AB14: 417.12 | AC14: 400.24 | AD14: 0 | AE14: 0 | AF14: 417.12 | AG14: 400.24 | AH14: 0 | AI14: 1 | AJ14: 1 | AK14: 1 | AL14: 1 | AM14: -2 | AN14: 0 | AO14: 0 | AP14: 1 | AQ14: 1 | AR14: 0 | AT14: 0.52 | AV14: 1 | AW14: 2 | AX14: 74016777 | AY14: 1 | AZ14: 0 | BA14: 15 | BB14: 1 | BC14: 0 | BD14: 0 | BE14: 0 | BF14: 0 | BG14: 0 | BH14: 0 | BI14: 0 | BJ14: 0 | BK14: 216.9024 | BL14: 208.1248 | BM14: 0 | BN14: 0 | BO14: 0.52 | BP14: 1 | BQ14: 0 | BR14: 216.9024 | BS14: 208.1248 | BT14: 0 | BU14: 0 | BV14: 0.52 | BW14: 1 | CV14: 0 | CW14: =ROUND(Y14*Source!I69*DO14,7) -> 0.0104 | CX14: =ROUND(Y14*Source!I69,7) -> 0.0104 | CY14: =AB14 -> 417.12 | CZ14: =AF14 -> 417.12 | DA14: =AJ14 -> 1 | DB14: =ROUND(ROUND(AT14*CZ14,2),6) -> 216.9 | DC14: =ROUND(ROUND(AT14*AG14,2),6) -> 208.12 | DF14: =ROUND(ROUND(AE14,2)*CX14,2) -> 0 | DG14: =ROUND(ROUND(AF14,2)*CX14,2) -> 4.34 | DH14: =ROUND(ROUND(AG14,2)*CX14,2) -> 4.16 | DI14: =ROUND(ROUND(AH14,2)*CX14,2) -> 0 | DJ14: =DG14+DH14 -> 8.5 | DK14: 1 | DL14: 4-100-040 | DM14: 4 | DN14: чел.-ч. | DO14: 1
A15: =ROW(Source!A69) -> 69 | B15: 74014550 | C15: 74016070 | D15: 72647493 | E15: 1 | F15: 1 | G15: 1 | H15: 2 | I15: 91.21.01-012 | J15: ФСЭМ-2022 доп.11, 91.21.01-012, приказ Минстроя России от 09.08.2024 г. № 524/пр | K15: Агрегаты окрасочные высокого давления для окраски поверхностей конструкций, мощность 1 кВт | L15: 1368 | N15: 1011 | O15: маш.-ч | P15: маш.-ч | Q15: 1 | W15: 0 | X15: 571220797 | Y15: =AT15 -> 0.52 | AA15: 0 | AB15: 6.69 | AC15: 0 | AD15: 0 | AE15: 0 | AF15: 4.52 | AG15: 0 | AH15: 0 | AI15: 1 | AJ15: 1.48 | AK15: 1 | AL15: 1 | AM15: 2 | AN15: 0 | AO15: 0 | AP15: 1 | AQ15: 1 | AR15: 0 | AT15: 0.52 | AV15: 1 | AW15: 2 | AX15: 74016778 | AY15: 1 | AZ15: 0 | BA15: 16 | BB15: 1 | BC15: 0 | BD15: 0 | BE15: 0 | BF15: 0 | BG15: 0 | BH15: 0 | BI15: 0 | BJ15: 0 | BK15: 2.3504 | BL15: 0 | BM15: 0 | BN15: 0 | BO15: 0 | BP15: 1 | BQ15: 0 | BR15: 2.3504 | BS15: 0 | BT15: 0 | BU15: 0 | BV15: 0 | BW15: 1 | CV15: 0 | CW15: =ROUND(Y15*Source!I69*DO15,7) -> 0 | CX15: =ROUND(Y15*Source!I69,7) -> 0.0104 | CY15: =AB15 -> 6.69 | CZ15: =AF15 -> 4.52 | DA15: =AJ15 -> 1.48 | DB15: =ROUND(ROUND(AT15*CZ15,2),6) -> 2.35 | DC15: =ROUND(ROUND(AT15*AG15,2),6) -> 0 | DF15: =ROUND(ROUND(AE15,2)*CX15,2) -> 0 | DG15: =ROUND(ROUND(AF15*AJ15,2)*CX15,2) -> 0.07 | DH15: =ROUND(ROUND(AG15,2)*CX15,2) -> 0 | DI15: =ROUND(ROUND(AH15,2)*CX15,2) -> 0 | DJ15: =DG15+DH15 -> 0.07 | DK15: 0 | DM15: 0 | DO15: 0
A16: =ROW(Source!A69) -> 69 | B16: 74014550 | C16: 74016070 | D16: 72591353 | E16: 1 | F16: 1 | G16: 1 | H16: 3 | I16: 01.7.03.04-0001 | J16: ФСБЦ-2022, 01.7.03.04-0001, приказ Минстроя России от 18.05.2022 г. № 378/пр | K16: Электроэнергия | L16: 1383 | N16: 1013 | O16: КВТ-Ч | P16: КВТ-Ч | Q16: 1 | W16: 0 | X16: 86017057 | Y16: =AT16 -> 1.386 | AA16: 9.55 | AB16: 0 | AC16: 0 | AD16: 0 | AE16: 9.55 | AF16: 0 | AG16: 0 | AH16: 0 | AI16: 1 | AJ16: 1 | AK16: 1 | AL16: 1 | AM16: -2 | AN16: 0 | AO16: 0 | AP16: 1 | AQ16: 1 | AR16: 0 | AT16: 1.386 | AV16: 0 | AW16: 2 | AX16: 74016779 | AY16: 1 | AZ16: 0 | BA16: 17 | BB16: 1 | BC16: 0 | BD16: 0 | BE16: 0 | BF16: 0 | BG16: 0 | BH16: 0 | BI16: 0 | BJ16: 13.2363 | BK16: 0 | BL16: 0 | BM16: 0 | BN16: 0 | BO16: 0 | BP16: 1 | BQ16: 13.2363 | BR16: 0 | BS16: 0 | BT16: 0 | BU16: 0 | BV16: 0 | BW16: 1 | CV16: 0 | CW16: 0 | CX16: =ROUND(Y16*Source!I69,7) -> 0.02772 | CY16: =AA16 -> 9.55 | CZ16: =AE16 -> 9.55 | DA16: =AI16 -> 1 | DB16: =ROUND(ROUND(AT16*CZ16,2),6) -> 13.24 | DC16: =ROUND(ROUND(AT16*AG16,2),6) -> 0 | DF16: =ROUND(ROUND(AE16,2)*CX16,2) -> 0.26 | DG16: =ROUND(ROUND(AF16,2)*CX16,2) -> 0 | DH16: =ROUND(ROUND(AG16,2)*CX16,2) -> 0 | DI16: =ROUND(ROUND(AH16,2)*CX16,2) -> 0 | DJ16: =DF16 -> 0.26 | DK16: 1 | DM16: 0 | DO16: 0
A17: =ROW(Source!A69) -> 69 | B17: 74014550 | C17: 74016070 | D17: 72592092 | E17: 1 | F17: 1 | G17: 1 | H17: 3 | I17: 01.7.11.07-0227 | J17: ФСБЦ-2022, 01.7.11.07-0227, приказ Минстроя России от 18.05.2022 г. № 378/пр | K17: Электроды сварочные для сварки низколегированных и углеродистых сталей УОНИ 13/45, Э42А, диаметр 4-5 мм | L17: 1346 | N17: 1009 | O17: кг | P17: кг | Q17: 1 | W17: 0 | X17: 743240341 | Y17: =AT17 -> 0.7 | AA17: 131.85 | AB17: 0 | AC17: 0 | AD17: 0 | AE17: 131.85 | AF17: 0 | AG17: 0 | AH17: 0 | AI17: 1 | AJ17: 1 | AK17: 1 | AL17: 1 | AM17: -2 | AN17: 0 | AO17: 0 | AP17: 1 | AQ17: 1 | AR17: 0 | AT17: 0.7 | AV17: 0 | AW17: 2 | AX17: 74016780 | AY17: 1 | AZ17: 0 | BA17: 18 | BB17: 1 | BC17: 0 | BD17: 0 | BE17: 0 | BF17: 0 | BG17: 0 | BH17: 0 | BI17: 0 | BJ17: 92.295 | BK17: 0 | BL17: 0 | BM17: 0 | BN17: 0 | BO17: 0 | BP17: 1 | BQ17: 92.295 | BR17: 0 | BS17: 0 | BT17: 0 | BU17: 0 | BV17: 0 | BW17: 1 | CV17: 0 | CW17: 0 | CX17: =ROUND(Y17*Source!I69,7) -> 0.014 | CY17: =AA17 -> 131.85 | CZ17: =AE17 -> 131.85 | DA17: =AI17 -> 1 | DB17: =ROUND(ROUND(AT17*CZ17,2),6) -> 92.3 | DC17: =ROUND(ROUND(AT17*AG17,2),6) -> 0 | DF17: =ROUND(ROUND(AE17,2)*CX17,2) -> 1.85 | DG17: =ROUND(ROUND(AF17,2)*CX17,2) -> 0 | DH17: =ROUND(ROUND(AG17,2)*CX17,2) -> 0 | DI17: =ROUND(ROUND(AH17,2)*CX17,2) -> 0 | DJ17: =DF17 -> 1.85 | DK17: 1 | DM17: 0 | DO17: 0
A18: =ROW(Source!A69) -> 69 | B18: 74014550 | C18: 74016070 | D18: 72592880 | E18: 1 | F18: 1 | G18: 1 | H18: 3 | I18: 01.7.15.05-0012 | J18: ФСБЦ-2022, 01.7.15.05-0012, приказ Минстроя России от 18.05.2022 г. № 378/пр | K18: Гайки стальные шестигранные, диаметр резьбы М8 (М10) | L18: 1348 | N18: 1009 | O18: т | P18: т | Q18: 1000 | W18: 0 | X18: -338788761 | Y18: =AT18 -> 0.0004 | AA18: 122599.58 | AB18: 0 | AC18: 0 | AD18: 0 | AE18: 108495.2 | AF18: 0 | AG18: 0 | AH18: 0 | AI18: 1.13 | AJ18: 1 | AK18: 1 | AL18: 1 | AM18: 2 | AN18: 0 | AO18: 0 | AP18: 1 | AQ18: 1 | AR18: 0 | AT18: 0.0004 | AV18: 0 | AW18: 2 | AX18: 74016781 | AY18: 1 | AZ18: 0 | BA18: 19 | BB18: 1 | BC18: 0 | BD18: 0 | BE18: 0 | BF18: 0 | BG18: 0 | BH18: 0 | BI18: 0 | BJ18: 43.39808 | BK18: 0 | BL18: 0 | BM18: 0 | BN18: 0 | BO18: 0 | BP18: 1 | BQ18: 43.39808 | BR18: 0 | BS18: 0 | BT18: 0 | BU18: 0 | BV18: 0 | BW18: 1 | CV18: 0 | CW18: 0 | CX18: =ROUND(Y18*Source!I69,7) -> 8e-06 | CY18: =AA18 -> 122599.58 | CZ18: =AE18 -> 108495.2 | DA18: =AI18 -> 1.13 | DB18: =ROUND(ROUND(AT18*CZ18,2),6) -> 43.4 | DC18: =ROUND(ROUND(AT18*AG18,2),6) -> 0 | DF18: =ROUND(ROUND(AE18*AI18,2)*CX18,2) -> 0.98 | DG18: =ROUND(ROUND(AF18,2)*CX18,2) -> 0 | DH18: =ROUND(ROUND(AG18,2)*CX18,2) -> 0 | DI18: =ROUND(ROUND(AH18,2)*CX18,2) -> 0 | DJ18: =DF18 -> 0.98 | DK18: 0 | DM18: 0 | DO18: 0
A19: =ROW(Source!A69) -> 69 | B19: 74014550 | C19: 74016070 | D19: 72598246 | E19: 1 | F19: 1 | G19: 1 | H19: 3 | I19: 07.2.07.13-0221 | J19: ФСБЦ-2022, 07.2.07.13-0221, приказ Минстроя России от 18.05.2022 г. № 378/пр | K19: Хомуты стальные | L19: 1346 | N19: 1009 | O19: кг | P19: кг | Q19: 1 | W19: 0 | X19: -225116568 | Y19: =AT19 -> 1 | AA19: 63.71 | AB19: 0 | AC19: 0 | AD19: 0 | AE19: 44.55 | AF19: 0 | AG19: 0 | AH19: 0 | AI19: 1.43 | AJ19: 1 | AK19: 1 | AL19: 1 | AM19: 2 | AN19: 0 | AO19: 0 | AP19: 1 | AQ19: 1 | AR19: 0 | AT19: 1 | AV19: 0 | AW19: 2 | AX19: 74016782 | AY19: 1 | AZ19: 0 | BA19: 20 | BB19: 1 | BC19: 0 | BD19: 0 | BE19: 0 | BF19: 0 | BG19: 0 | BH19: 0 | BI19: 0 | BJ19: 44.55 | BK19: 0 | BL19: 0 | BM19: 0 | BN19: 0 | BO19: 0 | BP19: 1 | BQ19: 44.55 | BR19: 0 | BS19: 0 | BT19: 0 | BU19: 0 | BV19: 0 | BW19: 1 | CV19: 0 | CW19: 0 | CX19: =ROUND(Y19*Source!I69,7) -> 0.02 | CY19: =AA19 -> 63.71 | CZ19: =AE19 -> 44.55 | DA19: =AI19 -> 1.43 | DB19: =ROUND(ROUND(AT19*CZ19,2),6) -> 44.55 | DC19: =ROUND(ROUND(AT19*AG19,2),6) -> 0 | DF19: =ROUND(ROUND(AE19*AI19,2)*CX19,2) -> 1.27 | DG19: =ROUND(ROUND(AF19,2)*CX19,2) -> 0 | DH19: =ROUND(ROUND(AG19,2)*CX19,2) -> 0 | DI19: =ROUND(ROUND(AH19,2)*CX19,2) -> 0 | DJ19: =DF19 -> 1.27 | DK19: 0 | DM19: 0 | DO19: 0
A20: =ROW(Source!A69) -> 69 | B20: 74014550 | C20: 74016070 | D20: 72610535 | E20: 1 | F20: 1 | G20: 1 | H20: 3 | I20: 14.4.01.18-0002 | J20: ФСБЦ-2022 доп.9, 14.4.01.18-0002, приказ Минстроя России от 16.02.2024 г. № 102/пр | K20: Грунтовка ФЛ-03К | L20: 1348 | N20: 1009 | O20: т | P20: т | Q20: 1000 | W20: 0 | X20: 2036013562 | Y20: =AT20 -> 0.0014 | AA20: 104956.62 | AB20: 0 | AC20: 0 | AD20: 0 | AE20: 74437.32 | AF20: 0 | AG20: 0 | AH20: 0 | AI20: 1.41 | AJ20: 1 | AK20: 1 | AL20: 1 | AM20: 2 | AN20: 0 | AO20: 0 | AP20: 1 | AQ20: 1 | AR20: 0 | AT20: 0.0014 | AV20: 0 | AW20: 2 | AX20: 74016783 | AY20: 1 | AZ20: 0 | BA20: 21 | BB20: 1 | BC20: 0 | BD20: 0 | BE20: 0 | BF20: 0 | BG20: 0 | BH20: 0 | BI20: 0 | BJ20: 104.21225 | BK20: 0 | BL20: 0 | BM20: 0 | BN20: 0 | BO20: 0 | BP20: 1 | BQ20: 104.21225 | BR20: 0 | BS20: 0 | BT20: 0 | BU20: 0 | BV20: 0 | BW20: 1 | CV20: 0 | CW20: 0 | CX20: =ROUND(Y20*Source!I69,7) -> 2.8e-05 | CY20: =AA20 -> 104956.62 | CZ20: =AE20 -> 74437.32 | DA20: =AI20 -> 1.41 | DB20: =ROUND(ROUND(AT20*CZ20,2),6) -> 104.21 | DC20: =ROUND(ROUND(AT20*AG20,2),6) -> 0 | DF20: =ROUND(ROUND(AE20*AI20,2)*CX20,2) -> 2.94 | DG20: =ROUND(ROUND(AF20,2)*CX20,2) -> 0 | DH20: =ROUND(ROUND(AG20,2)*CX20,2) -> 0 | DI20: =ROUND(ROUND(AH20,2)*CX20,2) -> 0 | DJ20: =DF20 -> 2.94 | DK20: 0 | DM20: 0 | DO20: 0
